Workbook

Sheet Dashboard
A11: CRWD — Visual Summary
A13: Business, Returns & Capital Allocation
A15: Revenue & EBIT by Geography
A41: Revenue & Net Income by Segment
A68: Financial Performance (10-Year)
A70: Revenue & Operating Income
A96: Operating Margin Trend
A122: GAAP EPS
A148: Free Cash Flow vs. Net Income
A174: Debt & Leverage Trajectory
A201: Valuation
A203: Valuation Range by Method
A229: DCF Sensitivity (WACC × Terminal Growth)
A230: WACC \ TGR | B230: =Valuation!B$148 | C230: =Valuation!C$148 | D230: =Valuation!D$148 | E230: =Valuation!E$148 | F230: =Valuation!F$148 | G230: =Valuation!G$148 | H230: =Valuation!H$148
A231: =Valuation!$A$149 | B231: =Valuation!B$149 | C231: =Valuation!C$149 | D231: =Valuation!D$149 | E231: =Valuation!E$149 | F231: =Valuation!F$149 | G231: =Valuation!G$149 | H231: =Valuation!H$149
A232: =Valuation!$A$150 | B232: =Valuation!B$150 | C232: =Valuation!C$150 | D232: =Valuation!D$150 | E232: =Valuation!E$150 | F232: =Valuation!F$150 | G232: =Valuation!G$150 | H232: =Valuation!H$150
A233: =Valuation!$A$151 | B233: =Valuation!B$151 | C233: =Valuation!C$151 | D233: =Valuation!D$151 | E233: =Valuation!E$151 | F233: =Valuation!F$151 | G233: =Valuation!G$151 | H233: =Valuation!H$151
A234: =Valuation!$A$152 | B234: =Valuation!B$152 | C234: =Valuation!C$152 | D234: =Valuation!D$152 | E234: =Valuation!E$152 | F234: =Valuation!F$152 | G234: =Valuation!G$152 | H234: =Valuation!H$152
A235: =Valuation!$A$153 | B235: =Valuation!B$153 | C235: =Valuation!C$153 | D235: =Valuation!D$153 | E235: =Valuation!E$153 | F235: =Valuation!F$153 | G235: =Valuation!G$153 | H235: =Valuation!H$153
A236: =Valuation!$A$154 | B236: =Valuation!B$154 | C236: =Valuation!C$154 | D236: =Valuation!D$154 | E236: =Valuation!E$154 | F236: =Valuation!F$154 | G236: =Valuation!G$154 | H236: =Valuation!H$154
A237: =Valuation!$A$155 | B237: =Valuation!B$155 | C237: =Valuation!C$155 | D237: =Valuation!D$155 | E237: =Valuation!E$155 | F237: =Valuation!F$155 | G237: =Valuation!G$155 | H237: =Valuation!H$155
A238: =Valuation!$A$156 | B238: =Valuation!B$156 | C238: =Valuation!C$156 | D238: =Valuation!D$156 | E238: =Valuation!E$156 | F238: =Valuation!F$156 | G238: =Valuation!G$156 | H238: =Valuation!H$156
A239: =Valuation!$A$157 | B239: =Valuation!B$157 | C239: =Valuation!C$157 | D239: =Valuation!D$157 | E239: =Valuation!E$157 | F239: =Valuation!F$157 | G239: =Valuation!G$157 | H239: =Valuation!H$157
A245: Quarterly Trend
A247: Quarterly Revenue & Net Margin

Sheet Market
A1: Market Data
A2: Colour key: | B2: Company filing | D2: Online / market | F2: Computed | H2: Analyst input
A4: A — CURRENT MARKET METRICS
A5: Analysis Date | B5: 2026-08-11 | D5: Enter today's date — carried into the report header
A6: Data Source | B6: FRED (risk-free rate); Tiingo price history (beta); market data providers (price, shares) — each cross-checked against a second source. See Appendix A.1. | D6: e.g. "Yahoo Finance" | "Bloomberg" | "Broker platform"
A8: Current Stock Price | B8: 214.42
A9: 52-Week High | B9: 219.35
A10: 52-Week Low | B10: 85.68
A11: Shares Outstanding | B11: 1018.26
A13: Market Capitalization | B13: 218335.31
A14: Net Debt | B14: -4484.654
A15: Enterprise Value | B15: 213850.66
A17: EV / LTM EBITDA | B17: -18060.185
A18: P / LTM EPS (P/E) | B18: -1319.5077
A19: LTM FCF per Share | B19: 1.2386362
A20: FCF Yield | B20: 0.0057766821
A21: Dividend Yield
A23: B — COST OF CAPITAL (WACC INPUTS)
A24: Risk-Free Rate (10Y UST) | B24: 0.0469
A25: Equity Risk Premium (ERP) | B25: 0.0423
A26: Beta (Levered) | B26: 1.23 | C26: Market-input cost of capital: the APPROVED WACC is Valuation!B15 (11.39%) — this sheet's B37 is the market-input version and may differ (its Ke formula levers the company-specific premium by beta). The report discounts at Valuation!B15.
A27: Size Premium | B27: 0
A28: Company-Specific Risk Premium | B28: 0.015
A29: Cost of Equity (Ke) | B29: =B24+B26*B25+B27+B28
A31: Pre-Tax Cost of Debt (Kd) | B31: 0.0376
A32: Marginal Tax Rate | B32: 0.21
A33: After-Tax Cost of Debt | B33: =B31*(1-B32)
A35: Debt / Total Capital (market weights) | B35: 0
A36: Equity / Total Capital | B36: =1-B35
A37: WACC | B37: =B29*B36+B33*B35
A39: C — HISTORICAL SHARE PRICES (fiscal year-end)
A40: Fiscal Year | B40: 2016 | C40: 2017 | D40: 2018 | E40: 2019 | F40: 2020 | G40: 2021 | H40: 2022 | I40: 2023 | J40: 2024 | K40: 2025 | L40: 2026
A41: End-of-Year Price ($) | F41: 61.09 | G41: 215.8 | H41: 180.64 | I41: 105.9 | J41: 292.5 | K41: 398.07 | L41: 441.4
A42: Source: Yahoo Finance (historical prices) → select fiscal year-end closing price
A44: D — PEER VALUATION MULTIPLES (market-sourced)
A45: Metric
A46: EV / EBITDA (×)
A47: P / E (×)
A48: FCF Yield (%)
A50: Beta (Unlevered / Asset) | B50: =IFERROR(B26/(1+(1-B32)*(B35/B36)),"-")

Sheet Data
A2: Colour key:
A3: Ticker | B3: CRWD
A4: Company Name | B4: CrowdStrike Holdings, Inc.
A5: Sector / Industry | B5: Technology / Cybersecurity
A6: Fiscal Year End | B6: January 31 | M6: 1.23
A7: Currency | B7: USD
A8: Current Share Price | B8: 214.42 | M8: 218335
A9: Report Date | B9: 2026-08-11
A10: Source (10-K filing date)
A12: INCOME STATEMENT ($M)
B13: 2016 | C13: 2017 | D13: 2018 | E13: 2019 | F13: 2020 | G13: 2021 | H13: 2022 | I13: 2023 | J13: 2024 | K13: 2025 | L13: 2026 | N13: Year -2 Q1 | O13: Year -2 Q2 | P13: Year -2 Q3 | Q13: Year -2 Q4 | R13: Year -1 Q1 | S13: Year -1 Q2 | T13: Year -1 Q3 | U13: Year -1 Q4 | V13: Current Year Q1 | W13: Current Year Q2 | X13: Current Year Q3 | Y13: Current Year Q4
A14: Revenue | D14: 118.752 | E14: 249.824 | F14: 481.413 | G14: 874.438 | H14: 1451.594 | I14: 2241.236 | J14: 3055.555 | K14: 3953.624 | L14: 4812.005 | M14: CRWD 10k 2026.pdf | p.83 | Consolidated Statements of Operations | Total revenue | as-printed: 4,812,005 | N14: 921.036 | O14: 963.872 | P14: 1010.178 | Q14: 1058.538 | R14: 1103.434 | S14: 1168.952 | T14: 1234.244 | U14: 1305.375 | V14: 1385.629
A15: Cost of Goods Sold | D15: 54.486 | E15: 87.238 | F15: 141.627 | G15: 229.545 | H15: 383.221 | I15: 601.231 | J15: 755.723 | K15: 991.481 | L15: 1218.929 | M15: CRWD 10k 2026.pdf | p.83 | Consolidated Statements of Operations | Total cost of revenue | as-printed: 1,218,929 | N15: 225.003 | O15: 237.401 | P15: 255.087 | Q15: 273.99 | R15: 289.143 | S15: 310.283 | T15: 307.805 | U15: 311.698 | V15: 342.277
A16: Gross Profit | C16: =IFERROR(IF(OR(NOT(ISNUMBER(Data!C14)),NOT(ISNUMBER(Data!C15))),"-",Data!C14-Data!C15),"-") | D16: =IFERROR(IF(OR(NOT(ISNUMBER(Data!D14)),NOT(ISNUMBER(Data!D15))),"-",Data!D14-Data!D15),"-") | E16: =IFERROR(IF(OR(NOT(ISNUMBER(Data!E14)),NOT(ISNUMBER(Data!E15))),"-",Data!E14-Data!E15),"-") | F16: =IFERROR(IF(OR(NOT(ISNUMBER(Data!F14)),NOT(ISNUMBER(Data!F15))),"-",Data!F14-Data!F15),"-") | G16: =IFERROR(IF(OR(NOT(ISNUMBER(Data!G14)),NOT(ISNUMBER(Data!G15))),"-",Data!G14-Data!G15),"-") | H16: =IFERROR(IF(OR(NOT(ISNUMBER(Data!H14)),NOT(ISNUMBER(Data!H15))),"-",Data!H14-Data!H15),"-") | I16: =IFERROR(IF(OR(NOT(ISNUMBER(Data!I14)),NOT(ISNUMBER(Data!I15))),"-",Data!I14-Data!I15),"-") | J16: =IFERROR(IF(OR(NOT(ISNUMBER(Data!J14)),NOT(ISNUMBER(Data!J15))),"-",Data!J14-Data!J15),"-") | ... L16: =IFERROR(IF(OR(NOT(ISNUMBER(Data!L14)),NOT(ISNUMBER(Data!L15))),"-",Data!L14-Data!L15),"-") | N16: =IFERROR(IF(OR(NOT(ISNUMBER(Data!N14)),NOT(ISNUMBER(Data!N15))),"-",Data!N14-Data!N15),"-") | O16: =IFERROR(IF(OR(NOT(ISNUMBER(Data!O14)),NOT(ISNUMBER(Data!O15))),"-",Data!O14-Data!O15),"-") | P16: =IFERROR(IF(OR(NOT(ISNUMBER(Data!P14)),NOT(ISNUMBER(Data!P15))),"-",Data!P14-Data!P15),"-") | Q16: =IFERROR(IF(OR(NOT(ISNUMBER(Data!Q14)),NOT(ISNUMBER(Data!Q15))),"-",Data!Q14-Data!Q15),"-") | R16: =IFERROR(IF(OR(NOT(ISNUMBER(Data!R14)),NOT(ISNUMBER(Data!R15))),"-",Data!R14-Data!R15),"-") | S16: =IFERROR(IF(OR(NOT(ISNUMBER(Data!S14)),NOT(ISNUMBER(Data!S15))),"-",Data!S14-Data!S15),"-") | T16: =IFERROR(IF(OR(NOT(ISNUMBER(Data!T14)),NOT(ISNUMBER(Data!T15))),"-",Data!T14-Data!T15),"-") | U16: =IFERROR(IF(OR(NOT(ISNUMBER(Data!U14)),NOT(ISNUMBER(Data!U15))),"-",Data!U14-Data!U15),"-") | ... Y16: =IFERROR(IF(OR(NOT(ISNUMBER(Data!Y14)),NOT(ISNUMBER(Data!Y15))),"-",Data!Y14-Data!Y15),"-")
A17: SG&A | D17: 136.819 | E17: 214.899 | F17: 355.663 | G17: 522.752 | H17: 839.638 | I17: 1221.753 | J17: 1533.33 | K17: 2005.672 | L17: 2501.598 | M17: CRWD 10k 2026.pdf | p.83 | Consolidated Statements of Operations | Sales and marketing + General and administrative (summed; model has no separate S&M row) | as-printed: 2,501,598 | N17: 453.848 | O17: 461.905 | P17: 535.212 | Q17: 554.707 | R17: 604.818 | S17: 624.98 | T17: 648.318 | U17: 623.482 | V17: 665.626
A18: R&D | D18: 58.887 | E18: 84.551 | F18: 130.188 | G18: 214.67 | H18: 371.283 | I18: 608.364 | J18: 768.497 | K18: 1076.901 | L18: 1384.77 | M18: CRWD 10k 2026.pdf | p.83 | Consolidated Statements of Operations | Research and development | as-printed: 1,384,770 | N18: 235.249 | O18: 250.908 | P18: 275.602 | Q18: 315.142 | R18: 334.129 | S18: 346.668 | T18: 347.564 | U18: 356.409 | V18: 408.326
A19: Total OpEx (excl. COGS) | D19: 195.706 | E19: 299.45 | F19: 485.851 | G19: 737.422 | H19: 1210.921 | I19: 1830.117 | J19: 2301.827 | K19: 3082.573 | L19: 3886.368 | M19: CRWD 10k 2026.pdf | p.83 | Consolidated Statements of Operations | Total operating expenses | as-printed: 3,886,368 | N19: 689.097 | O19: 712.813 | P19: 810.814 | Q19: 869.849 | R19: 938.947 | S19: 971.648 | T19: 995.882 | U19: 979.891 | V19: 1073.952
A20: EBITDA | C20: =IFERROR(IF(OR(NOT(ISNUMBER(Data!C22)),NOT(ISNUMBER(Data!C21))),"-",Data!C22+Data!C21),"-") | D20: =IFERROR(IF(OR(NOT(ISNUMBER(Data!D22)),NOT(ISNUMBER(Data!D21))),"-",Data!D22+Data!D21),"-") | E20: =IFERROR(IF(OR(NOT(ISNUMBER(Data!E22)),NOT(ISNUMBER(Data!E21))),"-",Data!E22+Data!E21),"-") | F20: =IFERROR(IF(OR(NOT(ISNUMBER(Data!F22)),NOT(ISNUMBER(Data!F21))),"-",Data!F22+Data!F21),"-") | G20: =IFERROR(IF(OR(NOT(ISNUMBER(Data!G22)),NOT(ISNUMBER(Data!G21))),"-",Data!G22+Data!G21),"-") | H20: =IFERROR(IF(OR(NOT(ISNUMBER(Data!H22)),NOT(ISNUMBER(Data!H21))),"-",Data!H22+Data!H21),"-") | I20: =IFERROR(IF(OR(NOT(ISNUMBER(Data!I22)),NOT(ISNUMBER(Data!I21))),"-",Data!I22+Data!I21),"-") | J20: =IFERROR(IF(OR(NOT(ISNUMBER(Data!J22)),NOT(ISNUMBER(Data!J21))),"-",Data!J22+Data!J21),"-") | ... L20: =IFERROR(IF(OR(NOT(ISNUMBER(Data!L22)),NOT(ISNUMBER(Data!L21))),"-",Data!L22+Data!L21),"-") | N20: =IFERROR(IF(OR(NOT(ISNUMBER(Data!N22)),NOT(ISNUMBER(Data!N21))),"-",Data!N22+Data!N21),"-") | O20: =IFERROR(IF(OR(NOT(ISNUMBER(Data!O22)),NOT(ISNUMBER(Data!O21))),"-",Data!O22+Data!O21),"-") | P20: =IFERROR(IF(OR(NOT(ISNUMBER(Data!P22)),NOT(ISNUMBER(Data!P21))),"-",Data!P22+Data!P21),"-") | Q20: =IFERROR(IF(OR(NOT(ISNUMBER(Data!Q22)),NOT(ISNUMBER(Data!Q21))),"-",Data!Q22+Data!Q21),"-") | R20: =IFERROR(IF(OR(NOT(ISNUMBER(Data!R22)),NOT(ISNUMBER(Data!R21))),"-",Data!R22+Data!R21),"-") | S20: =IFERROR(IF(OR(NOT(ISNUMBER(Data!S22)),NOT(ISNUMBER(Data!S21))),"-",Data!S22+Data!S21),"-") | T20: =IFERROR(IF(OR(NOT(ISNUMBER(Data!T22)),NOT(ISNUMBER(Data!T21))),"-",Data!T22+Data!T21),"-") | U20: =IFERROR(IF(OR(NOT(ISNUMBER(Data!U22)),NOT(ISNUMBER(Data!U21))),"-",Data!U22+Data!U21),"-") | ... Y20: =IFERROR(IF(OR(NOT(ISNUMBER(Data!Y22)),NOT(ISNUMBER(Data!Y21))),"-",Data!Y22+Data!Y21),"-")
A21: D&A | D21: 7.739 | E21: 15.398 | F21: 23.513 | G21: 40.143 | H21: 68.81 | I21: 93.81 | J21: 145.254 | K21: 213.956 | L21: 281.451 | M21: CRWD 10k 2026.pdf | p.86 | Consolidated Statements of Cash Flows | Depreciation and amortization + Amortization of intangible assets (combined) | as-printed: 281,451 | N21: 48.7 | O21: 52.6 | P21: 55.2 | Q21: 57.4 | R21: 64.1 | S21: 68 | T21: 71.8 | U21: 77.5 | V21: 87.9
A22: EBIT (Operating Income) | D22: -131.44 | E22: -136.864 | F22: -146.065 | G22: -92.529 | H22: -142.548 | I22: -190.112 | J22: -1.995 | K22: -120.43 | L22: -293.292 | M22: CRWD 10k 2026.pdf | p.83 | Consolidated Statements of Operations | Loss from operations | as-printed: (293,292) | N22: 6.936 | O22: 13.658 | P22: -55.723 | Q22: -85.301 | R22: -124.656 | S22: -112.979 | T22: -69.443 | U22: 13.786 | V22: -30.6
A23: Interest Expense | D23: 1.648 | E23: 0.428 | F23: 0.442 | G23: 1.559 | H23: 25.231 | I23: 25.319 | J23: 25.756 | K23: 26.311 | L23: 28.021 | M23: CRWD 10k 2026.pdf | p.83 | Consolidated Statements of Operations | Interest expense | as-printed: (28,021) | N23: 6.511 | O23: 6.549 | P23: 6.587 | Q23: 6.664 | R23: 6.715 | S23: 6.823 | T23: 6.931 | U23: 7.552 | V23: 6.116
A24: Pre-Tax Income | D24: -134.561 | E24: -138.71 | F24: -139.782 | G24: -87.869 | H24: -160.023 | I24: -159.883 | J24: 122.817 | K24: 54.534 | L24: -126.989 | M24: CRWD 10k 2026.pdf | p.83 | Consolidated Statements of Operations | Income (loss) before provision for income taxes | as-printed: (126,989) | N24: 53.931 | O24: 57.604 | P24: -10.538 | Q24: -46.463 | R24: -89.887 | S24: -71.674 | T24: -23.268 | U24: 57.84 | V24: 39.063
A25: Tax Expense | D25: 0.929 | E25: 1.367 | F25: 1.997 | G25: 4.76 | H25: 72.355 | I25: 22.402 | J25: 32.232 | K25: 71.13 | L25: 34.176 | M25: CRWD 10k 2026.pdf | p.83 | Consolidated Statements of Operations | Provision for income taxes | as-printed: 34,176 | N25: 7.667 | O25: 10.914 | P25: 6.281 | Q25: 46.268 | R25: 21.106 | S25: 5.971 | T25: 10.72 | U25: -3.621 | V25: -6.903
A26: Net Income | D26: -135.49 | E26: -140.077 | F26: -141.779 | G26: -92.629 | H26: -234.802 | I26: -183.245 | J26: 89.327 | K26: -19.271 | L26: -162.502 | M26: CRWD 10k 2026.pdf | p.83 | Consolidated Statements of Operations | Net income (loss) attributable to CrowdStrike | as-printed: (162,502) | N26: 42.82 | O26: 47.013 | P26: -16.822 | Q26: -92.282 | R26: -110.207 | S26: -77.675 | T26: -33.997 | U26: 59.377 | V26: 27.774
A27: Diluted EPS | D27: -3.38 | E27: -3.12 | F27: -0.96 | G27: -0.43 | H27: -1.03 | I27: -0.79 | J27: 0.37 | K27: -0.08 | L27: -0.65 | M27: CRWD 10k 2026.pdf | p.83 | Consolidated Statements of Operations | Net income (loss) per share attributable to CrowdStrike common stockholders: Diluted | as-printed: (0.65) | N27: 0.17 | O27: 0.19 | P27: -0.07 | R27: -0.44 | S27: -0.31 | T27: -0.14 | V27: 0.11
A28: Diluted Shares Out. (M) | D28: 41.876 | E28: 44.863 | F28: 148.062 | G28: 217.756 | H28: 227.142 | I28: 233.139 | J28: 243.635 | K28: 244.75 | L28: 250.576 | M28: 1018.26 | N28: 250.164 | O28: 251.265 | P28: 245.536 | R28: 248.432 | S28: 249.909 | T28: 251.326 | V28: 257.881
A30: BALANCE SHEET ($M)
B31: 2016 | C31: 2017 | D31: 2018 | E31: 2019 | F31: 2020 | G31: 2021 | H31: 2022 | I31: 2023 | J31: 2024 | K31: 2025 | L31: 2026 | N31: Year -2 Q1 | O31: Year -2 Q2 | P31: Year -2 Q3 | Q31: Year -2 Q4 | R31: Year -1 Q1 | S31: Year -1 Q2 | T31: Year -1 Q3 | U31: Year -1 Q4 | V31: Current Year Q1 | W31: Current Year Q2 | X31: Current Year Q3 | Y31: Current Year Q4
A32: Total Cash & Equivalents | D32: 63.179 | E32: 88.408 | F32: 264.798 | G32: 1918.608 | H32: 1996.633 | I32: 2455.369 | J32: 3375.069 | K32: 4323.295 | L32: 5230.125 | M32: CRWD 10k 2026.pdf | p.82 | Consolidated Balance Sheets | Cash and cash equivalents | as-printed: 5,230,125 | N32: 3702.437 | O32: 4038.536 | P32: 4260.324 | Q32: 4323.295 | R32: 4614.153 | S32: 4972.436 | T32: 4801.083 | U32: 5230.125 | V32: 4552.801
A33: Short-term Debt | D33: 0 | E33: 0 | F33: 0 | G33: 0 | H33: 0 | I33: 0 | J33: 0 | K33: 0 | L33: 0 | M33: Confirmed absent in filing (extractor NOT_FOUND) → 0. No current portion of long-term debt or short-term borrowings on the balance sheet (p.82). The $750M 3.00% Senior Notes mature Feb 2029 (all long-term); the revolving facility expired Jan 2, 2026 with no outstanding balance (Note 5, p.102). | N33: 0 | O33: 0 | P33: 0 | S33: 0 | T33: 0 | V33: 0
A34: Long-term Debt | D34: 0 | E34: 0 | F34: 0 | G34: 738.029 | H34: 739.517 | I34: 741.005 | J34: 742.494 | K34: 743.983 | L34: 745.471 | M34: CRWD 10k 2026.pdf | p.82 | Consolidated Balance Sheets | Long-term debt | as-printed: 745,471 | N34: 742.866 | O34: 743.238 | P34: 743.61 | Q34: 743.983 | R34: 744.355 | S34: 744.727 | T34: 745.099 | U34: 745.471 | V34: 745.843
A35: Total Debt | C35: =IF(AND(NOT(ISNUMBER(Data!C33)),NOT(ISNUMBER(Data!C34))),"-",Data!C33+Data!C34) | D35: =IF(AND(NOT(ISNUMBER(Data!D33)),NOT(ISNUMBER(Data!D34))),"-",Data!D33+Data!D34) | E35: =IF(AND(NOT(ISNUMBER(Data!E33)),NOT(ISNUMBER(Data!E34))),"-",Data!E33+Data!E34) | F35: =IF(AND(NOT(ISNUMBER(Data!F33)),NOT(ISNUMBER(Data!F34))),"-",Data!F33+Data!F34) | G35: =IF(AND(NOT(ISNUMBER(Data!G33)),NOT(ISNUMBER(Data!G34))),"-",Data!G33+Data!G34) | H35: =IF(AND(NOT(ISNUMBER(Data!H33)),NOT(ISNUMBER(Data!H34))),"-",Data!H33+Data!H34) | I35: =IF(AND(NOT(ISNUMBER(Data!I33)),NOT(ISNUMBER(Data!I34))),"-",Data!I33+Data!I34) | J35: =IF(AND(NOT(ISNUMBER(Data!J33)),NOT(ISNUMBER(Data!J34))),"-",Data!J33+Data!J34) | ... L35: =IF(AND(NOT(ISNUMBER(Data!L33)),NOT(ISNUMBER(Data!L34))),"-",Data!L33+Data!L34) | N35: =IF(AND(NOT(ISNUMBER(Data!N33)),NOT(ISNUMBER(Data!N34))),"-",Data!N33+Data!N34) | O35: =IF(AND(NOT(ISNUMBER(Data!O33)),NOT(ISNUMBER(Data!O34))),"-",Data!O33+Data!O34) | P35: =IF(AND(NOT(ISNUMBER(Data!P33)),NOT(ISNUMBER(Data!P34))),"-",Data!P33+Data!P34) | Q35: =IF(AND(NOT(ISNUMBER(Data!Q33)),NOT(ISNUMBER(Data!Q34))),"-",Data!Q33+Data!Q34) | R35: =IF(AND(NOT(ISNUMBER(Data!R33)),NOT(ISNUMBER(Data!R34))),"-",Data!R33+Data!R34) | S35: =IF(AND(NOT(ISNUMBER(Data!S33)),NOT(ISNUMBER(Data!S34))),"-",Data!S33+Data!S34) | T35: =IF(AND(NOT(ISNUMBER(Data!T33)),NOT(ISNUMBER(Data!T34))),"-",Data!T33+Data!T34) | U35: =IF(AND(NOT(ISNUMBER(Data!U33)),NOT(ISNUMBER(Data!U34))),"-",Data!U33+Data!U34) | ... Y35: =IF(AND(NOT(ISNUMBER(Data!Y33)),NOT(ISNUMBER(Data!Y34))),"-",Data!Y33+Data!Y34)
A36: Net Debt | C36: =IFERROR(IF(OR(NOT(ISNUMBER(Data!C35)),NOT(ISNUMBER(Data!C32))),"-",Data!C35-Data!C32),"-") | D36: =IFERROR(IF(OR(NOT(ISNUMBER(Data!D35)),NOT(ISNUMBER(Data!D32))),"-",Data!D35-Data!D32),"-") | E36: =IFERROR(IF(OR(NOT(ISNUMBER(Data!E35)),NOT(ISNUMBER(Data!E32))),"-",Data!E35-Data!E32),"-") | F36: =IFERROR(IF(OR(NOT(ISNUMBER(Data!F35)),NOT(ISNUMBER(Data!F32))),"-",Data!F35-Data!F32),"-") | G36: =IFERROR(IF(OR(NOT(ISNUMBER(Data!G35)),NOT(ISNUMBER(Data!G32))),"-",Data!G35-Data!G32),"-") | H36: =IFERROR(IF(OR(NOT(ISNUMBER(Data!H35)),NOT(ISNUMBER(Data!H32))),"-",Data!H35-Data!H32),"-") | I36: =IFERROR(IF(OR(NOT(ISNUMBER(Data!I35)),NOT(ISNUMBER(Data!I32))),"-",Data!I35-Data!I32),"-") | J36: =IFERROR(IF(OR(NOT(ISNUMBER(Data!J35)),NOT(ISNUMBER(Data!J32))),"-",Data!J35-Data!J32),"-") | ... L36: =IFERROR(IF(OR(NOT(ISNUMBER(Data!L35)),NOT(ISNUMBER(Data!L32))),"-",Data!L35-Data!L32),"-") | N36: =IFERROR(IF(OR(NOT(ISNUMBER(Data!N35)),NOT(ISNUMBER(Data!N32))),"-",Data!N35-Data!N32),"-") | O36: =IFERROR(IF(OR(NOT(ISNUMBER(Data!O35)),NOT(ISNUMBER(Data!O32))),"-",Data!O35-Data!O32),"-") | P36: =IFERROR(IF(OR(NOT(ISNUMBER(Data!P35)),NOT(ISNUMBER(Data!P32))),"-",Data!P35-Data!P32),"-") | Q36: =IFERROR(IF(OR(NOT(ISNUMBER(Data!Q35)),NOT(ISNUMBER(Data!Q32))),"-",Data!Q35-Data!Q32),"-") | R36: =IFERROR(IF(OR(NOT(ISNUMBER(Data!R35)),NOT(ISNUMBER(Data!R32))),"-",Data!R35-Data!R32),"-") | S36: =IFERROR(IF(OR(NOT(ISNUMBER(Data!S35)),NOT(ISNUMBER(Data!S32))),"-",Data!S35-Data!S32),"-") | T36: =IFERROR(IF(OR(NOT(ISNUMBER(Data!T35)),NOT(ISNUMBER(Data!T32))),"-",Data!T35-Data!T32),"-") | U36: =IFERROR(IF(OR(NOT(ISNUMBER(Data!U35)),NOT(ISNUMBER(Data!U32))),"-",Data!U35-Data!U32),"-") | ... Y36: =IFERROR(IF(OR(NOT(ISNUMBER(Data!Y35)),NOT(ISNUMBER(Data!Y32))),"-",Data!Y35-Data!Y32),"-")
A37: Total Current Assets | E37: 331.388 | F37: 1171.636 | G37: 2292.274 | H37: 2570.952 | I37: 3640.267 | J37: 4757.307 | K37: 6113.345 | L37: 7419.119 | M37: CRWD 10k 2026.pdf | p.82 | Consolidated Balance Sheets | Total current assets | as-printed: 7,419,119 | N37: 4841.622 | O37: 5181.648 | P37: 5572.327 | Q37: 6113.345 | R37: 6070.798 | S37: 6534.354 | T37: 6519.282 | U37: 7419.119 | V37: 6301.62
A38: Total Current Liabilities | E38: 281.42 | F38: 493.096 | G38: 863.553 | H38: 1406.83 | I38: 2109.072 | J38: 2697.279 | K38: 3461.05 | L38: 4184.192 | M38: CRWD 10k 2026.pdf | p.82 | Consolidated Balance Sheets | Total current liabilities | as-printed: 4,184,192 | N38: 2683.686 | O38: 2728.319 | P38: 3000.38 | Q38: 3461.05 | R38: 3282.534 | S38: 3475.938 | T38: 3599.895 | U38: 4184.192 | V38: 4115.862
A39: Total Assets | E39: 433.219 | F39: 1404.906 | G39: 2732.533 | H39: 3618.381 | I39: 5026.54 | J39: 6646.52 | K39: 8701.578 | L39: 11086.684 | M39: CRWD 10k 2026.pdf | p.82 | Consolidated Balance Sheets | Total assets | as-printed: 11,086,684 | N39: 6841.985 | O39: 7202.474 | P39: 7782.958 | Q39: 8701.578 | R39: 8720.362 | S39: 9288.859 | T39: 9965.347 | U39: 11086.684 | V39: 11270.1
A40: Total Liabilities | E40: 363.1 | F40: 662.299 | G40: 1860.659 | H40: 2580.738 | I40: 3539.106 | J40: 4309.431 | K40: 5382.661 | L40: 6614.079 | M40: CRWD 10k 2026.pdf | p.82 | Consolidated Balance Sheets | Total liabilities | as-printed: 6,614,079 | N40: 4273.203 | O40: 4311.884 | P40: 4687.347 | Q40: 5382.661 | R40: 5229.348 | S40: 5494.168 | T40: 5906.33 | U40: 6614.079 | V40: 6594.768
A41: Shareholders' Equity | D41: -369.474 | E41: -487.793 | F41: 742.107 | G41: 870.574 | H41: 1025.764 | I41: 1463.641 | J41: 2303.95 | K41: 3279.494 | L41: 4428.39 | M41: CRWD 10k 2026.pdf | p.82 | Consolidated Balance Sheets | Total CrowdStrike Holdings, Inc. stockholders' equity | as-printed: 4,428,390 | N41: 2535.54 | O41: 2852.915 | P41: 3057.933 | Q41: 3279.494 | R41: 3450.877 | S41: 3756.68 | T41: 4016.497 | U41: 4428.39 | V41: 4633.877
A42: Minority Interest | F42: 0.5 | G42: 1.3 | H42: 11.879 | I42: 23.793 | J42: 33.139 | K42: 39.423 | L42: 44.215 | M42: CRWD 10k 2026.pdf | p.82 | Consolidated Balance Sheets | Non-controlling interest | as-printed: 44,215 | N42: 33.242 | O42: 37.675 | P42: 37.678 | Q42: 39.423 | R42: 40.137 | S42: 38.011 | T42: 42.52 | U42: 44.215 | V42: 41.455
A43: Intangible Assets & Goodwill | E43: 7.947 | F43: 7.722 | G43: 83.566 | H43: 416.445 | I43: 430.645 | J43: 638.041 | K43: 912.805 | L43: 1363.294 | M43: CRWD 10k 2026.pdf | p.82 | Consolidated Balance Sheets | Goodwill | as-printed: 1,363,294 | N43: 721.973 | O43: 721.996 | P43: 722.016 | Q43: 912.805 | R43: 913.285 | S43: 913.325 | T43: 1352.927 | U43: 1363.294 | V43: 2267.493
A44: PP&E | E44: 73.735 | F44: 136.078 | G44: 167.014 | H44: 260.577 | I44: 492.335 | J44: 620.172 | K44: 788.64 | L44: 976.331 | M44: CRWD 10k 2026.pdf | p.82 | Consolidated Balance Sheets | Property and equipment, net | as-printed: 976,331 | N44: 627.381 | O44: 648.474 | P44: 746.567 | Q44: 788.64 | R44: 826.069 | S44: 869.24 | T44: 926.963 | U44: 976.331 | V44: 1066.204
A45: Receivables | E45: 92.476 | F45: 164.987 | G45: 239.199 | H45: 368.145 | I45: 626.181 | J45: 853.105 | K45: 1128.564 | L45: 1361.844 | M45: CRWD 10k 2026.pdf | p.82 | Consolidated Balance Sheets | Accounts receivable, net of allowance for credit losses | as-printed: 1,361,844 | N45: 702.856 | O45: 661.045 | P45: 813.922 | Q45: 1128.564 | R45: 808.694 | S45: 886.557 | T45: 1013.116 | U45: 1361.844 | V45: 933.887
A46: Payables | E46: 6.855 | F46: 1.345 | G46: 12.065 | H46: 47.634 | I46: 45.372 | J46: 28.18 | K46: 130.887 | L46: 105.319 | M46: CRWD 10k 2026.pdf | p.82 | Consolidated Balance Sheets | Accounts payable | as-printed: 105,319 | N46: 21.299 | O46: 21.067 | P46: 79.214 | Q46: 130.887 | R46: 16.404 | S46: 120.554 | T46: 131.596 | U46: 105.319 | V46: 54.221
A47: Inventory | N47: 0 | O47: 0 | P47: 0 | S47: 0 | T47: 0 | V47: 0
A48: Retained Earnings | D48: -378.948 | E48: -519.126 | F48: -637.487 | G48: -730.116 | H48: -964.918 | I48: -1148.163 | J48: -1058.836 | K48: -1078.107 | L48: -1283.042 | M48: CRWD 10k 2026.pdf | p.82 | Consolidated Balance Sheets | Accumulated deficit | as-printed: (1,283,042) | N48: -1016.016 | O48: -969.003 | P48: -985.825 | Q48: -1078.107 | R48: -1188.314 | S48: -1265.989 | T48: -1299.986 | U48: -1283.042 | V48: -1255.268
A49: CASH FLOW STATEMENT ($M)
B50: 2016 | C50: 2017 | D50: 2018 | E50: 2019 | F50: 2020 | G50: 2021 | H50: 2022 | I50: 2023 | J50: 2024 | K50: 2025 | L50: 2026 | N50: Year -2 Q1 | O50: Year -2 Q2 | P50: Year -2 Q3 | Q50: Year -2 Q4 | R50: Year -1 Q1 | S50: Year -1 Q2 | T50: Year -1 Q3 | U50: Year -1 Q4 | V50: Current Year Q1 | W50: Current Year Q2 | X50: Current Year Q3 | Y50: Current Year Q4
A51: Cash from Operations | D51: -58.766 | E51: -22.968 | F51: 99.943 | G51: 356.566 | H51: 574.784 | I51: 941.007 | J51: 1166.207 | K51: 1381.727 | L51: 1612.349 | M51: CRWD 10k 2026.pdf | p.86 | Consolidated Statements of Cash Flows | Net cash provided by operating activities | as-printed: 1,612,349 | N51: 383.2 | O51: 326.6 | P51: 326.1 | Q51: 345.7 | R51: 384.1 | S51: 332.8 | T51: 397.5 | U51: 497.9 | V51: 590.9
A52: Capital Expenditures | D52: 29.448 | E52: 42.645 | F52: 87.487 | G52: 63.663 | H52: 133.009 | I52: 264.114 | J52: 225.986 | K52: 313.821 | L52: 370.859 | M52: CRWD 10k 2026.pdf | p.86 | Consolidated Statements of Cash Flows | Purchases of property and equipment + Capitalized internal-use software and website development costs | as-printed: (370,859) | N52: 60.2 | O52: 53.8 | P52: 95 | Q52: 104.9 | R52: 103.2 | S52: 47.8 | T52: 100.2 | U52: 119.7 | V52: 120.2
A53: Free Cash Flow | C53: =IFERROR(IF(OR(NOT(ISNUMBER(Data!C51)),NOT(ISNUMBER(Data!C52))),"-",Data!C51-ABS(Data!C52)),"-") | D53: =IFERROR(IF(OR(NOT(ISNUMBER(Data!D51)),NOT(ISNUMBER(Data!D52))),"-",Data!D51-ABS(Data!D52)),"-") | E53: =IFERROR(IF(OR(NOT(ISNUMBER(Data!E51)),NOT(ISNUMBER(Data!E52))),"-",Data!E51-ABS(Data!E52)),"-") | F53: =IFERROR(IF(OR(NOT(ISNUMBER(Data!F51)),NOT(ISNUMBER(Data!F52))),"-",Data!F51-ABS(Data!F52)),"-") | G53: =IFERROR(IF(OR(NOT(ISNUMBER(Data!G51)),NOT(ISNUMBER(Data!G52))),"-",Data!G51-ABS(Data!G52)),"-") | H53: =IFERROR(IF(OR(NOT(ISNUMBER(Data!H51)),NOT(ISNUMBER(Data!H52))),"-",Data!H51-ABS(Data!H52)),"-") | I53: =IFERROR(IF(OR(NOT(ISNUMBER(Data!I51)),NOT(ISNUMBER(Data!I52))),"-",Data!I51-ABS(Data!I52)),"-") | J53: =IFERROR(IF(OR(NOT(ISNUMBER(Data!J51)),NOT(ISNUMBER(Data!J52))),"-",Data!J51-ABS(Data!J52)),"-") | ... L53: =IFERROR(IF(OR(NOT(ISNUMBER(Data!L51)),NOT(ISNUMBER(Data!L52))),"-",Data!L51-ABS(Data!L52)),"-") | N53: =IFERROR(IF(OR(NOT(ISNUMBER(Data!N51)),NOT(ISNUMBER(Data!N52))),"-",Data!N51-ABS(Data!N52)),"-") | O53: =IFERROR(IF(OR(NOT(ISNUMBER(Data!O51)),NOT(ISNUMBER(Data!O52))),"-",Data!O51-ABS(Data!O52)),"-") | P53: =IFERROR(IF(OR(NOT(ISNUMBER(Data!P51)),NOT(ISNUMBER(Data!P52))),"-",Data!P51-ABS(Data!P52)),"-") | Q53: =IFERROR(IF(OR(NOT(ISNUMBER(Data!Q51)),NOT(ISNUMBER(Data!Q52))),"-",Data!Q51-ABS(Data!Q52)),"-") | R53: =IFERROR(IF(OR(NOT(ISNUMBER(Data!R51)),NOT(ISNUMBER(Data!R52))),"-",Data!R51-ABS(Data!R52)),"-") | S53: =IFERROR(IF(OR(NOT(ISNUMBER(Data!S51)),NOT(ISNUMBER(Data!S52))),"-",Data!S51-ABS(Data!S52)),"-") | T53: =IFERROR(IF(OR(NOT(ISNUMBER(Data!T51)),NOT(ISNUMBER(Data!T52))),"-",Data!T51-ABS(Data!T52)),"-") | U53: =IFERROR(IF(OR(NOT(ISNUMBER(Data!U51)),NOT(ISNUMBER(Data!U52))),"-",Data!U51-ABS(Data!U52)),"-") | ... Y53: =IFERROR(IF(OR(NOT(ISNUMBER(Data!Y51)),NOT(ISNUMBER(Data!Y52))),"-",Data!Y51-ABS(Data!Y52)),"-")
A54: Stock-Based Compensation | D54: 12.343 | E54: 20.505 | F54: 79.94 | G54: 149.675 | H54: 309.952 | I54: 526.504 | J54: 631.519 | K54: 865.421 | L54: 1096.679 | M54: CRWD 10k 2026.pdf | p.86 | Consolidated Statements of Cash Flows | Stock-based compensation expense | as-printed: 1,096,679 | N54: 183.1 | O54: 200.9 | P54: 208.9 | Q54: 272.5 | R54: 253.6 | S54: 287.2 | T54: 282 | U54: 274 | V54: 297.7
A55: Dividends Paid | N55: 0 | O55: 0 | P55: 0 | R55: 0 | S55: 0 | T55: 0 | V55: 0
A56: Share Repurchases | N56: 0 | O56: 0 | P56: 0 | R56: 0 | S56: 0 | T56: 0 | V56: 175.6
A57: Historical Share Price (Period-End) | F57: 61.09 | G57: 215.8 | H57: 180.64 | I57: 105.9 | J57: 292.5 | K57: 398.07 | L57: 441.4
A59: SEGMENT & GEOGRAPHIC DATA ($M) — agent fills names + yearly values
A60: Revenue by Segment:
A61: United States | D61: 99.209 | E61: 192.057 | F61: 356.513 | G61: 627.402 | H61: 1046.474 | I61: 1563.567 | J61: 2088.054 | K61: 2682.942 | L61: 3216.654
A62: Europe, Middle East, and Africa | D62: 8.924 | E62: 29.721 | F62: 67.428 | G62: 123.9 | H62: 200.198 | I62: 327.929 | J62: 467.928 | K62: 619.483 | L62: 782.666
A63: Asia Pacific | D63: 7.966 | E63: 17.213 | F63: 37.672 | G63: 80.185 | H63: 142.686 | I63: 228.124 | J63: 315.524 | K63: 402.453 | L63: 495.701
A64: Other | D64: 2.653 | E64: 10.833 | F64: 19.8 | G64: 42.951 | H64: 62.236 | I64: 121.616 | J64: 184.049 | K64: 248.746 | L64: 316.984
A65: Segment 5
A66: Segment 6
A67: Segment 7
A68: Segment 8
A70: Operating Income by Segment:
A71: United States
A72: Europe, Middle East, and Africa
A73: Asia Pacific
A74: Other
A75: Segment 5
A76: Segment 6
A77: Segment 7
... A92: Core Diluted EPS (non-GAAP, management measure)

Sheet Valuation
A2: Colour key: | B2: Company filing | D2: Online / market | F2: Computed | H2: Analyst input
A3: 1. COST OF CAPITAL (WACC)
A4: Risk-Free Rate (10Y UST) | B4: 0.0469
A5: Equity Risk Premium (Damodaran) | B5: 0.0423
A6: Beta (Levered) | B6: 1.23
A7: Size Premium | B7: 0 | M7: market-researcher | valuation-agent | as-of:
A8: Company-Specific Risk Premium | B8: 0.015 | M8: market-researcher | valuation-agent | as-of:
A9: Cost of Equity (Ke) | B9: =IFERROR(B4+B6*B5+B7+B8,"-") | M9: market-researcher | valuation-agent | as-of:
A10: Pre-tax Cost of Debt (Kd) | B10: 0.0376 | M10: market-researcher | valuation-agent | as-of:
A11: Marginal Tax Rate | B11: 0.21 | M11: market-researcher | valuation-agent | as-of:
A12: After-tax Cost of Debt | B12: =IFERROR(B10*(1-B11),"-") | M12: market-researcher | valuation-agent | as-of:
A13: Debt / Total Capital (market) | B13: 0 | M13: market-researcher | valuation-agent | as-of:
A14: Equity / Total Capital (market) | B14: =IFERROR(1-B13,"-") | M14: market-researcher | valuation-agent | as-of:
A15: WACC | B15: =IFERROR(B9*B14+B12*B13,"-") | M15: market-researcher | valuation-agent | as-of:
A17: 2. DCF MODEL — BASE CASE
B18: =IFERROR((Data!L13+1)&"E","-") | C18: =IFERROR((Data!L13+2)&"E","-") | D18: =IFERROR((Data!L13+3)&"E","-") | E18: =IFERROR((Data!L13+4)&"E","-") | F18: =IFERROR((Data!L13+5)&"E","-")
A19: ─ Assumptions (blue = inputs) ─
A20: Revenue Growth Rate | B20: 0.22 | C20: 0.19 | D20: 0.16 | E20: 0.13 | F20: 0.11 | M20: market-researcher | valuation-agent | as-of:
A21: EBITDA Margin | B21: 0.05 | C21: 0.09 | D21: 0.12 | E21: 0.15 | F21: 0.17 | M21: market-researcher | valuation-agent | as-of:
A22: D&A / Revenue | B22: 0.055 | C22: 0.05 | D22: 0.05 | E22: 0.045 | F22: 0.045 | M22: market-researcher | valuation-agent | as-of:
A23: CapEx / Revenue | B23: 0.075 | C23: 0.07 | D23: 0.065 | E23: 0.06 | F23: 0.055 | M23: market-researcher | valuation-agent | as-of:
A24: Change in NWC / Revenue | B24: -0.02 | C24: -0.02 | D24: -0.015 | E24: -0.01 | F24: -0.01 | M24: market-researcher | valuation-agent | as-of:
A25: Effective Tax Rate | B25: 0.21 | C25: 0.21 | D25: 0.21 | E25: 0.21 | F25: 0.21 | M25: market-researcher | valuation-agent | as-of:
A26: Terminal Growth Rate | B26: 0.03 | M26: market-researcher | valuation-agent | as-of:
A27: Exit EV/EBITDA Multiple | B27: 22 | M27: market-researcher | valuation-agent | as-of:
A29: ─ Projected Financials ($M) ─
A30: Base Revenue (latest FY) | B30: =IFERROR(Data!L14,"-") | M30: market-researcher | valuation-agent | as-of:
A31: Projected Revenue | B31: =IFERROR(B30*(1+B20),"-") | C31: =IFERROR(B31*(1+C20),"-") | D31: =IFERROR(C31*(1+D20),"-") | E31: =IFERROR(D31*(1+E20),"-") | F31: =IFERROR(E31*(1+F20),"-") | M31: market-researcher | valuation-agent | as-of:
A32: Projected EBITDA | B32: =IFERROR(B31*B21,"-") | C32: =IFERROR(C31*C21,"-") | D32: =IFERROR(D31*D21,"-") | E32: =IFERROR(E31*E21,"-") | F32: =IFERROR(F31*F21,"-") | M32: market-researcher | valuation-agent | as-of:
A33: Projected D&A | B33: =IFERROR(B31*B22,"-") | C33: =IFERROR(C31*C22,"-") | D33: =IFERROR(D31*D22,"-") | E33: =IFERROR(E31*E22,"-") | F33: =IFERROR(F31*F22,"-")
A34: Projected EBIT | B34: =IFERROR(B32-B33,"-") | C34: =IFERROR(C32-C33,"-") | D34: =IFERROR(D32-D33,"-") | E34: =IFERROR(E32-E33,"-") | F34: =IFERROR(F32-F33,"-") | M34: market-researcher | valuation-agent | as-of:
A35: Tax on EBIT | B35: =IFERROR(B34*B25,"-") | C35: =IFERROR(C34*C25,"-") | D35: =IFERROR(D34*D25,"-") | E35: =IFERROR(E34*E25,"-") | F35: =IFERROR(F34*F25,"-")
A36: NOPAT (EBIT × (1-t)) | B36: =IFERROR(B34-B35,"-") | C36: =IFERROR(C34-C35,"-") | D36: =IFERROR(D34-D35,"-") | E36: =IFERROR(E34-E35,"-") | F36: =IFERROR(F34-F35,"-") | M36: market-researcher | valuation-agent | as-of:
A37: (+) D&A | B37: =IFERROR(B33,"-") | C37: =IFERROR(C33,"-") | D37: =IFERROR(D33,"-") | E37: =IFERROR(E33,"-") | F37: =IFERROR(F33,"-")
A38: (-) Capital Expenditures | B38: =IFERROR(B31*B23,"-") | C38: =IFERROR(C31*C23,"-") | D38: =IFERROR(D31*D23,"-") | E38: =IFERROR(E31*E23,"-") | F38: =IFERROR(F31*F23,"-")
A39: (-) Change in NWC | B39: =IFERROR((B31-B30)*B24,"-") | C39: =IFERROR((C31-B31)*C24,"-") | D39: =IFERROR((D31-C31)*D24,"-") | E39: =IFERROR((E31-D31)*E24,"-") | F39: =IFERROR((F31-E31)*F24,"-")
A40: Unlevered Free Cash Flow (UFCF) | B40: =IFERROR(B36+B37-B38-B39,"-") | C40: =IFERROR(C36+C37-C38-C39,"-") | D40: =IFERROR(D36+D37-D38-D39,"-") | E40: =IFERROR(E36+E37-E38-E39,"-") | F40: =IFERROR(F36+F37-F38-F39,"-") | M40: market-researcher | valuation-agent | as-of:
A42: ─ Terminal Value ─
A43: TV: Perpetuity Growth Method | B43: =IFERROR(F40*(1+B26)/($B$15-B26),"-") | M43: market-researcher | valuation-agent | as-of:
A44: TV: Exit Multiple Method | B44: =IFERROR(F32*B27,"-") | M44: market-researcher | valuation-agent | as-of:
A45: TV Divergence (%) | B45: =IFERROR((B43-B44)/B44,"-")
A46: Selected Terminal Value (perpetuity growth) | B46: =IFERROR(B43,"-")
A47: Implied TV / EBITDA_5 | B47: =IFERROR(B46/F32,"-")
A48: Terminal Value as % of EV | B48: =IFERROR(B54/B55,"-")
A50: ─ Present Value & Equity Bridge ─
A51: Discount Factor (1/(1+WACC)^n) | B51: =IFERROR(1/(1+$B$15)^1,"-") | C51: =IFERROR(1/(1+$B$15)^2,"-") | D51: =IFERROR(1/(1+$B$15)^3,"-") | E51: =IFERROR(1/(1+$B$15)^4,"-") | F51: =IFERROR(1/(1+$B$15)^5,"-")
A52: PV of UFCF | B52: =IFERROR(B40*B51,"-") | C52: =IFERROR(C40*C51,"-") | D52: =IFERROR(D40*D51,"-") | E52: =IFERROR(E40*E51,"-") | F52: =IFERROR(F40*F51,"-") | M52: market-researcher | valuation-agent | as-of:
A53: Sum of PV of UFCFs | B53: =IFERROR(IF(AND(ISNUMBER(B20),ISNUMBER(B21),ISNUMBER(B26)),B52+C52+D52+E52+F52,"-"),"-") | M53: market-researcher | valuation-agent | as-of:
A54: PV of Terminal Value | B54: =IFERROR(IF(AND(ISNUMBER(B20),ISNUMBER(B21),ISNUMBER(B26)),B46*F51,"-"),"-")
A55: Enterprise Value (EV) | B55: =IFERROR(IF(AND(ISNUMBER(B20),ISNUMBER(B21),ISNUMBER(B26)),B53+B54,"-"),"-")
A56: (-) Net Debt (latest) | B56: =IFERROR(Data!L36,"-") | M56: market-researcher | valuation-agent | as-of:
A57: (-) Minority Interest | B57: =IFERROR(Data!L42,"-") | M57: market-researcher | valuation-agent | as-of:
A58: (+) Non-operating Assets
A59: Equity Value | B59: =IFERROR(IF(AND(ISNUMBER(B20),ISNUMBER(B21),ISNUMBER(B26)),B55-B56-B57+B58,"-"),"-")
A60: Diluted Shares Outstanding (M) | B60: =IFERROR(Market!B11,"-")
A61: DCF Fair Value / Share | B61: =IFERROR(IF(AND(ISNUMBER(B20),ISNUMBER(B21),ISNUMBER(B26)),B59/B60,"-"),"-")
A62: Upside / Downside vs Price | B62: =IFERROR(IF(AND(ISNUMBER(B20),ISNUMBER(B21),ISNUMBER(B26)),B61/Data!B8-1,"-"),"-")
A64: 3a. DCF — BEAR CASE
A66: ─ BEAR Assumptions ─
A67: Revenue Growth Rate | B67: =IFERROR(B20-0.02,"-") | C67: =IFERROR(C20-0.02,"-") | D67: =IFERROR(D20-0.02,"-") | E67: =IFERROR(E20-0.02,"-") | F67: =IFERROR(F20-0.02,"-")
A68: EBITDA Margin | B68: =IFERROR(B21-0.01,"-") | C68: =IFERROR(C21-0.01,"-") | D68: =IFERROR(D21-0.01,"-") | E68: =IFERROR(E21-0.01,"-") | F68: =IFERROR(F21-0.01,"-")
A69: D&A / Revenue
A70: CapEx / Revenue
A71: Change in NWC / Revenue
A72: Effective Tax Rate
A73: Terminal Growth Rate | B73: =IFERROR(B26-0.005,"-")
A74: Exit EV/EBITDA Multiple
A76: ─ BEAR Projected UFCF ─
A77: Projected Revenue | B77: =IFERROR(B30*(1+B67),"-") | C77: =IFERROR(B77*(1+C67),"-") | D77: =IFERROR(C77*(1+D67),"-") | E77: =IFERROR(D77*(1+E67),"-") | F77: =IFERROR(E77*(1+F67),"-")
A78: Projected EBITDA | B78: =IFERROR(B77*B68,"-") | C78: =IFERROR(C77*C68,"-") | D78: =IFERROR(D77*D68,"-") | E78: =IFERROR(E77*E68,"-") | F78: =IFERROR(F77*F68,"-")
A79: Projected EBIT | B79: =IFERROR(B78-B77*B22,"-") | C79: =IFERROR(C78-C77*C22,"-") | D79: =IFERROR(D78-D77*D22,"-") | E79: =IFERROR(E78-E77*E22,"-") | F79: =IFERROR(F78-F77*F22,"-")
A80: UFCF | B80: =IFERROR(B79*(1-B25)+B77*B22-B77*B23-(B77-B30)*B24,"-") | C80: =IFERROR(C79*(1-C25)+C77*C22-C77*C23-(C77-B77)*C24,"-") | D80: =IFERROR(D79*(1-D25)+D77*D22-D77*D23-(D77-C77)*D24,"-") | E80: =IFERROR(E79*(1-E25)+E77*E22-E77*E23-(E77-D77)*E24,"-") | F80: =IFERROR(F79*(1-F25)+F77*F22-F77*F23-(F77-E77)*F24,"-")
A82: TV (Perpetuity Growth) | B82: =IFERROR(F80*(1+$B$73)/($B$15-$B$73),"-")
A83: TV (Exit Multiple) | B83: =IFERROR(F78*$B$27,"-")
A84: Selected TV (perpetuity growth) | B84: =IFERROR(B82,"-")
A85: PV of UFCFs | B85: =IFERROR(B80*B51+C80*C51+D80*D51+E80*E51+F80*F51,"-")
A86: PV of Terminal Value | B86: =IFERROR(B84*F51,"-")
A87: Enterprise Value | B87: =IFERROR(B85+B86,"-")
A88: BEAR DCF Fair Value / Share | B88: =IFERROR(IF(AND(ISNUMBER(B20),ISNUMBER(B21),ISNUMBER(B26)),(B87-B56-B57+B58)/B60,"-"),"-")
B89: =IFERROR(IF(AND(ISNUMBER(B20),ISNUMBER(B21),ISNUMBER(B26)),B88/Data!B8-1,"-"),"-")
A90: 3b. DCF — BULL CASE
A92: ─ BULL Assumptions ─
A93: Revenue Growth Rate | B93: =IFERROR(B20+0.02,"-") | C93: =IFERROR(C20+0.02,"-") | D93: =IFERROR(D20+0.02,"-") | E93: =IFERROR(E20+0.02,"-") | F93: =IFERROR(F20+0.02,"-")
A94: EBITDA Margin | B94: =IFERROR(B21+0.01,"-") | C94: =IFERROR(C21+0.01,"-") | D94: =IFERROR(D21+0.01,"-") | E94: =IFERROR(E21+0.01,"-") | F94: =IFERROR(F21+0.01,"-")
A95: D&A / Revenue
A96: CapEx / Revenue
A97: Change in NWC / Revenue
A98: Effective Tax Rate
A99: Terminal Growth Rate | B99: =IFERROR(B26+0.005,"-")
A100: Exit EV/EBITDA Multiple
A102: ─ BULL Projected UFCF ─
A103: Projected Revenue | B103: =IFERROR(B30*(1+B93),"-") | C103: =IFERROR(B103*(1+C93),"-") | D103: =IFERROR(C103*(1+D93),"-") | E103: =IFERROR(D103*(1+E93),"-") | F103: =IFERROR(E103*(1+F93),"-")
A104: Projected EBITDA | B104: =IFERROR(B103*B94,"-") | C104: =IFERROR(C103*C94,"-") | D104: =IFERROR(D103*D94,"-") | E104: =IFERROR(E103*E94,"-") | F104: =IFERROR(F103*F94,"-")
A105: Projected EBIT | B105: =IFERROR(B104-B103*B22,"-") | C105: =IFERROR(C104-C103*C22,"-") | D105: =IFERROR(D104-D103*D22,"-") | E105: =IFERROR(E104-E103*E22,"-") | F105: =IFERROR(F104-F103*F22,"-")
A106: UFCF | B106: =IFERROR(B105*(1-B25)+B103*B22-B103*B23-(B103-B30)*B24,"-") | C106: =IFERROR(C105*(1-C25)+C103*C22-C103*C23-(C103-B103)*C24,"-") | D106: =IFERROR(D105*(1-D25)+D103*D22-D103*D23-(D103-C103)*D24,"-") | E106: =IFERROR(E105*(1-E25)+E103*E22-E103*E23-(E103-D103)*E24,"-") | F106: =IFERROR(F105*(1-F25)+F103*F22-F103*F23-(F103-E103)*F24,"-")
A108: TV (Perpetuity Growth) | B108: =IFERROR(F106*(1+$B$99)/($B$15-$B$99),"-")
A109: TV (Exit Multiple) | B109: =IFERROR(F104*$B$27,"-")
A110: Selected TV (perpetuity growth) | B110: =IFERROR(B108,"-")
A111: PV of UFCFs | B111: =IFERROR(B106*B51+C106*C51+D106*D51+E106*E51+F106*F51,"-")
A112: PV of Terminal Value | B112: =IFERROR(B110*F51,"-")
...

Sheet Metrics
A2: Colour key:
A3: Period | B3: =Data!B13 | C3: =Data!C13 | D3: =Data!D13 | E3: =Data!E13 | F3: =Data!F13 | G3: =Data!G13 | H3: =Data!H13 | I3: =Data!I13 | ... L3: =Data!L13
A4: Gross Margin | C4: =IFERROR(IF(OR(NOT(ISNUMBER(Data!C16)),NOT(ISNUMBER(Data!C14))),"-",Data!C16/Data!C14),"-") | D4: =IFERROR(IF(OR(NOT(ISNUMBER(Data!D16)),NOT(ISNUMBER(Data!D14))),"-",Data!D16/Data!D14),"-") | E4: =IFERROR(IF(OR(NOT(ISNUMBER(Data!E16)),NOT(ISNUMBER(Data!E14))),"-",Data!E16/Data!E14),"-") | F4: =IFERROR(IF(OR(NOT(ISNUMBER(Data!F16)),NOT(ISNUMBER(Data!F14))),"-",Data!F16/Data!F14),"-") | G4: =IFERROR(IF(OR(NOT(ISNUMBER(Data!G16)),NOT(ISNUMBER(Data!G14))),"-",Data!G16/Data!G14),"-") | H4: =IFERROR(IF(OR(NOT(ISNUMBER(Data!H16)),NOT(ISNUMBER(Data!H14))),"-",Data!H16/Data!H14),"-") | I4: =IFERROR(IF(OR(NOT(ISNUMBER(Data!I16)),NOT(ISNUMBER(Data!I14))),"-",Data!I16/Data!I14),"-") | J4: =IFERROR(IF(OR(NOT(ISNUMBER(Data!J16)),NOT(ISNUMBER(Data!J14))),"-",Data!J16/Data!J14),"-") | ... L4: =IFERROR(IF(OR(NOT(ISNUMBER(Data!L16)),NOT(ISNUMBER(Data!L14))),"-",Data!L16/Data!L14),"-")
A5: EBITDA Margin | C5: =IFERROR(IF(OR(NOT(ISNUMBER(Data!C20)),NOT(ISNUMBER(Data!C14))),"-",Data!C20/Data!C14),"-") | D5: =IFERROR(IF(OR(NOT(ISNUMBER(Data!D20)),NOT(ISNUMBER(Data!D14))),"-",Data!D20/Data!D14),"-") | E5: =IFERROR(IF(OR(NOT(ISNUMBER(Data!E20)),NOT(ISNUMBER(Data!E14))),"-",Data!E20/Data!E14),"-") | F5: =IFERROR(IF(OR(NOT(ISNUMBER(Data!F20)),NOT(ISNUMBER(Data!F14))),"-",Data!F20/Data!F14),"-") | G5: =IFERROR(IF(OR(NOT(ISNUMBER(Data!G20)),NOT(ISNUMBER(Data!G14))),"-",Data!G20/Data!G14),"-") | H5: =IFERROR(IF(OR(NOT(ISNUMBER(Data!H20)),NOT(ISNUMBER(Data!H14))),"-",Data!H20/Data!H14),"-") | I5: =IFERROR(IF(OR(NOT(ISNUMBER(Data!I20)),NOT(ISNUMBER(Data!I14))),"-",Data!I20/Data!I14),"-") | J5: =IFERROR(IF(OR(NOT(ISNUMBER(Data!J20)),NOT(ISNUMBER(Data!J14))),"-",Data!J20/Data!J14),"-") | ... L5: =IFERROR(IF(OR(NOT(ISNUMBER(Data!L20)),NOT(ISNUMBER(Data!L14))),"-",Data!L20/Data!L14),"-")
A6: Operating Margin | C6: =IFERROR(IF(OR(NOT(ISNUMBER(Data!C22)),NOT(ISNUMBER(Data!C14))),"-",Data!C22/Data!C14),"-") | D6: =IFERROR(IF(OR(NOT(ISNUMBER(Data!D22)),NOT(ISNUMBER(Data!D14))),"-",Data!D22/Data!D14),"-") | E6: =IFERROR(IF(OR(NOT(ISNUMBER(Data!E22)),NOT(ISNUMBER(Data!E14))),"-",Data!E22/Data!E14),"-") | F6: =IFERROR(IF(OR(NOT(ISNUMBER(Data!F22)),NOT(ISNUMBER(Data!F14))),"-",Data!F22/Data!F14),"-") | G6: =IFERROR(IF(OR(NOT(ISNUMBER(Data!G22)),NOT(ISNUMBER(Data!G14))),"-",Data!G22/Data!G14),"-") | H6: =IFERROR(IF(OR(NOT(ISNUMBER(Data!H22)),NOT(ISNUMBER(Data!H14))),"-",Data!H22/Data!H14),"-") | I6: =IFERROR(IF(OR(NOT(ISNUMBER(Data!I22)),NOT(ISNUMBER(Data!I14))),"-",Data!I22/Data!I14),"-") | J6: =IFERROR(IF(OR(NOT(ISNUMBER(Data!J22)),NOT(ISNUMBER(Data!J14))),"-",Data!J22/Data!J14),"-") | ... L6: =IFERROR(IF(OR(NOT(ISNUMBER(Data!L22)),NOT(ISNUMBER(Data!L14))),"-",Data!L22/Data!L14),"-")
A7: Net Margin | C7: =IFERROR(IF(OR(NOT(ISNUMBER(Data!C26)),NOT(ISNUMBER(Data!C14))),"-",Data!C26/Data!C14),"-") | D7: =IFERROR(IF(OR(NOT(ISNUMBER(Data!D26)),NOT(ISNUMBER(Data!D14))),"-",Data!D26/Data!D14),"-") | E7: =IFERROR(IF(OR(NOT(ISNUMBER(Data!E26)),NOT(ISNUMBER(Data!E14))),"-",Data!E26/Data!E14),"-") | F7: =IFERROR(IF(OR(NOT(ISNUMBER(Data!F26)),NOT(ISNUMBER(Data!F14))),"-",Data!F26/Data!F14),"-") | G7: =IFERROR(IF(OR(NOT(ISNUMBER(Data!G26)),NOT(ISNUMBER(Data!G14))),"-",Data!G26/Data!G14),"-") | H7: =IFERROR(IF(OR(NOT(ISNUMBER(Data!H26)),NOT(ISNUMBER(Data!H14))),"-",Data!H26/Data!H14),"-") | I7: =IFERROR(IF(OR(NOT(ISNUMBER(Data!I26)),NOT(ISNUMBER(Data!I14))),"-",Data!I26/Data!I14),"-") | J7: =IFERROR(IF(OR(NOT(ISNUMBER(Data!J26)),NOT(ISNUMBER(Data!J14))),"-",Data!J26/Data!J14),"-") | ... L7: =IFERROR(IF(OR(NOT(ISNUMBER(Data!L26)),NOT(ISNUMBER(Data!L14))),"-",Data!L26/Data!L14),"-")
A8: FCF Margin | C8: =IFERROR(IF(OR(NOT(ISNUMBER(Data!C53)),NOT(ISNUMBER(Data!C14))),"-",Data!C53/Data!C14),"-") | D8: =IFERROR(IF(OR(NOT(ISNUMBER(Data!D53)),NOT(ISNUMBER(Data!D14))),"-",Data!D53/Data!D14),"-") | E8: =IFERROR(IF(OR(NOT(ISNUMBER(Data!E53)),NOT(ISNUMBER(Data!E14))),"-",Data!E53/Data!E14),"-") | F8: =IFERROR(IF(OR(NOT(ISNUMBER(Data!F53)),NOT(ISNUMBER(Data!F14))),"-",Data!F53/Data!F14),"-") | G8: =IFERROR(IF(OR(NOT(ISNUMBER(Data!G53)),NOT(ISNUMBER(Data!G14))),"-",Data!G53/Data!G14),"-") | H8: =IFERROR(IF(OR(NOT(ISNUMBER(Data!H53)),NOT(ISNUMBER(Data!H14))),"-",Data!H53/Data!H14),"-") | I8: =IFERROR(IF(OR(NOT(ISNUMBER(Data!I53)),NOT(ISNUMBER(Data!I14))),"-",Data!I53/Data!I14),"-") | J8: =IFERROR(IF(OR(NOT(ISNUMBER(Data!J53)),NOT(ISNUMBER(Data!J14))),"-",Data!J53/Data!J14),"-") | ... L8: =IFERROR(IF(OR(NOT(ISNUMBER(Data!L53)),NOT(ISNUMBER(Data!L14))),"-",Data!L53/Data!L14),"-")
A10: RETURNS
A11: Period | B11: =Data!B13 | C11: =Data!C13 | D11: =Data!D13 | E11: =Data!E13 | F11: =Data!F13 | G11: =Data!G13 | H11: =Data!H13 | I11: =Data!I13 | ... L11: =Data!L13 | N11: Year -2 Q1 | O11: Year -2 Q2 | P11: Year -2 Q3 | Q11: Year -2 Q4 | R11: Year -1 Q1 | S11: Year -1 Q2 | T11: Year -1 Q3 | U11: Year -1 Q4 | V11: Current Year Q1 | W11: Current Year Q2 | X11: Current Year Q3 | Y11: Current Year Q4
A12: ROE | C12: =IFERROR(IF(OR(NOT(ISNUMBER(Data!C26)),NOT(ISNUMBER(Data!C41))),"-",Data!C26/(IF(OR(NOT(ISNUMBER(Data!B41)),Data!B41=0),Data!C41,(Data!C41+Data!B41)/2))),"-") | D12: =IFERROR(IF(OR(NOT(ISNUMBER(Data!D26)),NOT(ISNUMBER(Data!D41))),"-",Data!D26/(IF(OR(NOT(ISNUMBER(Data!C41)),Data!C41=0),Data!D41,(Data!D41+Data!C41)/2))),"-") | E12: =IFERROR(IF(OR(NOT(ISNUMBER(Data!E26)),NOT(ISNUMBER(Data!E41))),"-",Data!E26/(IF(OR(NOT(ISNUMBER(Data!D41)),Data!D41=0),Data!E41,(Data!E41+Data!D41)/2))),"-") | F12: =IFERROR(IF(OR(NOT(ISNUMBER(Data!F26)),NOT(ISNUMBER(Data!F41))),"-",Data!F26/(IF(OR(NOT(ISNUMBER(Data!E41)),Data!E41=0),Data!F41,(Data!F41+Data!E41)/2))),"-") | G12: =IFERROR(IF(OR(NOT(ISNUMBER(Data!G26)),NOT(ISNUMBER(Data!G41))),"-",Data!G26/(IF(OR(NOT(ISNUMBER(Data!F41)),Data!F41=0),Data!G41,(Data!G41+Data!F41)/2))),"-") | H12: =IFERROR(IF(OR(NOT(ISNUMBER(Data!H26)),NOT(ISNUMBER(Data!H41))),"-",Data!H26/(IF(OR(NOT(ISNUMBER(Data!G41)),Data!G41=0),Data!H41,(Data!H41+Data!G41)/2))),"-") | I12: =IFERROR(IF(OR(NOT(ISNUMBER(Data!I26)),NOT(ISNUMBER(Data!I41))),"-",Data!I26/(IF(OR(NOT(ISNUMBER(Data!H41)),Data!H41=0),Data!I41,(Data!I41+Data!H41)/2))),"-") | J12: =IFERROR(IF(OR(NOT(ISNUMBER(Data!J26)),NOT(ISNUMBER(Data!J41))),"-",Data!J26/(IF(OR(NOT(ISNUMBER(Data!I41)),Data!I41=0),Data!J41,(Data!J41+Data!I41)/2))),"-") | ... L12: =IFERROR(IF(OR(NOT(ISNUMBER(Data!L26)),NOT(ISNUMBER(Data!L41))),"-",Data!L26/(IF(OR(NOT(ISNUMBER(Data!K41)),Data!K41=0),Data!L41,(Data!L41+Data!K41)/2))),"-") | Q12: =IFERROR(IF(OR(NOT(ISNUMBER(Data!N26)),NOT(ISNUMBER(Data!O26)),NOT(ISNUMBER(Data!P26)),NOT(ISNUMBER(Data!Q26)),NOT(ISNUMBER(Data!Q41))),"-",(Data!N26+Data!O26+Data!P26+Data!Q26)/Data!Q41),"-") | R12: =IFERROR(IF(OR(NOT(ISNUMBER(Data!O26)),NOT(ISNUMBER(Data!P26)),NOT(ISNUMBER(Data!Q26)),NOT(ISNUMBER(Data!R26)),NOT(ISNUMBER(Data!R41)),NOT(ISNUMBER(Data!N41))),"-",(Data!O26+Data!P26+Data!Q26+Data!R26)/((Data!R41+Data!N41)/2)),"-") | S12: =IFERROR(IF(OR(NOT(ISNUMBER(Data!P26)),NOT(ISNUMBER(Data!Q26)),NOT(ISNUMBER(Data!R26)),NOT(ISNUMBER(Data!S26)),NOT(ISNUMBER(Data!S41)),NOT(ISNUMBER(Data!O41))),"-",(Data!P26+Data!Q26+Data!R26+Data!S26)/((Data!S41+Data!O41)/2)),"-") | T12: =IFERROR(IF(OR(NOT(ISNUMBER(Data!Q26)),NOT(ISNUMBER(Data!R26)),NOT(ISNUMBER(Data!S26)),NOT(ISNUMBER(Data!T26)),NOT(ISNUMBER(Data!T41)),NOT(ISNUMBER(Data!P41))),"-",(Data!Q26+Data!R26+Data!S26+Data!T26)/((Data!T41+Data!P41)/2)),"-") | U12: =IFERROR(IF(OR(NOT(ISNUMBER(Data!R26)),NOT(ISNUMBER(Data!S26)),NOT(ISNUMBER(Data!T26)),NOT(ISNUMBER(Data!U26)),NOT(ISNUMBER(Data!U41)),NOT(ISNUMBER(Data!Q41))),"-",(Data!R26+Data!S26+Data!T26+Data!U26)/((Data!U41+Data!Q41)/2)),"-") | V12: =IFERROR(IF(OR(NOT(ISNUMBER(Data!S26)),NOT(ISNUMBER(Data!T26)),NOT(ISNUMBER(Data!U26)),NOT(ISNUMBER(Data!V26)),NOT(ISNUMBER(Data!V41)),NOT(ISNUMBER(Data!R41))),"-",(Data!S26+Data!T26+Data!U26+Data!V26)/((Data!V41+Data!R41)/2)),"-") | W12: =IFERROR(IF(OR(NOT(ISNUMBER(Data!T26)),NOT(ISNUMBER(Data!U26)),NOT(ISNUMBER(Data!V26)),NOT(ISNUMBER(Data!W26)),NOT(ISNUMBER(Data!W41)),NOT(ISNUMBER(Data!S41))),"-",(Data!T26+Data!U26+Data!V26+Data!W26)/((Data!W41+Data!S41)/2)),"-") | X12: =IFERROR(IF(OR(NOT(ISNUMBER(Data!U26)),NOT(ISNUMBER(Data!V26)),NOT(ISNUMBER(Data!W26)),NOT(ISNUMBER(Data!X26)),NOT(ISNUMBER(Data!X41)),NOT(ISNUMBER(Data!T41))),"-",(Data!U26+Data!V26+Data!W26+Data!X26)/((Data!X41+Data!T41)/2)),"-") | Y12: =IFERROR(IF(OR(NOT(ISNUMBER(Data!V26)),NOT(ISNUMBER(Data!W26)),NOT(ISNUMBER(Data!X26)),NOT(ISNUMBER(Data!Y26)),NOT(ISNUMBER(Data!Y41)),NOT(ISNUMBER(Data!U41))),"-",(Data!V26+Data!W26+Data!X26+Data!Y26)/((Data!Y41+Data!U41)/2)),"-")
A13: ROA | C13: =IFERROR(IF(OR(NOT(ISNUMBER(Data!C26)),NOT(ISNUMBER(Data!C39))),"-",Data!C26/(IF(OR(NOT(ISNUMBER(Data!B39)),Data!B39=0),Data!C39,(Data!C39+Data!B39)/2))),"-") | D13: =IFERROR(IF(OR(NOT(ISNUMBER(Data!D26)),NOT(ISNUMBER(Data!D39))),"-",Data!D26/(IF(OR(NOT(ISNUMBER(Data!C39)),Data!C39=0),Data!D39,(Data!D39+Data!C39)/2))),"-") | E13: =IFERROR(IF(OR(NOT(ISNUMBER(Data!E26)),NOT(ISNUMBER(Data!E39))),"-",Data!E26/(IF(OR(NOT(ISNUMBER(Data!D39)),Data!D39=0),Data!E39,(Data!E39+Data!D39)/2))),"-") | F13: =IFERROR(IF(OR(NOT(ISNUMBER(Data!F26)),NOT(ISNUMBER(Data!F39))),"-",Data!F26/(IF(OR(NOT(ISNUMBER(Data!E39)),Data!E39=0),Data!F39,(Data!F39+Data!E39)/2))),"-") | G13: =IFERROR(IF(OR(NOT(ISNUMBER(Data!G26)),NOT(ISNUMBER(Data!G39))),"-",Data!G26/(IF(OR(NOT(ISNUMBER(Data!F39)),Data!F39=0),Data!G39,(Data!G39+Data!F39)/2))),"-") | H13: =IFERROR(IF(OR(NOT(ISNUMBER(Data!H26)),NOT(ISNUMBER(Data!H39))),"-",Data!H26/(IF(OR(NOT(ISNUMBER(Data!G39)),Data!G39=0),Data!H39,(Data!H39+Data!G39)/2))),"-") | I13: =IFERROR(IF(OR(NOT(ISNUMBER(Data!I26)),NOT(ISNUMBER(Data!I39))),"-",Data!I26/(IF(OR(NOT(ISNUMBER(Data!H39)),Data!H39=0),Data!I39,(Data!I39+Data!H39)/2))),"-") | J13: =IFERROR(IF(OR(NOT(ISNUMBER(Data!J26)),NOT(ISNUMBER(Data!J39))),"-",Data!J26/(IF(OR(NOT(ISNUMBER(Data!I39)),Data!I39=0),Data!J39,(Data!J39+Data!I39)/2))),"-") | ... L13: =IFERROR(IF(OR(NOT(ISNUMBER(Data!L26)),NOT(ISNUMBER(Data!L39))),"-",Data!L26/(IF(OR(NOT(ISNUMBER(Data!K39)),Data!K39=0),Data!L39,(Data!L39+Data!K39)/2))),"-") | Q13: =IFERROR(IF(OR(NOT(ISNUMBER(Data!N26)),NOT(ISNUMBER(Data!O26)),NOT(ISNUMBER(Data!P26)),NOT(ISNUMBER(Data!Q26)),NOT(ISNUMBER(Data!Q39))),"-",(Data!N26+Data!O26+Data!P26+Data!Q26)/Data!Q39),"-") | R13: =IFERROR(IF(OR(NOT(ISNUMBER(Data!O26)),NOT(ISNUMBER(Data!P26)),NOT(ISNUMBER(Data!Q26)),NOT(ISNUMBER(Data!R26)),NOT(ISNUMBER(Data!R39)),NOT(ISNUMBER(Data!N39))),"-",(Data!O26+Data!P26+Data!Q26+Data!R26)/((Data!R39+Data!N39)/2)),"-") | S13: =IFERROR(IF(OR(NOT(ISNUMBER(Data!P26)),NOT(ISNUMBER(Data!Q26)),NOT(ISNUMBER(Data!R26)),NOT(ISNUMBER(Data!S26)),NOT(ISNUMBER(Data!S39)),NOT(ISNUMBER(Data!O39))),"-",(Data!P26+Data!Q26+Data!R26+Data!S26)/((Data!S39+Data!O39)/2)),"-") | T13: =IFERROR(IF(OR(NOT(ISNUMBER(Data!Q26)),NOT(ISNUMBER(Data!R26)),NOT(ISNUMBER(Data!S26)),NOT(ISNUMBER(Data!T26)),NOT(ISNUMBER(Data!T39)),NOT(ISNUMBER(Data!P39))),"-",(Data!Q26+Data!R26+Data!S26+Data!T26)/((Data!T39+Data!P39)/2)),"-") | U13: =IFERROR(IF(OR(NOT(ISNUMBER(Data!R26)),NOT(ISNUMBER(Data!S26)),NOT(ISNUMBER(Data!T26)),NOT(ISNUMBER(Data!U26)),NOT(ISNUMBER(Data!U39)),NOT(ISNUMBER(Data!Q39))),"-",(Data!R26+Data!S26+Data!T26+Data!U26)/((Data!U39+Data!Q39)/2)),"-") | V13: =IFERROR(IF(OR(NOT(ISNUMBER(Data!S26)),NOT(ISNUMBER(Data!T26)),NOT(ISNUMBER(Data!U26)),NOT(ISNUMBER(Data!V26)),NOT(ISNUMBER(Data!V39)),NOT(ISNUMBER(Data!R39))),"-",(Data!S26+Data!T26+Data!U26+Data!V26)/((Data!V39+Data!R39)/2)),"-") | W13: =IFERROR(IF(OR(NOT(ISNUMBER(Data!T26)),NOT(ISNUMBER(Data!U26)),NOT(ISNUMBER(Data!V26)),NOT(ISNUMBER(Data!W26)),NOT(ISNUMBER(Data!W39)),NOT(ISNUMBER(Data!S39))),"-",(Data!T26+Data!U26+Data!V26+Data!W26)/((Data!W39+Data!S39)/2)),"-") | X13: =IFERROR(IF(OR(NOT(ISNUMBER(Data!U26)),NOT(ISNUMBER(Data!V26)),NOT(ISNUMBER(Data!W26)),NOT(ISNUMBER(Data!X26)),NOT(ISNUMBER(Data!X39)),NOT(ISNUMBER(Data!T39))),"-",(Data!U26+Data!V26+Data!W26+Data!X26)/((Data!X39+Data!T39)/2)),"-") | Y13: =IFERROR(IF(OR(NOT(ISNUMBER(Data!V26)),NOT(ISNUMBER(Data!W26)),NOT(ISNUMBER(Data!X26)),NOT(ISNUMBER(Data!Y26)),NOT(ISNUMBER(Data!Y39)),NOT(ISNUMBER(Data!U39))),"-",(Data!V26+Data!W26+Data!X26+Data!Y26)/((Data!Y39+Data!U39)/2)),"-")
A14: ROIC | C14: =IFERROR(IF(NOT(ISNUMBER(Data!C22)),"-",(Data!C22*(1-IF(AND(ISNUMBER(Data!C24),Data!C24<>0,ISNUMBER(Data!C25)),Data!C25/Data!C24,0.21)))/(IF(AND(ISNUMBER(Data!B41),ISNUMBER(Data!B35),ISNUMBER(Data!B32)),((Data!C41+Data!C35-Data!C32)+(Data!B41+Data!B35-Data!B32))/2,(Data!C41+Data!C35-Data!C32)))),"-") | D14: =IFERROR(IF(OR(NOT(ISNUMBER(Data!D22)),NOT(AND(AND((Data!D41+Data!D35-Data!D32)>0,OR(NOT(ISNUMBER(Data!D14)),ABS((Data!D41+Data!D35-Data!D32))>=0.05*ABS(Data!D14))),AND(IF(AND(AND(ISNUMBER(Data!C41),ISNUMBER(Data!C35),ISNUMBER(Data!C32)),AND((Data!C41+Data!C35-Data!C32)>0,OR(NOT(ISNUMBER(Data!D14)),ABS((Data!C41+Data!C35-Data!C32))>=0.05*ABS(Data!D14)))),((Data!D41+Data!D35-Data!D32)+(Data!C41+Data!C35-Data!C32))/2,(Data!D41+Data!D35-Data!D32))>0,OR(NOT(ISNUMBER(Data!D14)),ABS(IF(AND(AND(ISNUMBER(Data!C41),ISNUMBER(Data!C35),ISNUMBER(Data!C32)),AND((Data!C41+Data!C35-Data!C32)>0,OR(NOT(ISNUMBER(Data!D14)),ABS((Data!C41+Data!C35-Data!C32))>=0.05*ABS(Data!D14)))),((Data!D41+Data!D35-Data!D32)+(Data!C41+Data!C35-Data!C32))/2,(Data!D41+Data!D35-Data!D32)))>=0.05*ABS(Data!D14)))))),"-",(Data!D22*(1-IF(AND(ISNUMBER(Data!D24),Data!D24<>0,ISNUMBER(Data!D25)),Data!D25/Data!D24,0.21)))/(IF(AND(AND(ISNUMBER(Data!C41),ISNUMBER(Data!C35),ISNUMBER(Data!C32)),AND((Data!C41+Data!C35-Data!C32)>0,OR(NOT(ISNUMBER(Data!D14)),ABS((Data!C41+Data!C35-Data!C32))>=0.05*ABS(Data!D14)))),((Data!D41+Data!D35-Data!D32)+(Data!C41+Data!C35-Data!C32))/2,(Data!D41+Data!D35-Data!D32)))),"-") | E14: =IFERROR(IF(OR(NOT(ISNUMBER(Data!E22)),NOT(AND(AND((Data!E41+Data!E35-Data!E32)>0,OR(NOT(ISNUMBER(Data!E14)),ABS((Data!E41+Data!E35-Data!E32))>=0.05*ABS(Data!E14))),AND(IF(AND(AND(ISNUMBER(Data!D41),ISNUMBER(Data!D35),ISNUMBER(Data!D32)),AND((Data!D41+Data!D35-Data!D32)>0,OR(NOT(ISNUMBER(Data!E14)),ABS((Data!D41+Data!D35-Data!D32))>=0.05*ABS(Data!E14)))),((Data!E41+Data!E35-Data!E32)+(Data!D41+Data!D35-Data!D32))/2,(Data!E41+Data!E35-Data!E32))>0,OR(NOT(ISNUMBER(Data!E14)),ABS(IF(AND(AND(ISNUMBER(Data!D41),ISNUMBER(Data!D35),ISNUMBER(Data!D32)),AND((Data!D41+Data!D35-Data!D32)>0,OR(NOT(ISNUMBER(Data!E14)),ABS((Data!D41+Data!D35-Data!D32))>=0.05*ABS(Data!E14)))),((Data!E41+Data!E35-Data!E32)+(Data!D41+Data!D35-Data!D32))/2,(Data!E41+Data!E35-Data!E32)))>=0.05*ABS(Data!E14)))))),"-",(Data!E22*(1-IF(AND(ISNUMBER(Data!E24),Data!E24<>0,ISNUMBER(Data!E25)),Data!E25/Data!E24,0.21)))/(IF(AND(AND(ISNUMBER(Data!D41),ISNUMBER(Data!D35),ISNUMBER(Data!D32)),AND((Data!D41+Data!D35-Data!D32)>0,OR(NOT(ISNUMBER(Data!E14)),ABS((Data!D41+Data!D35-Data!D32))>=0.05*ABS(Data!E14)))),((Data!E41+Data!E35-Data!E32)+(Data!D41+Data!D35-Data!D32))/2,(Data!E41+Data!E35-Data!E32)))),"-") | F14: =IFERROR(IF(OR(NOT(ISNUMBER(Data!F22)),NOT(AND(AND((Data!F41+Data!F35-Data!F32)>0,OR(NOT(ISNUMBER(Data!F14)),ABS((Data!F41+Data!F35-Data!F32))>=0.05*ABS(Data!F14))),AND(IF(AND(AND(ISNUMBER(Data!E41),ISNUMBER(Data!E35),ISNUMBER(Data!E32)),AND((Data!E41+Data!E35-Data!E32)>0,OR(NOT(ISNUMBER(Data!F14)),ABS((Data!E41+Data!E35-Data!E32))>=0.05*ABS(Data!F14)))),((Data!F41+Data!F35-Data!F32)+(Data!E41+Data!E35-Data!E32))/2,(Data!F41+Data!F35-Data!F32))>0,OR(NOT(ISNUMBER(Data!F14)),ABS(IF(AND(AND(ISNUMBER(Data!E41),ISNUMBER(Data!E35),ISNUMBER(Data!E32)),AND((Data!E41+Data!E35-Data!E32)>0,OR(NOT(ISNUMBER(Data!F14)),ABS((Data!E41+Data!E35-Data!E32))>=0.05*ABS(Data!F14)))),((Data!F41+Data!F35-Data!F32)+(Data!E41+Data!E35-Data!E32))/2,(Data!F41+Data!F35-Data!F32)))>=0.05*ABS(Data!F14)))))),"-",(Data!F22*(1-IF(AND(ISNUMBER(Data!F24),Data!F24<>0,ISNUMBER(Data!F25)),Data!F25/Data!F24,0.21)))/(IF(AND(AND(ISNUMBER(Data!E41),ISNUMBER(Data!E35),ISNUMBER(Data!E32)),AND((Data!E41+Data!E35-Data!E32)>0,OR(NOT(ISNUMBER(Data!F14)),ABS((Data!E41+Data!E35-Data!E32))>=0.05*ABS(Data!F14)))),((Data!F41+Data!F35-Data!F32)+(Data!E41+Data!E35-Data!E32))/2,(Data!F41+Data!F35-Data!F32)))),"-") | G14: =IFERROR(IF(OR(NOT(ISNUMBER(Data!G22)),NOT(AND(AND((Data!G41+Data!G35-Data!G32)>0,OR(NOT(ISNUMBER(Data!G14)),ABS((Data!G41+Data!G35-Data!G32))>=0.05*ABS(Data!G14))),AND(IF(AND(AND(ISNUMBER(Data!F41),ISNUMBER(Data!F35),ISNUMBER(Data!F32)),AND((Data!F41+Data!F35-Data!F32)>0,OR(NOT(ISNUMBER(Data!G14)),ABS((Data!F41+Data!F35-Data!F32))>=0.05*ABS(Data!G14)))),((Data!G41+Data!G35-Data!G32)+(Data!F41+Data!F35-Data!F32))/2,(Data!G41+Data!G35-Data!G32))>0,OR(NOT(ISNUMBER(Data!G14)),ABS(IF(AND(AND(ISNUMBER(Data!F41),ISNUMBER(Data!F35),ISNUMBER(Data!F32)),AND((Data!F41+Data!F35-Data!F32)>0,OR(NOT(ISNUMBER(Data!G14)),ABS((Data!F41+Data!F35-Data!F32))>=0.05*ABS(Data!G14)))),((Data!G41+Data!G35-Data!G32)+(Data!F41+Data!F35-Data!F32))/2,(Data!G41+Data!G35-Data!G32)))>=0.05*ABS(Data!G14)))))),"-",(Data!G22*(1-IF(AND(ISNUMBER(Data!G24),Data!G24<>0,ISNUMBER(Data!G25)),Data!G25/Data!G24,0.21)))/(IF(AND(AND(ISNUMBER(Data!F41),ISNUMBER(Data!F35),ISNUMBER(Data!F32)),AND((Data!F41+Data!F35-Data!F32)>0,OR(NOT(ISNUMBER(Data!G14)),ABS((Data!F41+Data!F35-Data!F32))>=0.05*ABS(Data!G14)))),((Data!G41+Data!G35-Data!G32)+(Data!F41+Data!F35-Data!F32))/2,(Data!G41+Data!G35-Data!G32)))),"-") | H14: =IFERROR(IF(OR(NOT(ISNUMBER(Data!H22)),NOT(AND(AND((Data!H41+Data!H35-Data!H32)>0,OR(NOT(ISNUMBER(Data!H14)),ABS((Data!H41+Data!H35-Data!H32))>=0.05*ABS(Data!H14))),AND(IF(AND(AND(ISNUMBER(Data!G41),ISNUMBER(Data!G35),ISNUMBER(Data!G32)),AND((Data!G41+Data!G35-Data!G32)>0,OR(NOT(ISNUMBER(Data!H14)),ABS((Data!G41+Data!G35-Data!G32))>=0.05*ABS(Data!H14)))),((Data!H41+Data!H35-Data!H32)+(Data!G41+Data!G35-Data!G32))/2,(Data!H41+Data!H35-Data!H32))>0,OR(NOT(ISNUMBER(Data!H14)),ABS(IF(AND(AND(ISNUMBER(Data!G41),ISNUMBER(Data!G35),ISNUMBER(Data!G32)),AND((Data!G41+Data!G35-Data!G32)>0,OR(NOT(ISNUMBER(Data!H14)),ABS((Data!G41+Data!G35-Data!G32))>=0.05*ABS(Data!H14)))),((Data!H41+Data!H35-Data!H32)+(Data!G41+Data!G35-Data!G32))/2,(Data!H41+Data!H35-Data!H32)))>=0.05*ABS(Data!H14)))))),"-",(Data!H22*(1-IF(AND(ISNUMBER(Data!H24),Data!H24<>0,ISNUMBER(Data!H25)),Data!H25/Data!H24,0.21)))/(IF(AND(AND(ISNUMBER(Data!G41),ISNUMBER(Data!G35),ISNUMBER(Data!G32)),AND((Data!G41+Data!G35-Data!G32)>0,OR(NOT(ISNUMBER(Data!H14)),ABS((Data!G41+Data!G35-Data!G32))>=0.05*ABS(Data!H14)))),((Data!H41+Data!H35-Data!H32)+(Data!G41+Data!G35-Data!G32))/2,(Data!H41+Data!H35-Data!H32)))),"-") | I14: =IFERROR(IF(OR(NOT(ISNUMBER(Data!I22)),NOT(AND(AND((Data!I41+Data!I35-Data!I32)>0,OR(NOT(ISNUMBER(Data!I14)),ABS((Data!I41+Data!I35-Data!I32))>=0.05*ABS(Data!I14))),AND(IF(AND(AND(ISNUMBER(Data!H41),ISNUMBER(Data!H35),ISNUMBER(Data!H32)),AND((Data!H41+Data!H35-Data!H32)>0,OR(NOT(ISNUMBER(Data!I14)),ABS((Data!H41+Data!H35-Data!H32))>=0.05*ABS(Data!I14)))),((Data!I41+Data!I35-Data!I32)+(Data!H41+Data!H35-Data!H32))/2,(Data!I41+Data!I35-Data!I32))>0,OR(NOT(ISNUMBER(Data!I14)),ABS(IF(AND(AND(ISNUMBER(Data!H41),ISNUMBER(Data!H35),ISNUMBER(Data!H32)),AND((Data!H41+Data!H35-Data!H32)>0,OR(NOT(ISNUMBER(Data!I14)),ABS((Data!H41+Data!H35-Data!H32))>=0.05*ABS(Data!I14)))),((Data!I41+Data!I35-Data!I32)+(Data!H41+Data!H35-Data!H32))/2,(Data!I41+Data!I35-Data!I32)))>=0.05*ABS(Data!I14)))))),"-",(Data!I22*(1-IF(AND(ISNUMBER(Data!I24),Data!I24<>0,ISNUMBER(Data!I25)),Data!I25/Data!I24,0.21)))/(IF(AND(AND(ISNUMBER(Data!H41),ISNUMBER(Data!H35),ISNUMBER(Data!H32)),AND((Data!H41+Data!H35-Data!H32)>0,OR(NOT(ISNUMBER(Data!I14)),ABS((Data!H41+Data!H35-Data!H32))>=0.05*ABS(Data!I14)))),((Data!I41+Data!I35-Data!I32)+(Data!H41+Data!H35-Data!H32))/2,(Data!I41+Data!I35-Data!I32)))),"-") | J14: =IFERROR(IF(OR(NOT(ISNUMBER(Data!J22)),NOT(AND(AND((Data!J41+Data!J35-Data!J32)>0,OR(NOT(ISNUMBER(Data!J14)),ABS((Data!J41+Data!J35-Data!J32))>=0.05*ABS(Data!J14))),AND(IF(AND(AND(ISNUMBER(Data!I41),ISNUMBER(Data!I35),ISNUMBER(Data!I32)),AND((Data!I41+Data!I35-Data!I32)>0,OR(NOT(ISNUMBER(Data!J14)),ABS((Data!I41+Data!I35-Data!I32))>=0.05*ABS(Data!J14)))),((Data!J41+Data!J35-Data!J32)+(Data!I41+Data!I35-Data!I32))/2,(Data!J41+Data!J35-Data!J32))>0,OR(NOT(ISNUMBER(Data!J14)),ABS(IF(AND(AND(ISNUMBER(Data!I41),ISNUMBER(Data!I35),ISNUMBER(Data!I32)),AND((Data!I41+Data!I35-Data!I32)>0,OR(NOT(ISNUMBER(Data!J14)),ABS((Data!I41+Data!I35-Data!I32))>=0.05*ABS(Data!J14)))),((Data!J41+Data!J35-Data!J32)+(Data!I41+Data!I35-Data!I32))/2,(Data!J41+Data!J35-Data!J32)))>=0.05*ABS(Data!J14)))))),"-",(Data!J22*(1-IF(AND(ISNUMBER(Data!J24),Data!J24<>0,ISNUMBER(Data!J25)),Data!J25/Data!J24,0.21)))/(IF(AND(AND(ISNUMBER(Data!I41),ISNUMBER(Data!I35),ISNUMBER(Data!I32)),AND((Data!I41+Data!I35-Data!I32)>0,OR(NOT(ISNUMBER(Data!J14)),ABS((Data!I41+Data!I35-Data!I32))>=0.05*ABS(Data!J14)))),((Data!J41+Data!J35-Data!J32)+(Data!I41+Data!I35-Data!I32))/2,(Data!J41+Data!J35-Data!J32)))),"-") | K14: =IFERROR(IF(OR(NOT(ISNUMBER(Data!K22)),NOT(AND(AND((Data!K41+Data!K35-Data!K32)>0,OR(NOT(ISNUMBER(Data!K14)),ABS((Data!K41+Data!K35-Data!K32))>=0.05*ABS(Data!K14))),AND(IF(AND(AND(ISNUMBER(Data!J41),ISNUMBER(Data!J35),ISNUMBER(Data!J32)),AND((Data!J41+Data!J35-Data!J32)>0,OR(NOT(ISNUMBER(Data!K14)),ABS((Data!J41+Data!J35-Data!J32))>=0.05*ABS(Data!K14)))),((Data!K41+Data!K35-Data!K32)+(Data!J41+Data!J35-Data!J32))/2,(Data!K41+Data!K35-Data!K32))>0,OR(NOT(ISNUMBER(Data!K14)),ABS(IF(AND(AND(ISNUMBER(Data!J41),ISNUMBER(Data!J35),ISNUMBER(Data!J32)),AND((Data!J41+Data!J35-Data!J32)>0,OR(NOT(ISNUMBER(Data!K14)),ABS((Data!J41+Data!J35-Data!J32))>=0.05*ABS(Data!K14)))),((Data!K41+Data!K35-Data!K32)+(Data!J41+Data!J35-Data!J32))/2,(Data!K41+Data!K35-Data!K32)))>=0.05*ABS(Data!K14)))))),"-",(Data!K22*(1-IF(AND(ISNUMBER(Data!K24),Data!K24<>0,ISNUMBER(Data!K25)),Data!K25/Data!K24,0.21)))/(IF(AND(AND(ISNUMBER(Data!J41),ISNUMBER(Data!J35),ISNUMBER(Data!J32)),AND((Data!J41+Data!J35-Data!J32)>0,OR(NOT(ISNUMBER(Data!K14)),ABS((Data!J41+Data!J35-Data!J32))>=0.05*ABS(Data!K14)))),((Data!K41+Data!K35-Data!K32)+(Data!J41+Data!J35-Data!J32))/2,(Data!K41+Data!K35-Data!K32)))),"-") | L14: =IFERROR(IF(OR(NOT(ISNUMBER(Data!L22)),NOT(AND(AND((Data!L41+Data!L35-Data!L32)>0,OR(NOT(ISNUMBER(Data!L14)),ABS((Data!L41+Data!L35-Data!L32))>=0.05*ABS(Data!L14))),AND(IF(AND(AND(ISNUMBER(Data!K41),ISNUMBER(Data!K35),ISNUMBER(Data!K32)),AND((Data!K41+Data!K35-Data!K32)>0,OR(NOT(ISNUMBER(Data!L14)),ABS((Data!K41+Data!K35-Data!K32))>=0.05*ABS(Data!L14)))),((Data!L41+Data!L35-Data!L32)+(Data!K41+Data!K35-Data!K32))/2,(Data!L41+Data!L35-Data!L32))>0,OR(NOT(ISNUMBER(Data!L14)),ABS(IF(AND(AND(ISNUMBER(Data!K41),ISNUMBER(Data!K35),ISNUMBER(Data!K32)),AND((Data!K41+Data!K35-Data!K32)>0,OR(NOT(ISNUMBER(Data!L14)),ABS((Data!K41+Data!K35-Data!K32))>=0.05*ABS(Data!L14)))),((Data!L41+Data!L35-Data!L32)+(Data!K41+Data!K35-Data!K32))/2,(Data!L41+Data!L35-Data!L32)))>=0.05*ABS(Data!L14)))))),"-",(Data!L22*(1-IF(AND(ISNUMBER(Data!L24),Data!L24<>0,ISNUMBER(Data!L25)),Data!L25/Data!L24,0.21)))/(IF(AND(AND(ISNUMBER(Data!K41),ISNUMBER(Data!K35),ISNUMBER(Data!K32)),AND((Data!K41+Data!K35-Data!K32)>0,OR(NOT(ISNUMBER(Data!L14)),ABS((Data!K41+Data!K35-Data!K32))>=0.05*ABS(Data!L14)))),((Data!L41+Data!L35-Data!L32)+(Data!K41+Data!K35-Data!K32))/2,(Data!L41+Data!L35-Data!L32)))),"-") | Q14: =IFERROR(IF(OR(NOT(ISNUMBER(Data!N22)),NOT(ISNUMBER(Data!O22)),NOT(ISNUMBER(Data!P22)),NOT(ISNUMBER(Data!Q22))),"-",((Data!N22+Data!O22+Data!P22+Data!Q22)*(1-IFERROR((Data!N25+Data!O25+Data!P25+Data!Q25)/(Data!N24+Data!O24+Data!P24+Data!Q24),0.21)))/(Data!Q41+Data!Q35-Data!Q32)),"-") | R14: =IFERROR(IF(OR(NOT(ISNUMBER(Data!O22)),NOT(ISNUMBER(Data!P22)),NOT(ISNUMBER(Data!Q22)),NOT(ISNUMBER(Data!R22))),"-",((Data!O22+Data!P22+Data!Q22+Data!R22)*(1-IFERROR((Data!O25+Data!P25+Data!Q25+Data!R25)/(Data!O24+Data!P24+Data!Q24+Data!R24),0.21)))/(((Data!R41+Data!R35-Data!R32)+(Data!N41+Data!N35-Data!N32))/2)),"-") | S14: =IFERROR(IF(OR(NOT(ISNUMBER(Data!P22)),NOT(ISNUMBER(Data!Q22)),NOT(ISNUMBER(Data!R22)),NOT(ISNUMBER(Data!S22))),"-",((Data!P22+Data!Q22+Data!R22+Data!S22)*(1-IFERROR((Data!P25+Data!Q25+Data!R25+Data!S25)/(Data!P24+Data!Q24+Data!R24+Data!S24),0.21)))/(((Data!S41+Data!S35-Data!S32)+(Data!O41+Data!O35-Data!O32))/2)),"-") | T14: =IFERROR(IF(OR(NOT(ISNUMBER(Data!Q22)),NOT(ISNUMBER(Data!R22)),NOT(ISNUMBER(Data!S22)),NOT(ISNUMBER(Data!T22))),"-",((Data!Q22+Data!R22+Data!S22+Data!T22)*(1-IFERROR((Data!Q25+Data!R25+Data!S25+Data!T25)/(Data!Q24+Data!R24+Data!S24+Data!T24),0.21)))/(((Data!T41+Data!T35-Data!T32)+(Data!P41+Data!P35-Data!P32))/2)),"-") | U14: =IFERROR(IF(OR(NOT(ISNUMBER(Data!R22)),NOT(ISNUMBER(Data!S22)),NOT(ISNUMBER(Data!T22)),NOT(ISNUMBER(Data!U22))),"-",((Data!R22+Data!S22+Data!T22+Data!U22)*(1-IFERROR((Data!R25+Data!S25+Data!T25+Data!U25)/(Data!R24+Data!S24+Data!T24+Data!U24),0.21)))/(((Data!U41+Data!U35-Data!U32)+(Data!Q41+Data!Q35-Data!Q32))/2)),"-") | V14: =IFERROR(IF(OR(NOT(ISNUMBER(Data!S22)),NOT(ISNUMBER(Data!T22)),NOT(ISNUMBER(Data!U22)),NOT(ISNUMBER(Data!V22))),"-",((Data!S22+Data!T22+Data!U22+Data!V22)*(1-IFERROR((Data!S25+Data!T25+Data!U25+Data!V25)/(Data!S24+Data!T24+Data!U24+Data!V24),0.21)))/(((Data!V41+Data!V35-Data!V32)+(Data!R41+Data!R35-Data!R32))/2)),"-") | W14: =IFERROR(IF(OR(NOT(ISNUMBER(Data!T22)),NOT(ISNUMBER(Data!U22)),NOT(ISNUMBER(Data!V22)),NOT(ISNUMBER(Data!W22))),"-",((Data!T22+Data!U22+Data!V22+Data!W22)*(1-IFERROR((Data!T25+Data!U25+Data!V25+Data!W25)/(Data!T24+Data!U24+Data!V24+Data!W24),0.21)))/(((Data!W41+Data!W35-Data!W32)+(Data!S41+Data!S35-Data!S32))/2)),"-") | X14: =IFERROR(IF(OR(NOT(ISNUMBER(Data!U22)),NOT(ISNUMBER(Data!V22)),NOT(ISNUMBER(Data!W22)),NOT(ISNUMBER(Data!X22))),"-",((Data!U22+Data!V22+Data!W22+Data!X22)*(1-IFERROR((Data!U25+Data!V25+Data!W25+Data!X25)/(Data!U24+Data!V24+Data!W24+Data!X24),0.21)))/(((Data!X41+Data!X35-Data!X32)+(Data!T41+Data!T35-Data!T32))/2)),"-") | Y14: =IFERROR(IF(OR(NOT(ISNUMBER(Data!V22)),NOT(ISNUMBER(Data!W22)),NOT(ISNUMBER(Data!X22)),NOT(ISNUMBER(Data!Y22))),"-",((Data!V22+Data!W22+Data!X22+Data!Y22)*(1-IFERROR((Data!V25+Data!W25+Data!X25+Data!Y25)/(Data!V24+Data!W24+Data!X24+Data!Y24),0.21)))/(((Data!Y41+Data!Y35-Data!Y32)+(Data!U41+Data!U35-Data!U32))/2)),"-")
A15: Interest Coverage | B15: =IFERROR(Data!B22/Data!B23,"-") | C15: =IFERROR(IF(OR(NOT(ISNUMBER(Data!C22)),NOT(ISNUMBER(Data!C23))),"-",ABS(Data!C22)/ABS(Data!C23)),"-") | D15: =IFERROR(IF(OR(NOT(ISNUMBER(Data!D22)),NOT(ISNUMBER(Data!D23)),Data!D22<=0),"-",Data!D22/ABS(Data!D23)),"-") | E15: =IFERROR(IF(OR(NOT(ISNUMBER(Data!E22)),NOT(ISNUMBER(Data!E23)),Data!E22<=0),"-",Data!E22/ABS(Data!E23)),"-") | F15: =IFERROR(IF(OR(NOT(ISNUMBER(Data!F22)),NOT(ISNUMBER(Data!F23)),Data!F22<=0),"-",Data!F22/ABS(Data!F23)),"-") | G15: =IFERROR(IF(OR(NOT(ISNUMBER(Data!G22)),NOT(ISNUMBER(Data!G23)),Data!G22<=0),"-",Data!G22/ABS(Data!G23)),"-") | H15: =IFERROR(IF(OR(NOT(ISNUMBER(Data!H22)),NOT(ISNUMBER(Data!H23)),Data!H22<=0),"-",Data!H22/ABS(Data!H23)),"-") | I15: =IFERROR(IF(OR(NOT(ISNUMBER(Data!I22)),NOT(ISNUMBER(Data!I23)),Data!I22<=0),"-",Data!I22/ABS(Data!I23)),"-") | J15: =IFERROR(IF(OR(NOT(ISNUMBER(Data!J22)),NOT(ISNUMBER(Data!J23)),Data!J22<=0),"-",Data!J22/ABS(Data!J23)),"-") | K15: =IFERROR(IF(OR(NOT(ISNUMBER(Data!K22)),NOT(ISNUMBER(Data!K23)),Data!K22<=0),"-",Data!K22/ABS(Data!K23)),"-") | L15: =IFERROR(IF(OR(NOT(ISNUMBER(Data!L22)),NOT(ISNUMBER(Data!L23)),Data!L22<=0),"-",Data!L22/ABS(Data!L23)),"-") | Q15: =IFERROR(IF(OR(NOT(ISNUMBER(Data!N22)),NOT(ISNUMBER(Data!O22)),NOT(ISNUMBER(Data!P22)),NOT(ISNUMBER(Data!Q22)),NOT(ISNUMBER(Data!N23)),NOT(ISNUMBER(Data!O23)),NOT(ISNUMBER(Data!P23)),NOT(ISNUMBER(Data!Q23))),"-",ABS((Data!N22+Data!O22+Data!P22+Data!Q22))/ABS((Data!N23+Data!O23+Data!P23+Data!Q23))),"-") | R15: =IFERROR(IF(OR(NOT(ISNUMBER(Data!O22)),NOT(ISNUMBER(Data!P22)),NOT(ISNUMBER(Data!Q22)),NOT(ISNUMBER(Data!R22)),NOT(ISNUMBER(Data!O23)),NOT(ISNUMBER(Data!P23)),NOT(ISNUMBER(Data!Q23)),NOT(ISNUMBER(Data!R23))),"-",ABS((Data!O22+Data!P22+Data!Q22+Data!R22))/ABS((Data!O23+Data!P23+Data!Q23+Data!R23))),"-") | S15: =IFERROR(IF(OR(NOT(ISNUMBER(Data!P22)),NOT(ISNUMBER(Data!Q22)),NOT(ISNUMBER(Data!R22)),NOT(ISNUMBER(Data!S22)),NOT(ISNUMBER(Data!P23)),NOT(ISNUMBER(Data!Q23)),NOT(ISNUMBER(Data!R23)),NOT(ISNUMBER(Data!S23))),"-",ABS((Data!P22+Data!Q22+Data!R22+Data!S22))/ABS((Data!P23+Data!Q23+Data!R23+Data!S23))),"-") | T15: =IFERROR(IF(OR(NOT(ISNUMBER(Data!Q22)),NOT(ISNUMBER(Data!R22)),NOT(ISNUMBER(Data!S22)),NOT(ISNUMBER(Data!T22)),NOT(ISNUMBER(Data!Q23)),NOT(ISNUMBER(Data!R23)),NOT(ISNUMBER(Data!S23)),NOT(ISNUMBER(Data!T23))),"-",ABS((Data!Q22+Data!R22+Data!S22+Data!T22))/ABS((Data!Q23+Data!R23+Data!S23+Data!T23))),"-") | U15: =IFERROR(IF(OR(NOT(ISNUMBER(Data!R22)),NOT(ISNUMBER(Data!S22)),NOT(ISNUMBER(Data!T22)),NOT(ISNUMBER(Data!U22)),NOT(ISNUMBER(Data!R23)),NOT(ISNUMBER(Data!S23)),NOT(ISNUMBER(Data!T23)),NOT(ISNUMBER(Data!U23))),"-",ABS((Data!R22+Data!S22+Data!T22+Data!U22))/ABS((Data!R23+Data!S23+Data!T23+Data!U23))),"-") | V15: =IFERROR(IF(OR(NOT(ISNUMBER(Data!S22)),NOT(ISNUMBER(Data!T22)),NOT(ISNUMBER(Data!U22)),NOT(ISNUMBER(Data!V22)),NOT(ISNUMBER(Data!S23)),NOT(ISNUMBER(Data!T23)),NOT(ISNUMBER(Data!U23)),NOT(ISNUMBER(Data!V23))),"-",ABS((Data!S22+Data!T22+Data!U22+Data!V22))/ABS((Data!S23+Data!T23+Data!U23+Data!V23))),"-") | W15: =IFERROR(IF(OR(NOT(ISNUMBER(Data!T22)),NOT(ISNUMBER(Data!U22)),NOT(ISNUMBER(Data!V22)),NOT(ISNUMBER(Data!W22)),NOT(ISNUMBER(Data!T23)),NOT(ISNUMBER(Data!U23)),NOT(ISNUMBER(Data!V23)),NOT(ISNUMBER(Data!W23))),"-",ABS((Data!T22+Data!U22+Data!V22+Data!W22))/ABS((Data!T23+Data!U23+Data!V23+Data!W23))),"-") | X15: =IFERROR(IF(OR(NOT(ISNUMBER(Data!U22)),NOT(ISNUMBER(Data!V22)),NOT(ISNUMBER(Data!W22)),NOT(ISNUMBER(Data!X22)),NOT(ISNUMBER(Data!U23)),NOT(ISNUMBER(Data!V23)),NOT(ISNUMBER(Data!W23)),NOT(ISNUMBER(Data!X23))),"-",ABS((Data!U22+Data!V22+Data!W22+Data!X22))/ABS((Data!U23+Data!V23+Data!W23+Data!X23))),"-") | Y15: =IFERROR(IF(OR(NOT(ISNUMBER(Data!V22)),NOT(ISNUMBER(Data!W22)),NOT(ISNUMBER(Data!X22)),NOT(ISNUMBER(Data!Y22)),NOT(ISNUMBER(Data!V23)),NOT(ISNUMBER(Data!W23)),NOT(ISNUMBER(Data!X23)),NOT(ISNUMBER(Data!Y23))),"-",ABS((Data!V22+Data!W22+Data!X22+Data!Y22))/ABS((Data!V23+Data!W23+Data!X23+Data!Y23))),"-")
A16: Debt / Equity | C16: =IFERROR(IF(OR(NOT(ISNUMBER(Data!C35)),NOT(ISNUMBER(Data!C41))),"-",Data!C35/Data!C41),"-") | D16: =IFERROR(IF(OR(NOT(ISNUMBER(Data!D35)),NOT(ISNUMBER(Data!D41))),"-",Data!D35/Data!D41),"-") | E16: =IFERROR(IF(OR(NOT(ISNUMBER(Data!E35)),NOT(ISNUMBER(Data!E41))),"-",Data!E35/Data!E41),"-") | F16: =IFERROR(IF(OR(NOT(ISNUMBER(Data!F35)),NOT(ISNUMBER(Data!F41))),"-",Data!F35/Data!F41),"-") | G16: =IFERROR(IF(OR(NOT(ISNUMBER(Data!G35)),NOT(ISNUMBER(Data!G41))),"-",Data!G35/Data!G41),"-") | H16: =IFERROR(IF(OR(NOT(ISNUMBER(Data!H35)),NOT(ISNUMBER(Data!H41))),"-",Data!H35/Data!H41),"-") | I16: =IFERROR(IF(OR(NOT(ISNUMBER(Data!I35)),NOT(ISNUMBER(Data!I41))),"-",Data!I35/Data!I41),"-") | J16: =IFERROR(IF(OR(NOT(ISNUMBER(Data!J35)),NOT(ISNUMBER(Data!J41))),"-",Data!J35/Data!J41),"-") | ... L16: =IFERROR(IF(OR(NOT(ISNUMBER(Data!L35)),NOT(ISNUMBER(Data!L41))),"-",Data!L35/Data!L41),"-") | N16: =IFERROR(IF(OR(NOT(ISNUMBER(Data!N35)),NOT(ISNUMBER(Data!N41))),"-",Data!N35/Data!N41),"-") | O16: =IFERROR(IF(OR(NOT(ISNUMBER(Data!O35)),NOT(ISNUMBER(Data!O41))),"-",Data!O35/Data!O41),"-") | P16: =IFERROR(IF(OR(NOT(ISNUMBER(Data!P35)),NOT(ISNUMBER(Data!P41))),"-",Data!P35/Data!P41),"-") | Q16: =IFERROR(IF(OR(NOT(ISNUMBER(Data!Q35)),NOT(ISNUMBER(Data!Q41))),"-",Data!Q35/Data!Q41),"-") | R16: =IFERROR(IF(OR(NOT(ISNUMBER(Data!R35)),NOT(ISNUMBER(Data!R41))),"-",Data!R35/Data!R41),"-") | S16: =IFERROR(IF(OR(NOT(ISNUMBER(Data!S35)),NOT(ISNUMBER(Data!S41))),"-",Data!S35/Data!S41),"-") | T16: =IFERROR(IF(OR(NOT(ISNUMBER(Data!T35)),NOT(ISNUMBER(Data!T41))),"-",Data!T35/Data!T41),"-") | U16: =IFERROR(IF(OR(NOT(ISNUMBER(Data!U35)),NOT(ISNUMBER(Data!U41))),"-",Data!U35/Data!U41),"-") | ... Y16: =IFERROR(IF(OR(NOT(ISNUMBER(Data!Y35)),NOT(ISNUMBER(Data!Y41))),"-",Data!Y35/Data!Y41),"-")
A17: Current Ratio | C17: =IFERROR(IF(OR(NOT(ISNUMBER(Data!C37)),NOT(ISNUMBER(Data!C38))),"-",Data!C37/Data!C38),"-") | D17: =IFERROR(IF(OR(NOT(ISNUMBER(Data!D37)),NOT(ISNUMBER(Data!D38))),"-",Data!D37/Data!D38),"-") | E17: =IFERROR(IF(OR(NOT(ISNUMBER(Data!E37)),NOT(ISNUMBER(Data!E38))),"-",Data!E37/Data!E38),"-") | F17: =IFERROR(IF(OR(NOT(ISNUMBER(Data!F37)),NOT(ISNUMBER(Data!F38))),"-",Data!F37/Data!F38),"-") | G17: =IFERROR(IF(OR(NOT(ISNUMBER(Data!G37)),NOT(ISNUMBER(Data!G38))),"-",Data!G37/Data!G38),"-") | H17: =IFERROR(IF(OR(NOT(ISNUMBER(Data!H37)),NOT(ISNUMBER(Data!H38))),"-",Data!H37/Data!H38),"-") | I17: =IFERROR(IF(OR(NOT(ISNUMBER(Data!I37)),NOT(ISNUMBER(Data!I38))),"-",Data!I37/Data!I38),"-") | J17: =IFERROR(IF(OR(NOT(ISNUMBER(Data!J37)),NOT(ISNUMBER(Data!J38))),"-",Data!J37/Data!J38),"-") | ... L17: =IFERROR(IF(OR(NOT(ISNUMBER(Data!L37)),NOT(ISNUMBER(Data!L38))),"-",Data!L37/Data!L38),"-") | N17: =IFERROR(IF(OR(NOT(ISNUMBER(Data!N37)),NOT(ISNUMBER(Data!N38))),"-",Data!N37/Data!N38),"-") | O17: =IFERROR(IF(OR(NOT(ISNUMBER(Data!O37)),NOT(ISNUMBER(Data!O38))),"-",Data!O37/Data!O38),"-") | P17: =IFERROR(IF(OR(NOT(ISNUMBER(Data!P37)),NOT(ISNUMBER(Data!P38))),"-",Data!P37/Data!P38),"-") | Q17: =IFERROR(IF(OR(NOT(ISNUMBER(Data!Q37)),NOT(ISNUMBER(Data!Q38))),"-",Data!Q37/Data!Q38),"-") | R17: =IFERROR(IF(OR(NOT(ISNUMBER(Data!R37)),NOT(ISNUMBER(Data!R38))),"-",Data!R37/Data!R38),"-") | S17: =IFERROR(IF(OR(NOT(ISNUMBER(Data!S37)),NOT(ISNUMBER(Data!S38))),"-",Data!S37/Data!S38),"-") | T17: =IFERROR(IF(OR(NOT(ISNUMBER(Data!T37)),NOT(ISNUMBER(Data!T38))),"-",Data!T37/Data!T38),"-") | U17: =IFERROR(IF(OR(NOT(ISNUMBER(Data!U37)),NOT(ISNUMBER(Data!U38))),"-",Data!U37/Data!U38),"-") | ... Y17: =IFERROR(IF(OR(NOT(ISNUMBER(Data!Y37)),NOT(ISNUMBER(Data!Y38))),"-",Data!Y37/Data!Y38),"-")
A18: Total Debt / EBITDA | C18: =IFERROR(IF(OR(NOT(ISNUMBER(Data!C35)),NOT(ISNUMBER(Data!C20))),"-",Data!C35/Data!C20),"-") | D18: =IFERROR(IF(OR(NOT(ISNUMBER(Data!D35)),NOT(ISNUMBER(Data!D20))),"-",Data!D35/Data!D20),"-") | E18: =IFERROR(IF(OR(NOT(ISNUMBER(Data!E35)),NOT(ISNUMBER(Data!E20))),"-",Data!E35/Data!E20),"-") | F18: =IFERROR(IF(OR(NOT(ISNUMBER(Data!F35)),NOT(ISNUMBER(Data!F20))),"-",Data!F35/Data!F20),"-") | G18: =IFERROR(IF(OR(NOT(ISNUMBER(Data!G35)),NOT(ISNUMBER(Data!G20))),"-",Data!G35/Data!G20),"-") | H18: =IFERROR(IF(OR(NOT(ISNUMBER(Data!H35)),NOT(ISNUMBER(Data!H20))),"-",Data!H35/Data!H20),"-") | I18: =IFERROR(IF(OR(NOT(ISNUMBER(Data!I35)),NOT(ISNUMBER(Data!I20))),"-",Data!I35/Data!I20),"-") | J18: =IFERROR(IF(OR(NOT(ISNUMBER(Data!J35)),NOT(ISNUMBER(Data!J20))),"-",Data!J35/Data!J20),"-") | ... L18: =IFERROR(IF(OR(NOT(ISNUMBER(Data!L35)),NOT(ISNUMBER(Data!L20))),"-",Data!L35/Data!L20),"-") | Q18: =IFERROR(IF(OR(NOT(ISNUMBER(Data!Q35)),NOT(ISNUMBER(Data!N20)),NOT(ISNUMBER(Data!O20)),NOT(ISNUMBER(Data!P20)),NOT(ISNUMBER(Data!Q20))),"-",Data!Q35/(Data!N20+Data!O20+Data!P20+Data!Q20)),"-") | R18: =IFERROR(IF(OR(NOT(ISNUMBER(Data!R35)),NOT(ISNUMBER(Data!O20)),NOT(ISNUMBER(Data!P20)),NOT(ISNUMBER(Data!Q20)),NOT(ISNUMBER(Data!R20))),"-",Data!R35/(Data!O20+Data!P20+Data!Q20+Data!R20)),"-") | S18: =IFERROR(IF(OR(NOT(ISNUMBER(Data!S35)),NOT(ISNUMBER(Data!P20)),NOT(ISNUMBER(Data!Q20)),NOT(ISNUMBER(Data!R20)),NOT(ISNUMBER(Data!S20))),"-",Data!S35/(Data!P20+Data!Q20+Data!R20+Data!S20)),"-") | T18: =IFERROR(IF(OR(NOT(ISNUMBER(Data!T35)),NOT(ISNUMBER(Data!Q20)),NOT(ISNUMBER(Data!R20)),NOT(ISNUMBER(Data!S20)),NOT(ISNUMBER(Data!T20))),"-",Data!T35/(Data!Q20+Data!R20+Data!S20+Data!T20)),"-") | U18: =IFERROR(IF(OR(NOT(ISNUMBER(Data!U35)),NOT(ISNUMBER(Data!R20)),NOT(ISNUMBER(Data!S20)),NOT(ISNUMBER(Data!T20)),NOT(ISNUMBER(Data!U20))),"-",Data!U35/(Data!R20+Data!S20+Data!T20+Data!U20)),"-") | V18: =IFERROR(IF(OR(NOT(ISNUMBER(Data!V35)),NOT(ISNUMBER(Data!S20)),NOT(ISNUMBER(Data!T20)),NOT(ISNUMBER(Data!U20)),NOT(ISNUMBER(Data!V20))),"-",Data!V35/(Data!S20+Data!T20+Data!U20+Data!V20)),"-") | W18: =IFERROR(IF(OR(NOT(ISNUMBER(Data!W35)),NOT(ISNUMBER(Data!T20)),NOT(ISNUMBER(Data!U20)),NOT(ISNUMBER(Data!V20)),NOT(ISNUMBER(Data!W20))),"-",Data!W35/(Data!T20+Data!U20+Data!V20+Data!W20)),"-") | X18: =IFERROR(IF(OR(NOT(ISNUMBER(Data!X35)),NOT(ISNUMBER(Data!U20)),NOT(ISNUMBER(Data!V20)),NOT(ISNUMBER(Data!W20)),NOT(ISNUMBER(Data!X20))),"-",Data!X35/(Data!U20+Data!V20+Data!W20+Data!X20)),"-") | Y18: =IFERROR(IF(OR(NOT(ISNUMBER(Data!Y35)),NOT(ISNUMBER(Data!V20)),NOT(ISNUMBER(Data!W20)),NOT(ISNUMBER(Data!X20)),NOT(ISNUMBER(Data!Y20))),"-",Data!Y35/(Data!V20+Data!W20+Data!X20+Data!Y20)),"-")
A20: GROWTH RATES (YoY)
A21: Period | B21: =Data!B13 | C21: =Data!C13 | D21: =Data!D13 | E21: =Data!E13 | F21: =Data!F13 | G21: =Data!G13 | H21: =Data!H13 | I21: =Data!I13 | ... L21: =Data!L13
A22: Revenue Growth | C22: =IFERROR(IF(OR(NOT(ISNUMBER(Data!C14)),NOT(ISNUMBER(Data!B14))),"-",(Data!C14-Data!B14)/ABS(Data!B14)),"-") | D22: =IFERROR(IF(OR(NOT(ISNUMBER(Data!D14)),NOT(ISNUMBER(Data!C14))),"-",(Data!D14-Data!C14)/ABS(Data!C14)),"-") | E22: =IFERROR(IF(OR(NOT(ISNUMBER(Data!E14)),NOT(ISNUMBER(Data!D14))),"-",(Data!E14-Data!D14)/ABS(Data!D14)),"-") | F22: =IFERROR(IF(OR(NOT(ISNUMBER(Data!F14)),NOT(ISNUMBER(Data!E14))),"-",(Data!F14-Data!E14)/ABS(Data!E14)),"-") | G22: =IFERROR(IF(OR(NOT(ISNUMBER(Data!G14)),NOT(ISNUMBER(Data!F14))),"-",(Data!G14-Data!F14)/ABS(Data!F14)),"-") | H22: =IFERROR(IF(OR(NOT(ISNUMBER(Data!H14)),NOT(ISNUMBER(Data!G14))),"-",(Data!H14-Data!G14)/ABS(Data!G14)),"-") | I22: =IFERROR(IF(OR(NOT(ISNUMBER(Data!I14)),NOT(ISNUMBER(Data!H14))),"-",(Data!I14-Data!H14)/ABS(Data!H14)),"-") | J22: =IFERROR(IF(OR(NOT(ISNUMBER(Data!J14)),NOT(ISNUMBER(Data!I14))),"-",(Data!J14-Data!I14)/ABS(Data!I14)),"-") | ... L22: =IFERROR(IF(OR(NOT(ISNUMBER(Data!L14)),NOT(ISNUMBER(Data!K14))),"-",(Data!L14-Data!K14)/ABS(Data!K14)),"-")
A23: EBITDA Growth | C23: =IFERROR(IF(OR(NOT(ISNUMBER(Data!C20)),NOT(ISNUMBER(Data!B20))),"-",(Data!C20-Data!B20)/ABS(Data!B20)),"-") | D23: =IFERROR(IF(OR(NOT(ISNUMBER(Data!D20)),NOT(ISNUMBER(Data!C20))),"-",(Data!D20-Data!C20)/ABS(Data!C20)),"-") | E23: =IFERROR(IF(OR(NOT(ISNUMBER(Data!E20)),NOT(ISNUMBER(Data!D20))),"-",(Data!E20-Data!D20)/ABS(Data!D20)),"-") | F23: =IFERROR(IF(OR(NOT(ISNUMBER(Data!F20)),NOT(ISNUMBER(Data!E20))),"-",(Data!F20-Data!E20)/ABS(Data!E20)),"-") | G23: =IFERROR(IF(OR(NOT(ISNUMBER(Data!G20)),NOT(ISNUMBER(Data!F20))),"-",(Data!G20-Data!F20)/ABS(Data!F20)),"-") | H23: =IFERROR(IF(OR(NOT(ISNUMBER(Data!H20)),NOT(ISNUMBER(Data!G20))),"-",(Data!H20-Data!G20)/ABS(Data!G20)),"-") | I23: =IFERROR(IF(OR(NOT(ISNUMBER(Data!I20)),NOT(ISNUMBER(Data!H20))),"-",(Data!I20-Data!H20)/ABS(Data!H20)),"-") | J23: =IFERROR(IF(OR(NOT(ISNUMBER(Data!J20)),NOT(ISNUMBER(Data!I20))),"-",(Data!J20-Data!I20)/ABS(Data!I20)),"-") | ... L23: =IFERROR(IF(OR(NOT(ISNUMBER(Data!L20)),NOT(ISNUMBER(Data!K20))),"-",(Data!L20-Data!K20)/ABS(Data!K20)),"-")
A24: EPS Growth | C24: =IFERROR(IF(OR(NOT(ISNUMBER(Data!C27)),NOT(ISNUMBER(Data!B27))),"-",(Data!C27-Data!B27)/ABS(Data!B27)),"-") | D24: =IFERROR(IF(OR(NOT(ISNUMBER(Data!D27)),NOT(ISNUMBER(Data!C27))),"-",((Data!D27/4)-(Data!C27/4))/ABS((Data!C27/4))),"-") | E24: =IFERROR(IF(OR(NOT(ISNUMBER(Data!E27)),NOT(ISNUMBER(Data!D27))),"-",((Data!E27/4)-(Data!D27/4))/ABS((Data!D27/4))),"-") | F24: =IFERROR(IF(OR(NOT(ISNUMBER(Data!F27)),NOT(ISNUMBER(Data!E27))),"-",((Data!F27/4)-(Data!E27/4))/ABS((Data!E27/4))),"-") | G24: =IFERROR(IF(OR(NOT(ISNUMBER(Data!G27)),NOT(ISNUMBER(Data!F27))),"-",((Data!G27/4)-(Data!F27/4))/ABS((Data!F27/4))),"-") | H24: =IFERROR(IF(OR(NOT(ISNUMBER(Data!H27)),NOT(ISNUMBER(Data!G27))),"-",((Data!H27/4)-(Data!G27/4))/ABS((Data!G27/4))),"-") | I24: =IFERROR(IF(OR(NOT(ISNUMBER(Data!I27)),NOT(ISNUMBER(Data!H27))),"-",((Data!I27/4)-(Data!H27/4))/ABS((Data!H27/4))),"-") | J24: =IFERROR(IF(OR(NOT(ISNUMBER(Data!J27)),NOT(ISNUMBER(Data!I27))),"-",((Data!J27/4)-(Data!I27/4))/ABS((Data!I27/4))),"-") | K24: =IFERROR(IF(OR(NOT(ISNUMBER(Data!K27)),NOT(ISNUMBER(Data!J27))),"-",((Data!K27/4)-(Data!J27/4))/ABS((Data!J27/4))),"-") | L24: =IFERROR(IF(OR(NOT(ISNUMBER(Data!L27)),NOT(ISNUMBER(Data!K27))),"-",((Data!L27/4)-(Data!K27/4))/ABS((Data!K27/4))),"-")
A25: Net Income Growth | C25: =IFERROR(IF(OR(NOT(ISNUMBER(Data!C26)),NOT(ISNUMBER(Data!B26))),"-",(Data!C26-Data!B26)/ABS(Data!B26)),"-") | D25: =IFERROR(IF(OR(NOT(ISNUMBER(Data!D26)),NOT(ISNUMBER(Data!C26))),"-",(Data!D26-Data!C26)/ABS(Data!C26)),"-") | E25: =IFERROR(IF(OR(NOT(ISNUMBER(Data!E26)),NOT(ISNUMBER(Data!D26))),"-",(Data!E26-Data!D26)/ABS(Data!D26)),"-") | F25: =IFERROR(IF(OR(NOT(ISNUMBER(Data!F26)),NOT(ISNUMBER(Data!E26))),"-",(Data!F26-Data!E26)/ABS(Data!E26)),"-") | G25: =IFERROR(IF(OR(NOT(ISNUMBER(Data!G26)),NOT(ISNUMBER(Data!F26))),"-",(Data!G26-Data!F26)/ABS(Data!F26)),"-") | H25: =IFERROR(IF(OR(NOT(ISNUMBER(Data!H26)),NOT(ISNUMBER(Data!G26))),"-",(Data!H26-Data!G26)/ABS(Data!G26)),"-") | I25: =IFERROR(IF(OR(NOT(ISNUMBER(Data!I26)),NOT(ISNUMBER(Data!H26))),"-",(Data!I26-Data!H26)/ABS(Data!H26)),"-") | J25: =IFERROR(IF(OR(NOT(ISNUMBER(Data!J26)),NOT(ISNUMBER(Data!I26))),"-",(Data!J26-Data!I26)/ABS(Data!I26)),"-") | ... L25: =IFERROR(IF(OR(NOT(ISNUMBER(Data!L26)),NOT(ISNUMBER(Data!K26))),"-",(Data!L26-Data!K26)/ABS(Data!K26)),"-")
A26: FCF Growth | C26: =IFERROR(IF(OR(NOT(ISNUMBER(Data!C53)),NOT(ISNUMBER(Data!B53))),"-",(Data!C53-Data!B53)/ABS(Data!B53)),"-") | D26: =IFERROR(IF(OR(NOT(ISNUMBER(Data!D53)),NOT(ISNUMBER(Data!C53))),"-",(Data!D53-Data!C53)/ABS(Data!C53)),"-") | E26: =IFERROR(IF(OR(NOT(ISNUMBER(Data!E53)),NOT(ISNUMBER(Data!D53))),"-",(Data!E53-Data!D53)/ABS(Data!D53)),"-") | F26: =IFERROR(IF(OR(NOT(ISNUMBER(Data!F53)),NOT(ISNUMBER(Data!E53))),"-",(Data!F53-Data!E53)/ABS(Data!E53)),"-") | G26: =IFERROR(IF(OR(NOT(ISNUMBER(Data!G53)),NOT(ISNUMBER(Data!F53))),"-",(Data!G53-Data!F53)/ABS(Data!F53)),"-") | H26: =IFERROR(IF(OR(NOT(ISNUMBER(Data!H53)),NOT(ISNUMBER(Data!G53))),"-",(Data!H53-Data!G53)/ABS(Data!G53)),"-") | I26: =IFERROR(IF(OR(NOT(ISNUMBER(Data!I53)),NOT(ISNUMBER(Data!H53))),"-",(Data!I53-Data!H53)/ABS(Data!H53)),"-") | J26: =IFERROR(IF(OR(NOT(ISNUMBER(Data!J53)),NOT(ISNUMBER(Data!I53))),"-",(Data!J53-Data!I53)/ABS(Data!I53)),"-") | ... L26: =IFERROR(IF(OR(NOT(ISNUMBER(Data!L53)),NOT(ISNUMBER(Data!K53))),"-",(Data!L53-Data!K53)/ABS(Data!K53)),"-")
A27: Diluted Shares (split-adj, M) | D27: =IFERROR(IF(OR(NOT(ISNUMBER(Data!D28))),"-",(Data!D28*4)),"-") | E27: =IFERROR(IF(OR(NOT(ISNUMBER(Data!E28))),"-",(Data!E28*4)),"-") | F27: =IFERROR(IF(OR(NOT(ISNUMBER(Data!F28))),"-",(Data!F28*4)),"-") | G27: =IFERROR(IF(OR(NOT(ISNUMBER(Data!G28))),"-",(Data!G28*4)),"-") | H27: =IFERROR(IF(OR(NOT(ISNUMBER(Data!H28))),"-",(Data!H28*4)),"-") | I27: =IFERROR(IF(OR(NOT(ISNUMBER(Data!I28))),"-",(Data!I28*4)),"-") | J27: =IFERROR(IF(OR(NOT(ISNUMBER(Data!J28))),"-",(Data!J28*4)),"-") | K27: =IFERROR(IF(OR(NOT(ISNUMBER(Data!K28))),"-",(Data!K28*4)),"-") | L27: =IFERROR(IF(OR(NOT(ISNUMBER(Data!L28))),"-",(Data!L28*4)),"-")
A28: PER SHARE METRICS
A29: Period | B29: =Data!B13 | C29: =Data!C13 | D29: =Data!D13 | E29: =Data!E13 | F29: =Data!F13 | G29: =Data!G13 | H29: =Data!H13 | I29: =Data!I13 | ... L29: =Data!L13 | N29: Year -2 Q1 | O29: Year -2 Q2 | P29: Year -2 Q3 | Q29: Year -2 Q4 | R29: Year -1 Q1 | S29: Year -1 Q2 | T29: Year -1 Q3 | U29: Year -1 Q4 | V29: Current Year Q1 | W29: Current Year Q2 | X29: Current Year Q3 | Y29: Current Year Q4
A30: Book Value / Share | C30: =IFERROR(IF(OR(NOT(ISNUMBER(Data!C41)),NOT(ISNUMBER(Data!C28))),"-",Data!C41/Data!C28),"-") | D30: =IFERROR(IF(OR(NOT(ISNUMBER(Data!D41)),NOT(ISNUMBER(Data!D28))),"-",Data!D41/(Data!D28*4)),"-") | E30: =IFERROR(IF(OR(NOT(ISNUMBER(Data!E41)),NOT(ISNUMBER(Data!E28))),"-",Data!E41/(Data!E28*4)),"-") | F30: =IFERROR(IF(OR(NOT(ISNUMBER(Data!F41)),NOT(ISNUMBER(Data!F28))),"-",Data!F41/(Data!F28*4)),"-") | G30: =IFERROR(IF(OR(NOT(ISNUMBER(Data!G41)),NOT(ISNUMBER(Data!G28))),"-",Data!G41/(Data!G28*4)),"-") | H30: =IFERROR(IF(OR(NOT(ISNUMBER(Data!H41)),NOT(ISNUMBER(Data!H28))),"-",Data!H41/(Data!H28*4)),"-") | I30: =IFERROR(IF(OR(NOT(ISNUMBER(Data!I41)),NOT(ISNUMBER(Data!I28))),"-",Data!I41/(Data!I28*4)),"-") | J30: =IFERROR(IF(OR(NOT(ISNUMBER(Data!J41)),NOT(ISNUMBER(Data!J28))),"-",Data!J41/(Data!J28*4)),"-") | K30: =IFERROR(IF(OR(NOT(ISNUMBER(Data!K41)),NOT(ISNUMBER(Data!K28))),"-",Data!K41/(Data!K28*4)),"-") | L30: =IFERROR(IF(OR(NOT(ISNUMBER(Data!L41)),NOT(ISNUMBER(Data!L28))),"-",Data!L41/(Data!L28*4)),"-") | N30: =IFERROR(IF(OR(NOT(ISNUMBER(Data!N41)),NOT(ISNUMBER(Data!N28))),"-",Data!N41/Data!N28),"-") | O30: =IFERROR(IF(OR(NOT(ISNUMBER(Data!O41)),NOT(ISNUMBER(Data!O28))),"-",Data!O41/Data!O28),"-") | P30: =IFERROR(IF(OR(NOT(ISNUMBER(Data!P41)),NOT(ISNUMBER(Data!P28))),"-",Data!P41/Data!P28),"-") | Q30: =IFERROR(IF(OR(NOT(ISNUMBER(Data!Q41)),NOT(ISNUMBER(Data!Q28))),"-",Data!Q41/Data!Q28),"-") | R30: =IFERROR(IF(OR(NOT(ISNUMBER(Data!R41)),NOT(ISNUMBER(Data!R28))),"-",Data!R41/Data!R28),"-") | S30: =IFERROR(IF(OR(NOT(ISNUMBER(Data!S41)),NOT(ISNUMBER(Data!S28))),"-",Data!S41/Data!S28),"-") | T30: =IFERROR(IF(OR(NOT(ISNUMBER(Data!T41)),NOT(ISNUMBER(Data!T28))),"-",Data!T41/Data!T28),"-") | U30: =IFERROR(IF(OR(NOT(ISNUMBER(Data!U41)),NOT(ISNUMBER(Data!U28))),"-",Data!U41/Data!U28),"-") | ... Y30: =IFERROR(IF(OR(NOT(ISNUMBER(Data!Y41)),NOT(ISNUMBER(Data!Y28))),"-",Data!Y41/Data!Y28),"-")
A31: FCF / Share | C31: =IFERROR(IF(OR(NOT(ISNUMBER(Data!C53)),NOT(ISNUMBER(Data!C28))),"-",Data!C53/Data!C28),"-") | D31: =IFERROR(IF(OR(NOT(ISNUMBER(Data!D53)),NOT(ISNUMBER(Data!D28))),"-",Data!D53/(Data!D28*4)),"-") | E31: =IFERROR(IF(OR(NOT(ISNUMBER(Data!E53)),NOT(ISNUMBER(Data!E28))),"-",Data!E53/(Data!E28*4)),"-") | F31: =IFERROR(IF(OR(NOT(ISNUMBER(Data!F53)),NOT(ISNUMBER(Data!F28))),"-",Data!F53/(Data!F28*4)),"-") | G31: =IFERROR(IF(OR(NOT(ISNUMBER(Data!G53)),NOT(ISNUMBER(Data!G28))),"-",Data!G53/(Data!G28*4)),"-") | H31: =IFERROR(IF(OR(NOT(ISNUMBER(Data!H53)),NOT(ISNUMBER(Data!H28))),"-",Data!H53/(Data!H28*4)),"-") | I31: =IFERROR(IF(OR(NOT(ISNUMBER(Data!I53)),NOT(ISNUMBER(Data!I28))),"-",Data!I53/(Data!I28*4)),"-") | J31: =IFERROR(IF(OR(NOT(ISNUMBER(Data!J53)),NOT(ISNUMBER(Data!J28))),"-",Data!J53/(Data!J28*4)),"-") | K31: =IFERROR(IF(OR(NOT(ISNUMBER(Data!K53)),NOT(ISNUMBER(Data!K28))),"-",Data!K53/(Data!K28*4)),"-") | L31: =IFERROR(IF(OR(NOT(ISNUMBER(Data!L53)),NOT(ISNUMBER(Data!L28))),"-",Data!L53/(Data!L28*4)),"-") | Q31: =IFERROR(IF(OR(NOT(ISNUMBER(Data!N53)),NOT(ISNUMBER(Data!O53)),NOT(ISNUMBER(Data!P53)),NOT(ISNUMBER(Data!Q53)),NOT(ISNUMBER(Data!Q28))),"-",(Data!N53+Data!O53+Data!P53+Data!Q53)/Data!Q28),"-") | R31: =IFERROR(IF(OR(NOT(ISNUMBER(Data!O53)),NOT(ISNUMBER(Data!P53)),NOT(ISNUMBER(Data!Q53)),NOT(ISNUMBER(Data!R53)),NOT(ISNUMBER(Data!R28))),"-",(Data!O53+Data!P53+Data!Q53+Data!R53)/Data!R28),"-") | S31: =IFERROR(IF(OR(NOT(ISNUMBER(Data!P53)),NOT(ISNUMBER(Data!Q53)),NOT(ISNUMBER(Data!R53)),NOT(ISNUMBER(Data!S53)),NOT(ISNUMBER(Data!S28))),"-",(Data!P53+Data!Q53+Data!R53+Data!S53)/Data!S28),"-") | T31: =IFERROR(IF(OR(NOT(ISNUMBER(Data!Q53)),NOT(ISNUMBER(Data!R53)),NOT(ISNUMBER(Data!S53)),NOT(ISNUMBER(Data!T53)),NOT(ISNUMBER(Data!T28))),"-",(Data!Q53+Data!R53+Data!S53+Data!T53)/Data!T28),"-") | U31: =IFERROR(IF(OR(NOT(ISNUMBER(Data!R53)),NOT(ISNUMBER(Data!S53)),NOT(ISNUMBER(Data!T53)),NOT(ISNUMBER(Data!U53)),NOT(ISNUMBER(Data!U28))),"-",(Data!R53+Data!S53+Data!T53+Data!U53)/Data!U28),"-") | V31: =IFERROR(IF(OR(NOT(ISNUMBER(Data!S53)),NOT(ISNUMBER(Data!T53)),NOT(ISNUMBER(Data!U53)),NOT(ISNUMBER(Data!V53)),NOT(ISNUMBER(Data!V28))),"-",(Data!S53+Data!T53+Data!U53+Data!V53)/Data!V28),"-") | W31: =IFERROR(IF(OR(NOT(ISNUMBER(Data!T53)),NOT(ISNUMBER(Data!U53)),NOT(ISNUMBER(Data!V53)),NOT(ISNUMBER(Data!W53)),NOT(ISNUMBER(Data!W28))),"-",(Data!T53+Data!U53+Data!V53+Data!W53)/Data!W28),"-") | X31: =IFERROR(IF(OR(NOT(ISNUMBER(Data!U53)),NOT(ISNUMBER(Data!V53)),NOT(ISNUMBER(Data!W53)),NOT(ISNUMBER(Data!X53)),NOT(ISNUMBER(Data!X28))),"-",(Data!U53+Data!V53+Data!W53+Data!X53)/Data!X28),"-") | Y31: =IFERROR(IF(OR(NOT(ISNUMBER(Data!V53)),NOT(ISNUMBER(Data!W53)),NOT(ISNUMBER(Data!X53)),NOT(ISNUMBER(Data!Y53)),NOT(ISNUMBER(Data!Y28))),"-",(Data!V53+Data!W53+Data!X53+Data!Y53)/Data!Y28),"-")
A32: Revenue / Share | C32: =IFERROR(IF(OR(NOT(ISNUMBER(Data!C14)),NOT(ISNUMBER(Data!C28))),"-",Data!C14/Data!C28),"-") | D32: =IFERROR(IF(OR(NOT(ISNUMBER(Data!D14)),NOT(ISNUMBER(Data!D28))),"-",Data!D14/(Data!D28*4)),"-") | E32: =IFERROR(IF(OR(NOT(ISNUMBER(Data!E14)),NOT(ISNUMBER(Data!E28))),"-",Data!E14/(Data!E28*4)),"-") | F32: =IFERROR(IF(OR(NOT(ISNUMBER(Data!F14)),NOT(ISNUMBER(Data!F28))),"-",Data!F14/(Data!F28*4)),"-") | G32: =IFERROR(IF(OR(NOT(ISNUMBER(Data!G14)),NOT(ISNUMBER(Data!G28))),"-",Data!G14/(Data!G28*4)),"-") | H32: =IFERROR(IF(OR(NOT(ISNUMBER(Data!H14)),NOT(ISNUMBER(Data!H28))),"-",Data!H14/(Data!H28*4)),"-") | I32: =IFERROR(IF(OR(NOT(ISNUMBER(Data!I14)),NOT(ISNUMBER(Data!I28))),"-",Data!I14/(Data!I28*4)),"-") | J32: =IFERROR(IF(OR(NOT(ISNUMBER(Data!J14)),NOT(ISNUMBER(Data!J28))),"-",Data!J14/(Data!J28*4)),"-") | K32: =IFERROR(IF(OR(NOT(ISNUMBER(Data!K14)),NOT(ISNUMBER(Data!K28))),"-",Data!K14/(Data!K28*4)),"-") | L32: =IFERROR(IF(OR(NOT(ISNUMBER(Data!L14)),NOT(ISNUMBER(Data!L28))),"-",Data!L14/(Data!L28*4)),"-") | Q32: =IFERROR(IF(OR(NOT(ISNUMBER(Data!N14)),NOT(ISNUMBER(Data!O14)),NOT(ISNUMBER(Data!P14)),NOT(ISNUMBER(Data!Q14)),NOT(ISNUMBER(Data!Q28))),"-",(Data!N14+Data!O14+Data!P14+Data!Q14)/Data!Q28),"-") | R32: =IFERROR(IF(OR(NOT(ISNUMBER(Data!O14)),NOT(ISNUMBER(Data!P14)),NOT(ISNUMBER(Data!Q14)),NOT(ISNUMBER(Data!R14)),NOT(ISNUMBER(Data!R28))),"-",(Data!O14+Data!P14+Data!Q14+Data!R14)/Data!R28),"-") | S32: =IFERROR(IF(OR(NOT(ISNUMBER(Data!P14)),NOT(ISNUMBER(Data!Q14)),NOT(ISNUMBER(Data!R14)),NOT(ISNUMBER(Data!S14)),NOT(ISNUMBER(Data!S28))),"-",(Data!P14+Data!Q14+Data!R14+Data!S14)/Data!S28),"-") | T32: =IFERROR(IF(OR(NOT(ISNUMBER(Data!Q14)),NOT(ISNUMBER(Data!R14)),NOT(ISNUMBER(Data!S14)),NOT(ISNUMBER(Data!T14)),NOT(ISNUMBER(Data!T28))),"-",(Data!Q14+Data!R14+Data!S14+Data!T14)/Data!T28),"-") | U32: =IFERROR(IF(OR(NOT(ISNUMBER(Data!R14)),NOT(ISNUMBER(Data!S14)),NOT(ISNUMBER(Data!T14)),NOT(ISNUMBER(Data!U14)),NOT(ISNUMBER(Data!U28))),"-",(Data!R14+Data!S14+Data!T14+Data!U14)/Data!U28),"-") | V32: =IFERROR(IF(OR(NOT(ISNUMBER(Data!S14)),NOT(ISNUMBER(Data!T14)),NOT(ISNUMBER(Data!U14)),NOT(ISNUMBER(Data!V14)),NOT(ISNUMBER(Data!V28))),"-",(Data!S14+Data!T14+Data!U14+Data!V14)/Data!V28),"-") | W32: =IFERROR(IF(OR(NOT(ISNUMBER(Data!T14)),NOT(ISNUMBER(Data!U14)),NOT(ISNUMBER(Data!V14)),NOT(ISNUMBER(Data!W14)),NOT(ISNUMBER(Data!W28))),"-",(Data!T14+Data!U14+Data!V14+Data!W14)/Data!W28),"-") | X32: =IFERROR(IF(OR(NOT(ISNUMBER(Data!U14)),NOT(ISNUMBER(Data!V14)),NOT(ISNUMBER(Data!W14)),NOT(ISNUMBER(Data!X14)),NOT(ISNUMBER(Data!X28))),"-",(Data!U14+Data!V14+Data!W14+Data!X14)/Data!X28),"-") | Y32: =IFERROR(IF(OR(NOT(ISNUMBER(Data!V14)),NOT(ISNUMBER(Data!W14)),NOT(ISNUMBER(Data!X14)),NOT(ISNUMBER(Data!Y14)),NOT(ISNUMBER(Data!Y28))),"-",(Data!V14+Data!W14+Data!X14+Data!Y14)/Data!Y28),"-")
A33: Diluted EPS (split-adj) | D33: =IFERROR(IF(OR(NOT(ISNUMBER(Data!D27))),"-",(Data!D27/4)),"-") | E33: =IFERROR(IF(OR(NOT(ISNUMBER(Data!E27))),"-",(Data!E27/4)),"-") | F33: =IFERROR(IF(OR(NOT(ISNUMBER(Data!F27))),"-",(Data!F27/4)),"-") | G33: =IFERROR(IF(OR(NOT(ISNUMBER(Data!G27))),"-",(Data!G27/4)),"-") | H33: =IFERROR(IF(OR(NOT(ISNUMBER(Data!H27))),"-",(Data!H27/4)),"-") | I33: =IFERROR(IF(OR(NOT(ISNUMBER(Data!I27))),"-",(Data!I27/4)),"-") | J33: =IFERROR(IF(OR(NOT(ISNUMBER(Data!J27))),"-",(Data!J27/4)),"-") | K33: =IFERROR(IF(OR(NOT(ISNUMBER(Data!K27))),"-",(Data!K27/4)),"-") | L33: =IFERROR(IF(OR(NOT(ISNUMBER(Data!L27))),"-",(Data!L27/4)),"-")
A34: SOLVENCY & CAPITAL STRUCTURE
A35: Period | B35: =Data!B13 | C35: =Data!C13 | D35: =Data!D13 | E35: =Data!E13 | F35: =Data!F13 | G35: =Data!G13 | H35: =Data!H13 | I35: =Data!I13 | ... L35: =Data!L13
A36: Primary Structure Margin ($M) | B36: =IFERROR(Data!B41-(Data!B39-Data!B37),"-") | C36: =IFERROR(Data!C41-(Data!C39-Data!C37),"-") | D36: =IFERROR(Data!D41-(Data!D39-Data!D37),"-") | E36: =IFERROR(Data!E41-(Data!E39-Data!E37),"-") | F36: =IFERROR(Data!F41-(Data!F39-Data!F37),"-") | G36: =IFERROR(Data!G41-(Data!G39-Data!G37),"-") | H36: =IFERROR(Data!H41-(Data!H39-Data!H37),"-") | I36: =IFERROR(Data!I41-(Data!I39-Data!I37),"-") | ... L36: =IFERROR(Data!L41-(Data!L39-Data!L37),"-")
A37: Primary Structure Ratio | B37: =IFERROR(Data!B41/(Data!B39-Data!B37),"-") | C37: =IFERROR(Data!C41/(Data!C39-Data!C37),"-") | D37: =IFERROR(Data!D41/(Data!D39-Data!D37),"-") | E37: =IFERROR(Data!E41/(Data!E39-Data!E37),"-") | F37: =IFERROR(Data!F41/(Data!F39-Data!F37),"-") | G37: =IFERROR(Data!G41/(Data!G39-Data!G37),"-") | H37: =IFERROR(Data!H41/(Data!H39-Data!H37),"-") | I37: =IFERROR(Data!I41/(Data!I39-Data!I37),"-") | ... L37: =IFERROR(Data!L41/(Data!L39-Data!L37),"-")
A38: Secondary Structure Margin ($M) | B38: =IFERROR((Data!B41+Data!B34)-(Data!B39-Data!B37),"-") | C38: =IFERROR((Data!C41+Data!C34)-(Data!C39-Data!C37),"-") | D38: =IFERROR((Data!D41+Data!D34)-(Data!D39-Data!D37),"-") | E38: =IFERROR((Data!E41+Data!E34)-(Data!E39-Data!E37),"-") | F38: =IFERROR((Data!F41+Data!F34)-(Data!F39-Data!F37),"-") | G38: =IFERROR((Data!G41+Data!G34)-(Data!G39-Data!G37),"-") | H38: =IFERROR((Data!H41+Data!H34)-(Data!H39-Data!H37),"-") | I38: =IFERROR((Data!I41+Data!I34)-(Data!I39-Data!I37),"-") | ... L38: =IFERROR((Data!L41+Data!L34)-(Data!L39-Data!L37),"-")
A39: Secondary Structure Ratio | B39: =IFERROR((Data!B41+Data!B34)/(Data!B39-Data!B37),"-") | C39: =IFERROR((Data!C41+Data!C34)/(Data!C39-Data!C37),"-") | D39: =IFERROR((Data!D41+Data!D34)/(Data!D39-Data!D37),"-") | E39: =IFERROR((Data!E41+Data!E34)/(Data!E39-Data!E37),"-") | F39: =IFERROR((Data!F41+Data!F34)/(Data!F39-Data!F37),"-") | G39: =IFERROR((Data!G41+Data!G34)/(Data!G39-Data!G37),"-") | H39: =IFERROR((Data!H41+Data!H34)/(Data!H39-Data!H37),"-") | I39: =IFERROR((Data!I41+Data!I34)/(Data!I39-Data!I37),"-") | ... L39: =IFERROR((Data!L41+Data!L34)/(Data!L39-Data!L37),"-")
A40: Degree of Asset Rigidity | B40: =IFERROR((Data!B39-Data!B37)/Data!B39,"-") | C40: =IFERROR((Data!C39-Data!C37)/Data!C39,"-") | D40: =IFERROR((Data!D39-Data!D37)/Data!D39,"-") | E40: =IFERROR((Data!E39-Data!E37)/Data!E39,"-") | F40: =IFERROR((Data!F39-Data!F37)/Data!F39,"-") | G40: =IFERROR((Data!G39-Data!G37)/Data!G39,"-") | H40: =IFERROR((Data!H39-Data!H37)/Data!H39,"-") | I40: =IFERROR((Data!I39-Data!I37)/Data!I39,"-") | ... L40: =IFERROR((Data!L39-Data!L37)/Data!L39,"-")
A41: Financial Autonomy (Equity) | B41: =IFERROR(Data!B41/Data!B39,"-") | C41: =IFERROR(Data!C41/Data!C39,"-") | D41: =IFERROR(Data!D41/Data!D39,"-") | E41: =IFERROR(Data!E41/Data!E39,"-") | F41: =IFERROR(Data!F41/Data!F39,"-") | G41: =IFERROR(Data!G41/Data!G39,"-") | H41: =IFERROR(Data!H41/Data!H39,"-") | I41: =IFERROR(Data!I41/Data!I39,"-") | ... L41: =IFERROR(Data!L41/Data!L39,"-")
A42: Financial Autonomy (LT Debt) | B42: =IFERROR((Data!B40-Data!B38)/Data!B39,"-") | C42: =IFERROR((Data!C40-Data!C38)/Data!C39,"-") | D42: =IFERROR((Data!D40-Data!D38)/Data!D39,"-") | E42: =IFERROR((Data!E40-Data!E38)/Data!E39,"-") | F42: =IFERROR((Data!F40-Data!F38)/Data!F39,"-") | G42: =IFERROR((Data!G40-Data!G38)/Data!G39,"-") | H42: =IFERROR((Data!H40-Data!H38)/Data!H39,"-") | I42: =IFERROR((Data!I40-Data!I38)/Data!I39,"-") | ... L42: =IFERROR((Data!L40-Data!L38)/Data!L39,"-")
A43: Financial Autonomy (ST Debt) | B43: =IFERROR(Data!B38/Data!B39,"-") | C43: =IFERROR(Data!C38/Data!C39,"-") | D43: =IFERROR(Data!D38/Data!D39,"-") | E43: =IFERROR(Data!E38/Data!E39,"-") | F43: =IFERROR(Data!F38/Data!F39,"-") | G43: =IFERROR(Data!G38/Data!G39,"-") | H43: =IFERROR(Data!H38/Data!H39,"-") | I43: =IFERROR(Data!I38/Data!I39,"-") | ... L43: =IFERROR(Data!L38/Data!L39,"-")
A44: Debt Index | B44: =IFERROR(Data!B40/Data!B39,"-") | C44: =IFERROR(Data!C40/Data!C39,"-") | D44: =IFERROR(Data!D40/Data!D39,"-") | E44: =IFERROR(Data!E40/Data!E39,"-") | F44: =IFERROR(Data!F40/Data!F39,"-") | G44: =IFERROR(Data!G40/Data!G39,"-") | H44: =IFERROR(Data!H40/Data!H39,"-") | I44: =IFERROR(Data!I40/Data!I39,"-") | ... L44: =IFERROR(Data!L40/Data!L39,"-")
A46: LIQUIDITY RATIOS
A47: Period | B47: =Data!B13 | C47: =Data!C13 | D47: =Data!D13 | E47: =Data!E13 | F47: =Data!F13 | G47: =Data!G13 | H47: =Data!H13 | I47: =Data!I13 | ... L47: =Data!L13 | N47: Year -2 Q1 | O47: Year -2 Q2 | P47: Year -2 Q3 | Q47: Year -2 Q4 | R47: Year -1 Q1 | S47: Year -1 Q2 | T47: Year -1 Q3 | U47: Year -1 Q4 | V47: Current Year Q1 | W47: Current Year Q2 | X47: Current Year Q3 | Y47: Current Year Q4
A48: Working Capital ($M) | B48: =IFERROR(IF(OR(NOT(ISNUMBER(Data!B37)),NOT(ISNUMBER(Data!B38))),"-",Data!B37-Data!B38),"-") | C48: =IFERROR(IF(OR(NOT(ISNUMBER(Data!C37)),NOT(ISNUMBER(Data!C38))),"-",Data!C37-Data!C38),"-") | D48: =IFERROR(IF(OR(NOT(ISNUMBER(Data!D37)),NOT(ISNUMBER(Data!D38))),"-",Data!D37-Data!D38),"-") | E48: =IFERROR(IF(OR(NOT(ISNUMBER(Data!E37)),NOT(ISNUMBER(Data!E38))),"-",Data!E37-Data!E38),"-") | F48: =IFERROR(IF(OR(NOT(ISNUMBER(Data!F37)),NOT(ISNUMBER(Data!F38))),"-",Data!F37-Data!F38),"-") | G48: =IFERROR(IF(OR(NOT(ISNUMBER(Data!G37)),NOT(ISNUMBER(Data!G38))),"-",Data!G37-Data!G38),"-") | H48: =IFERROR(IF(OR(NOT(ISNUMBER(Data!H37)),NOT(ISNUMBER(Data!H38))),"-",Data!H37-Data!H38),"-") | I48: =IFERROR(IF(OR(NOT(ISNUMBER(Data!I37)),NOT(ISNUMBER(Data!I38))),"-",Data!I37-Data!I38),"-") | ... L48: =IFERROR(IF(OR(NOT(ISNUMBER(Data!L37)),NOT(ISNUMBER(Data!L38))),"-",Data!L37-Data!L38),"-") | N48: =IFERROR(IF(OR(NOT(ISNUMBER(Data!N37)),NOT(ISNUMBER(Data!N38))),"-",Data!N37-Data!N38),"-") | O48: =IFERROR(IF(OR(NOT(ISNUMBER(Data!O37)),NOT(ISNUMBER(Data!O38))),"-",Data!O37-Data!O38),"-") | P48: =IFERROR(IF(OR(NOT(ISNUMBER(Data!P37)),NOT(ISNUMBER(Data!P38))),"-",Data!P37-Data!P38),"-") | Q48: =IFERROR(IF(OR(NOT(ISNUMBER(Data!Q37)),NOT(ISNUMBER(Data!Q38))),"-",Data!Q37-Data!Q38),"-") | R48: =IFERROR(IF(OR(NOT(ISNUMBER(Data!R37)),NOT(ISNUMBER(Data!R38))),"-",Data!R37-Data!R38),"-") | S48: =IFERROR(IF(OR(NOT(ISNUMBER(Data!S37)),NOT(ISNUMBER(Data!S38))),"-",Data!S37-Data!S38),"-") | T48: =IFERROR(IF(OR(NOT(ISNUMBER(Data!T37)),NOT(ISNUMBER(Data!T38))),"-",Data!T37-Data!T38),"-") | U48: =IFERROR(IF(OR(NOT(ISNUMBER(Data!U37)),NOT(ISNUMBER(Data!U38))),"-",Data!U37-Data!U38),"-") | ... Y48: =IFERROR(IF(OR(NOT(ISNUMBER(Data!Y37)),NOT(ISNUMBER(Data!Y38))),"-",Data!Y37-Data!Y38),"-")
A49: Quick Ratio | B49: =IFERROR((Data!B37-Data!B47)/Data!B38,"-") | C49: =IFERROR((Data!C37-Data!C47)/Data!C38,"-") | D49: =IFERROR((Data!D37-Data!D47)/Data!D38,"-") | E49: =IFERROR((Data!E37-Data!E47)/Data!E38,"-") | F49: =IFERROR((Data!F37-Data!F47)/Data!F38,"-") | G49: =IFERROR((Data!G37-Data!G47)/Data!G38,"-") | H49: =IFERROR((Data!H37-Data!H47)/Data!H38,"-") | I49: =IFERROR((Data!I37-Data!I47)/Data!I38,"-") | ... L49: =IFERROR((Data!L37-Data!L47)/Data!L38,"-") | N49: =IFERROR(IF(OR(NOT(ISNUMBER(Data!N37)),NOT(ISNUMBER(Data!N47)),NOT(ISNUMBER(Data!N38))),"-",(Data!N37-Data!N47)/Data!N38),"-") | O49: =IFERROR(IF(OR(NOT(ISNUMBER(Data!O37)),NOT(ISNUMBER(Data!O47)),NOT(ISNUMBER(Data!O38))),"-",(Data!O37-Data!O47)/Data!O38),"-") | P49: =IFERROR(IF(OR(NOT(ISNUMBER(Data!P37)),NOT(ISNUMBER(Data!P47)),NOT(ISNUMBER(Data!P38))),"-",(Data!P37-Data!P47)/Data!P38),"-") | Q49: =IFERROR(IF(OR(NOT(ISNUMBER(Data!Q37)),NOT(ISNUMBER(Data!Q47)),NOT(ISNUMBER(Data!Q38))),"-",(Data!Q37-Data!Q47)/Data!Q38),"-") | R49: =IFERROR(IF(OR(NOT(ISNUMBER(Data!R37)),NOT(ISNUMBER(Data!R47)),NOT(ISNUMBER(Data!R38))),"-",(Data!R37-Data!R47)/Data!R38),"-") | S49: =IFERROR(IF(OR(NOT(ISNUMBER(Data!S37)),NOT(ISNUMBER(Data!S47)),NOT(ISNUMBER(Data!S38))),"-",(Data!S37-Data!S47)/Data!S38),"-") | T49: =IFERROR(IF(OR(NOT(ISNUMBER(Data!T37)),NOT(ISNUMBER(Data!T47)),NOT(ISNUMBER(Data!T38))),"-",(Data!T37-Data!T47)/Data!T38),"-") | U49: =IFERROR(IF(OR(NOT(ISNUMBER(Data!U37)),NOT(ISNUMBER(Data!U47)),NOT(ISNUMBER(Data!U38))),"-",(Data!U37-Data!U47)/Data!U38),"-") | ... Y49: =IFERROR(IF(OR(NOT(ISNUMBER(Data!Y37)),NOT(ISNUMBER(Data!Y47)),NOT(ISNUMBER(Data!Y38))),"-",(Data!Y37-Data!Y47)/Data!Y38),"-")
A50: Quick Margin ($M) | B50: =IFERROR(IF(OR(NOT(ISNUMBER(Data!B37)),NOT(ISNUMBER(Data!B38))),"-",(Data!B37-Data!B47)-Data!B38),"-") | C50: =IFERROR(IF(OR(NOT(ISNUMBER(Data!C37)),NOT(ISNUMBER(Data!C38))),"-",(Data!C37-Data!C47)-Data!C38),"-") | D50: =IFERROR(IF(OR(NOT(ISNUMBER(Data!D37)),NOT(ISNUMBER(Data!D38))),"-",(Data!D37-Data!D47)-Data!D38),"-") | E50: =IFERROR(IF(OR(NOT(ISNUMBER(Data!E37)),NOT(ISNUMBER(Data!E38))),"-",(Data!E37-Data!E47)-Data!E38),"-") | F50: =IFERROR(IF(OR(NOT(ISNUMBER(Data!F37)),NOT(ISNUMBER(Data!F38))),"-",(Data!F37-Data!F47)-Data!F38),"-") | G50: =IFERROR(IF(OR(NOT(ISNUMBER(Data!G37)),NOT(ISNUMBER(Data!G38))),"-",(Data!G37-Data!G47)-Data!G38),"-") | H50: =IFERROR(IF(OR(NOT(ISNUMBER(Data!H37)),NOT(ISNUMBER(Data!H38))),"-",(Data!H37-Data!H47)-Data!H38),"-") | I50: =IFERROR(IF(OR(NOT(ISNUMBER(Data!I37)),NOT(ISNUMBER(Data!I38))),"-",(Data!I37-Data!I47)-Data!I38),"-") | ... L50: =IFERROR(IF(OR(NOT(ISNUMBER(Data!L37)),NOT(ISNUMBER(Data!L38))),"-",(Data!L37-Data!L47)-Data!L38),"-")
A51: Cash Ratio | B51: =IFERROR(Data!B32/Data!B38,"-") | C51: =IFERROR(Data!C32/Data!C38,"-") | D51: =IFERROR(Data!D32/Data!D38,"-") | E51: =IFERROR(Data!E32/Data!E38,"-") | F51: =IFERROR(Data!F32/Data!F38,"-") | G51: =IFERROR(Data!G32/Data!G38,"-") | H51: =IFERROR(Data!H32/Data!H38,"-") | I51: =IFERROR(Data!I32/Data!I38,"-") | ... L51: =IFERROR(Data!L32/Data!L38,"-") | N51: =IFERROR(IF(OR(NOT(ISNUMBER(Data!N32)),NOT(ISNUMBER(Data!N38))),"-",Data!N32/Data!N38),"-") | O51: =IFERROR(IF(OR(NOT(ISNUMBER(Data!O32)),NOT(ISNUMBER(Data!O38))),"-",Data!O32/Data!O38),"-") | P51: =IFERROR(IF(OR(NOT(ISNUMBER(Data!P32)),NOT(ISNUMBER(Data!P38))),"-",Data!P32/Data!P38),"-") | Q51: =IFERROR(IF(OR(NOT(ISNUMBER(Data!Q32)),NOT(ISNUMBER(Data!Q38))),"-",Data!Q32/Data!Q38),"-") | R51: =IFERROR(IF(OR(NOT(ISNUMBER(Data!R32)),NOT(ISNUMBER(Data!R38))),"-",Data!R32/Data!R38),"-") | S51: =IFERROR(IF(OR(NOT(ISNUMBER(Data!S32)),NOT(ISNUMBER(Data!S38))),"-",Data!S32/Data!S38),"-") | T51: =IFERROR(IF(OR(NOT(ISNUMBER(Data!T32)),NOT(ISNUMBER(Data!T38))),"-",Data!T32/Data!T38),"-") | U51: =IFERROR(IF(OR(NOT(ISNUMBER(Data!U32)),NOT(ISNUMBER(Data!U38))),"-",Data!U32/Data!U38),"-") | ... Y51: =IFERROR(IF(OR(NOT(ISNUMBER(Data!Y32)),NOT(ISNUMBER(Data!Y38))),"-",Data!Y32/Data!Y38),"-")
A52: Cash Margin ($M) | B52: =IFERROR(IF(OR(NOT(ISNUMBER(Data!B32)),NOT(ISNUMBER(Data!B38))),"-",Data!B32-Data!B38),"-") | C52: =IFERROR(IF(OR(NOT(ISNUMBER(Data!C32)),NOT(ISNUMBER(Data!C38))),"-",Data!C32-Data!C38),"-") | D52: =IFERROR(IF(OR(NOT(ISNUMBER(Data!D32)),NOT(ISNUMBER(Data!D38))),"-",Data!D32-Data!D38),"-") | E52: =IFERROR(IF(OR(NOT(ISNUMBER(Data!E32)),NOT(ISNUMBER(Data!E38))),"-",Data!E32-Data!E38),"-") | F52: =IFERROR(IF(OR(NOT(ISNUMBER(Data!F32)),NOT(ISNUMBER(Data!F38))),"-",Data!F32-Data!F38),"-") | G52: =IFERROR(IF(OR(NOT(ISNUMBER(Data!G32)),NOT(ISNUMBER(Data!G38))),"-",Data!G32-Data!G38),"-") | H52: =IFERROR(IF(OR(NOT(ISNUMBER(Data!H32)),NOT(ISNUMBER(Data!H38))),"-",Data!H32-Data!H38),"-") | I52: =IFERROR(IF(OR(NOT(ISNUMBER(Data!I32)),NOT(ISNUMBER(Data!I38))),"-",Data!I32-Data!I38),"-") | ... L52: =IFERROR(IF(OR(NOT(ISNUMBER(Data!L32)),NOT(ISNUMBER(Data!L38))),"-",Data!L32-Data!L38),"-")
A53: Immediate Liquidity Index | B53: =IFERROR(Data!B32/Data!B39,"-") | C53: =IFERROR(Data!C32/Data!C39,"-") | D53: =IFERROR(Data!D32/Data!D39,"-") | E53: =IFERROR(Data!E32/Data!E39,"-") | F53: =IFERROR(Data!F32/Data!F39,"-") | G53: =IFERROR(Data!G32/Data!G39,"-") | H53: =IFERROR(Data!H32/Data!H39,"-") | I53: =IFERROR(Data!I32/Data!I39,"-") | ... L53: =IFERROR(Data!L32/Data!L39,"-")
A54: Inventory Index | B54: =IFERROR(Data!B47/Data!B39,"-") | C54: =IFERROR(Data!C47/Data!C39,"-") | D54: =IFERROR(Data!D47/Data!D39,"-") | E54: =IFERROR(Data!E47/Data!E39,"-") | F54: =IFERROR(Data!F47/Data!F39,"-") | G54: =IFERROR(Data!G47/Data!G39,"-") | H54: =IFERROR(Data!H47/Data!H39,"-") | I54: =IFERROR(Data!I47/Data!I39,"-") | ... L54: =IFERROR(Data!L47/Data!L39,"-")
A56: EFFICIENCY & ACTIVITY RATIOS
A57: Period | B57: =Data!B13 | C57: =Data!C13 | D57: =Data!D13 | E57: =Data!E13 | F57: =Data!F13 | G57: =Data!G13 | H57: =Data!H13 | I57: =Data!I13 | ... L57: =Data!L13
A58: Inventory Turnover | C58: =IFERROR(IF(OR(NOT(ISNUMBER(Data!C15)),NOT(ISNUMBER(Data!C47)),NOT(ISNUMBER(Data!B47))),"-",Data!C15/((Data!C47+Data!B47)/2)),"-") | D58: =IFERROR(IF(OR(NOT(ISNUMBER(Data!D15)),NOT(ISNUMBER(Data!D47)),NOT(ISNUMBER(Data!C47))),"-",Data!D15/((Data!D47+Data!C47)/2)),"-") | E58: =IFERROR(IF(OR(NOT(ISNUMBER(Data!E15)),NOT(ISNUMBER(Data!E47)),NOT(ISNUMBER(Data!D47))),"-",Data!E15/((Data!E47+Data!D47)/2)),"-") | F58: =IFERROR(IF(OR(NOT(ISNUMBER(Data!F15)),NOT(ISNUMBER(Data!F47)),NOT(ISNUMBER(Data!E47))),"-",Data!F15/((Data!F47+Data!E47)/2)),"-") | G58: =IFERROR(IF(OR(NOT(ISNUMBER(Data!G15)),NOT(ISNUMBER(Data!G47)),NOT(ISNUMBER(Data!F47))),"-",Data!G15/((Data!G47+Data!F47)/2)),"-") | H58: =IFERROR(IF(OR(NOT(ISNUMBER(Data!H15)),NOT(ISNUMBER(Data!H47)),NOT(ISNUMBER(Data!G47))),"-",Data!H15/((Data!H47+Data!G47)/2)),"-") | I58: =IFERROR(IF(OR(NOT(ISNUMBER(Data!I15)),NOT(ISNUMBER(Data!I47)),NOT(ISNUMBER(Data!H47))),"-",Data!I15/((Data!I47+Data!H47)/2)),"-") | J58: =IFERROR(IF(OR(NOT(ISNUMBER(Data!J15)),NOT(ISNUMBER(Data!J47)),NOT(ISNUMBER(Data!I47))),"-",Data!J15/((Data!J47+Data!I47)/2)),"-") | ... L58: =IFERROR(IF(OR(NOT(ISNUMBER(Data!L15)),NOT(ISNUMBER(Data!L47)),NOT(ISNUMBER(Data!K47))),"-",Data!L15/((Data!L47+Data!K47)/2)),"-")
A59: Days Inventory Outstanding | C59: =IFERROR(IF(OR(NOT(ISNUMBER(Data!C47)),NOT(ISNUMBER(Data!B47)),NOT(ISNUMBER(Data!C15))),"-",((Data!C47+Data!B47)/2)/Data!C15*365),"-") | D59: =IFERROR(IF(OR(NOT(ISNUMBER(Data!D47)),NOT(ISNUMBER(Data!C47)),NOT(ISNUMBER(Data!D15))),"-",((Data!D47+Data!C47)/2)/Data!D15*365),"-") | E59: =IFERROR(IF(OR(NOT(ISNUMBER(Data!E47)),NOT(ISNUMBER(Data!D47)),NOT(ISNUMBER(Data!E15))),"-",((Data!E47+Data!D47)/2)/Data!E15*365),"-") | F59: =IFERROR(IF(OR(NOT(ISNUMBER(Data!F47)),NOT(ISNUMBER(Data!E47)),NOT(ISNUMBER(Data!F15))),"-",((Data!F47+Data!E47)/2)/Data!F15*365),"-") | G59: =IFERROR(IF(OR(NOT(ISNUMBER(Data!G47)),NOT(ISNUMBER(Data!F47)),NOT(ISNUMBER(Data!G15))),"-",((Data!G47+Data!F47)/2)/Data!G15*365),"-") | H59: =IFERROR(IF(OR(NOT(ISNUMBER(Data!H47)),NOT(ISNUMBER(Data!G47)),NOT(ISNUMBER(Data!H15))),"-",((Data!H47+Data!G47)/2)/Data!H15*365),"-") | I59: =IFERROR(IF(OR(NOT(ISNUMBER(Data!I47)),NOT(ISNUMBER(Data!H47)),NOT(ISNUMBER(Data!I15))),"-",((Data!I47+Data!H47)/2)/Data!I15*365),"-") | J59: =IFERROR(IF(OR(NOT(ISNUMBER(Data!J47)),NOT(ISNUMBER(Data!I47)),NOT(ISNUMBER(Data!J15))),"-",((Data!J47+Data!I47)/2)/Data!J15*365),"-") | ... L59: =IFERROR(IF(OR(NOT(ISNUMBER(Data!L47)),NOT(ISNUMBER(Data!K47)),NOT(ISNUMBER(Data!L15))),"-",((Data!L47+Data!K47)/2)/Data!L15*365),"-")
A60: Receivables Turnover | C60: =IFERROR(IF(OR(NOT(ISNUMBER(Data!C14)),NOT(ISNUMBER(Data!C45)),NOT(ISNUMBER(Data!B45))),"-",Data!C14/((Data!C45+Data!B45)/2)),"-") | D60: =IFERROR(IF(OR(NOT(ISNUMBER(Data!D14)),NOT(ISNUMBER(Data!D45)),NOT(ISNUMBER(Data!C45))),"-",Data!D14/((Data!D45+Data!C45)/2)),"-") | E60: =IFERROR(IF(OR(NOT(ISNUMBER(Data!E14)),NOT(ISNUMBER(Data!E45)),NOT(ISNUMBER(Data!D45))),"-",Data!E14/((Data!E45+Data!D45)/2)),"-") | F60: =IFERROR(IF(OR(NOT(ISNUMBER(Data!F14)),NOT(ISNUMBER(Data!F45)),NOT(ISNUMBER(Data!E45))),"-",Data!F14/((Data!F45+Data!E45)/2)),"-") | G60: =IFERROR(IF(OR(NOT(ISNUMBER(Data!G14)),NOT(ISNUMBER(Data!G45)),NOT(ISNUMBER(Data!F45))),"-",Data!G14/((Data!G45+Data!F45)/2)),"-") | H60: =IFERROR(IF(OR(NOT(ISNUMBER(Data!H14)),NOT(ISNUMBER(Data!H45)),NOT(ISNUMBER(Data!G45))),"-",Data!H14/((Data!H45+Data!G45)/2)),"-") | I60: =IFERROR(IF(OR(NOT(ISNUMBER(Data!I14)),NOT(ISNUMBER(Data!I45)),NOT(ISNUMBER(Data!H45))),"-",Data!I14/((Data!I45+Data!H45)/2)),"-") | J60: =IFERROR(IF(OR(NOT(ISNUMBER(Data!J14)),NOT(ISNUMBER(Data!J45)),NOT(ISNUMBER(Data!I45))),"-",Data!J14/((Data!J45+Data!I45)/2)),"-") | ... L60: =IFERROR(IF(OR(NOT(ISNUMBER(Data!L14)),NOT(ISNUMBER(Data!L45)),NOT(ISNUMBER(Data!K45))),"-",Data!L14/((Data!L45+Data!K45)/2)),"-")
A61: Days Sales Outstanding | C61: =IFERROR(IF(OR(NOT(ISNUMBER(Data!C45)),NOT(ISNUMBER(Data!B45)),NOT(ISNUMBER(Data!C14))),"-",((Data!C45+Data!B45)/2)/Data!C14*365),"-") | D61: =IFERROR(IF(OR(NOT(ISNUMBER(Data!D45)),NOT(ISNUMBER(Data!C45)),NOT(ISNUMBER(Data!D14))),"-",((Data!D45+Data!C45)/2)/Data!D14*365),"-") | E61: =IFERROR(IF(OR(NOT(ISNUMBER(Data!E45)),NOT(ISNUMBER(Data!D45)),NOT(ISNUMBER(Data!E14))),"-",((Data!E45+Data!D45)/2)/Data!E14*365),"-") | F61: =IFERROR(IF(OR(NOT(ISNUMBER(Data!F45)),NOT(ISNUMBER(Data!E45)),NOT(ISNUMBER(Data!F14))),"-",((Data!F45+Data!E45)/2)/Data!F14*365),"-") | G61: =IFERROR(IF(OR(NOT(ISNUMBER(Data!G45)),NOT(ISNUMBER(Data!F45)),NOT(ISNUMBER(Data!G14))),"-",((Data!G45+Data!F45)/2)/Data!G14*365),"-") | H61: =IFERROR(IF(OR(NOT(ISNUMBER(Data!H45)),NOT(ISNUMBER(Data!G45)),NOT(ISNUMBER(Data!H14))),"-",((Data!H45+Data!G45)/2)/Data!H14*365),"-") | I61: =IFERROR(IF(OR(NOT(ISNUMBER(Data!I45)),NOT(ISNUMBER(Data!H45)),NOT(ISNUMBER(Data!I14))),"-",((Data!I45+Data!H45)/2)/Data!I14*365),"-") | J61: =IFERROR(IF(OR(NOT(ISNUMBER(Data!J45)),NOT(ISNUMBER(Data!I45)),NOT(ISNUMBER(Data!J14))),"-",((Data!J45+Data!I45)/2)/Data!J14*365),"-") | ... L61: =IFERROR(IF(OR(NOT(ISNUMBER(Data!L45)),NOT(ISNUMBER(Data!K45)),NOT(ISNUMBER(Data!L14))),"-",((Data!L45+Data!K45)/2)/Data!L14*365),"-")
A62: Payables Turnover | C62: =IFERROR(IF(OR(NOT(ISNUMBER(Data!C15)),NOT(ISNUMBER(Data!C46)),NOT(ISNUMBER(Data!B46))),"-",Data!C15/((Data!C46+Data!B46)/2)),"-") | D62: =IFERROR(IF(OR(NOT(ISNUMBER(Data!D15)),NOT(ISNUMBER(Data!D46)),NOT(ISNUMBER(Data!C46))),"-",Data!D15/((Data!D46+Data!C46)/2)),"-") | E62: =IFERROR(IF(OR(NOT(ISNUMBER(Data!E15)),NOT(ISNUMBER(Data!E46)),NOT(ISNUMBER(Data!D46))),"-",Data!E15/((Data!E46+Data!D46)/2)),"-") | F62: =IFERROR(IF(OR(NOT(ISNUMBER(Data!F15)),NOT(ISNUMBER(Data!F46)),NOT(ISNUMBER(Data!E46))),"-",Data!F15/((Data!F46+Data!E46)/2)),"-") | G62: =IFERROR(IF(OR(NOT(ISNUMBER(Data!G15)),NOT(ISNUMBER(Data!G46)),NOT(ISNUMBER(Data!F46))),"-",Data!G15/((Data!G46+Data!F46)/2)),"-") | H62: =IFERROR(IF(OR(NOT(ISNUMBER(Data!H15)),NOT(ISNUMBER(Data!H46)),NOT(ISNUMBER(Data!G46))),"-",Data!H15/((Data!H46+Data!G46)/2)),"-") | I62: =IFERROR(IF(OR(NOT(ISNUMBER(Data!I15)),NOT(ISNUMBER(Data!I46)),NOT(ISNUMBER(Data!H46))),"-",Data!I15/((Data!I46+Data!H46)/2)),"-") | J62: =IFERROR(IF(OR(NOT(ISNUMBER(Data!J15)),NOT(ISNUMBER(Data!J46)),NOT(ISNUMBER(Data!I46))),"-",Data!J15/((Data!J46+Data!I46)/2)),"-") | ... L62: =IFERROR(IF(OR(NOT(ISNUMBER(Data!L15)),NOT(ISNUMBER(Data!L46)),NOT(ISNUMBER(Data!K46))),"-",Data!L15/((Data!L46+Data!K46)/2)),"-")
A63: Days Payables Outstanding | C63: =IFERROR(IF(OR(NOT(ISNUMBER(Data!C46)),NOT(ISNUMBER(Data!B46)),NOT(ISNUMBER(Data!C15))),"-",((Data!C46+Data!B46)/2)/Data!C15*365),"-") | D63: =IFERROR(IF(OR(NOT(ISNUMBER(Data!D46)),NOT(ISNUMBER(Data!C46)),NOT(ISNUMBER(Data!D15))),"-",((Data!D46+Data!C46)/2)/Data!D15*365),"-") | E63: =IFERROR(IF(OR(NOT(ISNUMBER(Data!E46)),NOT(ISNUMBER(Data!D46)),NOT(ISNUMBER(Data!E15))),"-",((Data!E46+Data!D46)/2)/Data!E15*365),"-") | F63: =IFERROR(IF(OR(NOT(ISNUMBER(Data!F46)),NOT(ISNUMBER(Data!E46)),NOT(ISNUMBER(Data!F15))),"-",((Data!F46+Data!E46)/2)/Data!F15*365),"-") | G63: =IFERROR(IF(OR(NOT(ISNUMBER(Data!G46)),NOT(ISNUMBER(Data!F46)),NOT(ISNUMBER(Data!G15))),"-",((Data!G46+Data!F46)/2)/Data!G15*365),"-") | H63: =IFERROR(IF(OR(NOT(ISNUMBER(Data!H46)),NOT(ISNUMBER(Data!G46)),NOT(ISNUMBER(Data!H15))),"-",((Data!H46+Data!G46)/2)/Data!H15*365),"-") | I63: =IFERROR(IF(OR(NOT(ISNUMBER(Data!I46)),NOT(ISNUMBER(Data!H46)),NOT(ISNUMBER(Data!I15))),"-",((Data!I46+Data!H46)/2)/Data!I15*365),"-") | J63: =IFERROR(IF(OR(NOT(ISNUMBER(Data!J46)),NOT(ISNUMBER(Data!I46)),NOT(ISNUMBER(Data!J15))),"-",((Data!J46+Data!I46)/2)/Data!J15*365),"-") | ... L63: =IFERROR(IF(OR(NOT(ISNUMBER(Data!L46)),NOT(ISNUMBER(Data!K46)),NOT(ISNUMBER(Data!L15))),"-",((Data!L46+Data!K46)/2)/Data!L15*365),"-")
A64: Cash Conversion Cycle (days) | C64: =IFERROR(IF(OR(NOT(ISNUMBER(Metrics!C59)),NOT(ISNUMBER(Metrics!C61)),NOT(ISNUMBER(Metrics!C63))),"-",Metrics!C59+Metrics!C61-Metrics!C63),"-") | D64: =IFERROR(IF(OR(NOT(ISNUMBER(Metrics!D61)),NOT(ISNUMBER(Metrics!D63)),AND(NOT(ISNUMBER(Metrics!D59)),NOT(AND(ISNUMBER(Data!D15),Data!D15<>0)))),"-",IF(ISNUMBER(Metrics!D59),Metrics!D59,0)+Metrics!D61-Metrics!D63),"-") | E64: =IFERROR(IF(OR(NOT(ISNUMBER(Metrics!E61)),NOT(ISNUMBER(Metrics!E63)),AND(NOT(ISNUMBER(Metrics!E59)),NOT(AND(ISNUMBER(Data!E15),Data!E15<>0)))),"-",IF(ISNUMBER(Metrics!E59),Metrics!E59,0)+Metrics!E61-Metrics!E63),"-") | F64: =IFERROR(IF(OR(NOT(ISNUMBER(Metrics!F61)),NOT(ISNUMBER(Metrics!F63)),AND(NOT(ISNUMBER(Metrics!F59)),NOT(AND(ISNUMBER(Data!F15),Data!F15<>0)))),"-",IF(ISNUMBER(Metrics!F59),Metrics!F59,0)+Metrics!F61-Metrics!F63),"-") | G64: =IFERROR(IF(OR(NOT(ISNUMBER(Metrics!G61)),NOT(ISNUMBER(Metrics!G63)),AND(NOT(ISNUMBER(Metrics!G59)),NOT(AND(ISNUMBER(Data!G15),Data!G15<>0)))),"-",IF(ISNUMBER(Metrics!G59),Metrics!G59,0)+Metrics!G61-Metrics!G63),"-") | H64: =IFERROR(IF(OR(NOT(ISNUMBER(Metrics!H61)),NOT(ISNUMBER(Metrics!H63)),AND(NOT(ISNUMBER(Metrics!H59)),NOT(AND(ISNUMBER(Data!H15),Data!H15<>0)))),"-",IF(ISNUMBER(Metrics!H59),Metrics!H59,0)+Metrics!H61-Metrics!H63),"-") | I64: =IFERROR(IF(OR(NOT(ISNUMBER(Metrics!I61)),NOT(ISNUMBER(Metrics!I63)),AND(NOT(ISNUMBER(Metrics!I59)),NOT(AND(ISNUMBER(Data!I15),Data!I15<>0)))),"-",IF(ISNUMBER(Metrics!I59),Metrics!I59,0)+Metrics!I61-Metrics!I63),"-") | J64: =IFERROR(IF(OR(NOT(ISNUMBER(Metrics!J61)),NOT(ISNUMBER(Metrics!J63)),AND(NOT(ISNUMBER(Metrics!J59)),NOT(AND(ISNUMBER(Data!J15),Data!J15<>0)))),"-",IF(ISNUMBER(Metrics!J59),Metrics!J59,0)+Metrics!J61-Metrics!J63),"-") | K64: =IFERROR(IF(OR(NOT(ISNUMBER(Metrics!K61)),NOT(ISNUMBER(Metrics!K63)),AND(NOT(ISNUMBER(Metrics!K59)),NOT(AND(ISNUMBER(Data!K15),Data!K15<>0)))),"-",IF(ISNUMBER(Metrics!K59),Metrics!K59,0)+Metrics!K61-Metrics!K63),"-") | L64: =IFERROR(IF(OR(NOT(ISNUMBER(Metrics!L61)),NOT(ISNUMBER(Metrics!L63)),AND(NOT(ISNUMBER(Metrics!L59)),NOT(AND(ISNUMBER(Data!L15),Data!L15<>0)))),"-",IF(ISNUMBER(Metrics!L59),Metrics!L59,0)+Metrics!L61-Metrics!L63),"-")
A66: VALUATION & SHAREHOLDER METRICS
A67: Period | B67: =Data!B13 | C67: =Data!C13 | D67: =Data!D13 | E67: =Data!E13 | F67: =Data!F13 | G67: =Data!G13 | H67: =Data!H13 | I67: =Data!I13 | ... L67: =Data!L13 | N67: Year -2 Q1 | O67: Year -2 Q2 | P67: Year -2 Q3 | Q67: Year -2 Q4 | R67: Year -1 Q1 | S67: Year -1 Q2 | T67: Year -1 Q3 | U67: Year -1 Q4 | V67: Current Year Q1 | W67: Current Year Q2 | X67: Current Year Q3 | Y67: Current Year Q4
A68: Return on Capital (ROC) | B68: =IFERROR(Data!B22/(Data!B39-Data!B32),"-") | C68: =IFERROR(Data!C22/(Data!C39-Data!C32),"-") | D68: =IFERROR(Data!D22/(Data!D39-Data!D32),"-") | E68: =IFERROR(Data!E22/(Data!E39-Data!E32),"-") | F68: =IFERROR(Data!F22/(Data!F39-Data!F32),"-") | G68: =IFERROR(Data!G22/(Data!G39-Data!G32),"-") | H68: =IFERROR(Data!H22/(Data!H39-Data!H32),"-") | I68: =IFERROR(Data!I22/(Data!I39-Data!I32),"-") | ... L68: =IFERROR(Data!L22/(Data!L39-Data!L32),"-")
A69: Gross ROE (EBIT/Equity) | B69: =IFERROR(Data!B22/Data!B41,"-") | C69: =IFERROR(Data!C22/Data!C41,"-") | D69: =IFERROR(Data!D22/Data!D41,"-") | E69: =IFERROR(Data!E22/Data!E41,"-") | F69: =IFERROR(Data!F22/Data!F41,"-") | G69: =IFERROR(Data!G22/Data!G41,"-") | H69: =IFERROR(Data!H22/Data!H41,"-") | I69: =IFERROR(Data!I22/Data!I41,"-") | ... L69: =IFERROR(Data!L22/Data!L41,"-")
A70: Hard Assets / Share (PP&E + Cash) | B70: =IFERROR((Data!B44+Data!B32)/Data!B28,"-") | C70: =IFERROR((Data!C44+Data!C32)/Data!C28,"-") | D70: =IFERROR(IF(OR(NOT(ISNUMBER(Data!D44)),NOT(ISNUMBER(Data!D32)),NOT(ISNUMBER(Data!D28))),"-",(Data!D44+Data!D32)/(Data!D28*4)),"-") | E70: =IFERROR(IF(OR(NOT(ISNUMBER(Data!E44)),NOT(ISNUMBER(Data!E32)),NOT(ISNUMBER(Data!E28))),"-",(Data!E44+Data!E32)/(Data!E28*4)),"-") | F70: =IFERROR(IF(OR(NOT(ISNUMBER(Data!F44)),NOT(ISNUMBER(Data!F32)),NOT(ISNUMBER(Data!F28))),"-",(Data!F44+Data!F32)/(Data!F28*4)),"-") | G70: =IFERROR(IF(OR(NOT(ISNUMBER(Data!G44)),NOT(ISNUMBER(Data!G32)),NOT(ISNUMBER(Data!G28))),"-",(Data!G44+Data!G32)/(Data!G28*4)),"-") | H70: =IFERROR(IF(OR(NOT(ISNUMBER(Data!H44)),NOT(ISNUMBER(Data!H32)),NOT(ISNUMBER(Data!H28))),"-",(Data!H44+Data!H32)/(Data!H28*4)),"-") | I70: =IFERROR(IF(OR(NOT(ISNUMBER(Data!I44)),NOT(ISNUMBER(Data!I32)),NOT(ISNUMBER(Data!I28))),"-",(Data!I44+Data!I32)/(Data!I28*4)),"-") | J70: =IFERROR(IF(OR(NOT(ISNUMBER(Data!J44)),NOT(ISNUMBER(Data!J32)),NOT(ISNUMBER(Data!J28))),"-",(Data!J44+Data!J32)/(Data!J28*4)),"-") | K70: =IFERROR(IF(OR(NOT(ISNUMBER(Data!K44)),NOT(ISNUMBER(Data!K32)),NOT(ISNUMBER(Data!K28))),"-",(Data!K44+Data!K32)/(Data!K28*4)),"-") | L70: =IFERROR(IF(OR(NOT(ISNUMBER(Data!L44)),NOT(ISNUMBER(Data!L32)),NOT(ISNUMBER(Data!L28))),"-",(Data!L44+Data!L32)/(Data!L28*4)),"-")
A71: Tangible Book Value / Share | B71: =IFERROR((Data!B41-Data!B43)/Data!B28,"-") | C71: =IFERROR((Data!C41-Data!C43)/Data!C28,"-") | D71: =IFERROR(IF(OR(NOT(ISNUMBER(Data!D41)),NOT(ISNUMBER(Data!D43)),NOT(ISNUMBER(Data!D28))),"-",(Data!D41-Data!D43)/(Data!D28*4)),"-") | E71: =IFERROR(IF(OR(NOT(ISNUMBER(Data!E41)),NOT(ISNUMBER(Data!E43)),NOT(ISNUMBER(Data!E28))),"-",(Data!E41-Data!E43)/(Data!E28*4)),"-") | F71: =IFERROR(IF(OR(NOT(ISNUMBER(Data!F41)),NOT(ISNUMBER(Data!F43)),NOT(ISNUMBER(Data!F28))),"-",(Data!F41-Data!F43)/(Data!F28*4)),"-") | G71: =IFERROR(IF(OR(NOT(ISNUMBER(Data!G41)),NOT(ISNUMBER(Data!G43)),NOT(ISNUMBER(Data!G28))),"-",(Data!G41-Data!G43)/(Data!G28*4)),"-") | H71: =IFERROR(IF(OR(NOT(ISNUMBER(Data!H41)),NOT(ISNUMBER(Data!H43)),NOT(ISNUMBER(Data!H28))),"-",(Data!H41-Data!H43)/(Data!H28*4)),"-") | I71: =IFERROR(IF(OR(NOT(ISNUMBER(Data!I41)),NOT(ISNUMBER(Data!I43)),NOT(ISNUMBER(Data!I28))),"-",(Data!I41-Data!I43)/(Data!I28*4)),"-") | J71: =IFERROR(IF(OR(NOT(ISNUMBER(Data!J41)),NOT(ISNUMBER(Data!J43)),NOT(ISNUMBER(Data!J28))),"-",(Data!J41-Data!J43)/(Data!J28*4)),"-") | K71: =IFERROR(IF(OR(NOT(ISNUMBER(Data!K41)),NOT(ISNUMBER(Data!K43)),NOT(ISNUMBER(Data!K28))),"-",(Data!K41-Data!K43)/(Data!K28*4)),"-") | L71: =IFERROR(IF(OR(NOT(ISNUMBER(Data!L41)),NOT(ISNUMBER(Data!L43)),NOT(ISNUMBER(Data!L28))),"-",(Data!L41-Data!L43)/(Data!L28*4)),"-")
A72: Asset Turnover | C72: =IFERROR(IF(OR(NOT(ISNUMBER(Data!C14)),NOT(ISNUMBER(Data!C39))),"-",Data!C14/Data!C39),"-") | D72: =IFERROR(IF(OR(NOT(ISNUMBER(Data!D14)),NOT(ISNUMBER(Data!D39))),"-",Data!D14/Data!D39),"-") | E72: =IFERROR(IF(OR(NOT(ISNUMBER(Data!E14)),NOT(ISNUMBER(Data!E39))),"-",Data!E14/Data!E39),"-") | F72: =IFERROR(IF(OR(NOT(ISNUMBER(Data!F14)),NOT(ISNUMBER(Data!F39))),"-",Data!F14/Data!F39),"-") | G72: =IFERROR(IF(OR(NOT(ISNUMBER(Data!G14)),NOT(ISNUMBER(Data!G39))),"-",Data!G14/Data!G39),"-") | H72: =IFERROR(IF(OR(NOT(ISNUMBER(Data!H14)),NOT(ISNUMBER(Data!H39))),"-",Data!H14/Data!H39),"-") | I72: =IFERROR(IF(OR(NOT(ISNUMBER(Data!I14)),NOT(ISNUMBER(Data!I39))),"-",Data!I14/Data!I39),"-") | J72: =IFERROR(IF(OR(NOT(ISNUMBER(Data!J14)),NOT(ISNUMBER(Data!J39))),"-",Data!J14/Data!J39),"-") | ... L72: =IFERROR(IF(OR(NOT(ISNUMBER(Data!L14)),NOT(ISNUMBER(Data!L39))),"-",Data!L14/Data!L39),"-") | Q72: =IFERROR(IF(OR(NOT(ISNUMBER(Data!N14)),NOT(ISNUMBER(Data!O14)),NOT(ISNUMBER(Data!P14)),NOT(ISNUMBER(Data!Q14)),NOT(ISNUMBER(Data!Q39))),"-",(Data!N14+Data!O14+Data!P14+Data!Q14)/Data!Q39),"-") | R72: =IFERROR(IF(OR(NOT(ISNUMBER(Data!O14)),NOT(ISNUMBER(Data!P14)),NOT(ISNUMBER(Data!Q14)),NOT(ISNUMBER(Data!R14)),NOT(ISNUMBER(Data!R39))),"-",(Data!O14+Data!P14+Data!Q14+Data!R14)/Data!R39),"-") | S72: =IFERROR(IF(OR(NOT(ISNUMBER(Data!P14)),NOT(ISNUMBER(Data!Q14)),NOT(ISNUMBER(Data!R14)),NOT(ISNUMBER(Data!S14)),NOT(ISNUMBER(Data!S39))),"-",(Data!P14+Data!Q14+Data!R14+Data!S14)/Data!S39),"-") | T72: =IFERROR(IF(OR(NOT(ISNUMBER(Data!Q14)),NOT(ISNUMBER(Data!R14)),NOT(ISNUMBER(Data!S14)),NOT(ISNUMBER(Data!T14)),NOT(ISNUMBER(Data!T39))),"-",(Data!Q14+Data!R14+Data!S14+Data!T14)/Data!T39),"-") | U72: =IFERROR(IF(OR(NOT(ISNUMBER(Data!R14)),NOT(ISNUMBER(Data!S14)),NOT(ISNUMBER(Data!T14)),NOT(ISNUMBER(Data!U14)),NOT(ISNUMBER(Data!U39))),"-",(Data!R14+Data!S14+Data!T14+Data!U14)/Data!U39),"-") | V72: =IFERROR(IF(OR(NOT(ISNUMBER(Data!S14)),NOT(ISNUMBER(Data!T14)),NOT(ISNUMBER(Data!U14)),NOT(ISNUMBER(Data!V14)),NOT(ISNUMBER(Data!V39))),"-",(Data!S14+Data!T14+Data!U14+Data!V14)/Data!V39),"-") | W72: =IFERROR(IF(OR(NOT(ISNUMBER(Data!T14)),NOT(ISNUMBER(Data!U14)),NOT(ISNUMBER(Data!V14)),NOT(ISNUMBER(Data!W14)),NOT(ISNUMBER(Data!W39))),"-",(Data!T14+Data!U14+Data!V14+Data!W14)/Data!W39),"-") | X72: =IFERROR(IF(OR(NOT(ISNUMBER(Data!U14)),NOT(ISNUMBER(Data!V14)),NOT(ISNUMBER(Data!W14)),NOT(ISNUMBER(Data!X14)),NOT(ISNUMBER(Data!X39))),"-",(Data!U14+Data!V14+Data!W14+Data!X14)/Data!X39),"-") | Y72: =IFERROR(IF(OR(NOT(ISNUMBER(Data!V14)),NOT(ISNUMBER(Data!W14)),NOT(ISNUMBER(Data!X14)),NOT(ISNUMBER(Data!Y14)),NOT(ISNUMBER(Data!Y39))),"-",(Data!V14+Data!W14+Data!X14+Data!Y14)/Data!Y39),"-")
A73: Dividend Payout Ratio | C73: =IFERROR(IF(OR(NOT(ISNUMBER(Data!C55)),NOT(ISNUMBER(Data!C26)),Data!C55=0),"-",ABS(Data!C55)/Data!C26),"-") | D73: =IFERROR(IF(OR(NOT(ISNUMBER(Data!D55)),NOT(ISNUMBER(Data!D26)),Data!D55=0),"-",ABS(Data!D55)/Data!D26),"-") | E73: =IFERROR(IF(OR(NOT(ISNUMBER(Data!E55)),NOT(ISNUMBER(Data!E26)),Data!E55=0),"-",ABS(Data!E55)/Data!E26),"-") | F73: =IFERROR(IF(OR(NOT(ISNUMBER(Data!F55)),NOT(ISNUMBER(Data!F26)),Data!F55=0),"-",ABS(Data!F55)/Data!F26),"-") | G73: =IFERROR(IF(OR(NOT(ISNUMBER(Data!G55)),NOT(ISNUMBER(Data!G26)),Data!G55=0),"-",ABS(Data!G55)/Data!G26),"-") | H73: =IFERROR(IF(OR(NOT(ISNUMBER(Data!H55)),NOT(ISNUMBER(Data!H26)),Data!H55=0),"-",ABS(Data!H55)/Data!H26),"-") | I73: =IFERROR(IF(OR(NOT(ISNUMBER(Data!I55)),NOT(ISNUMBER(Data!I26)),Data!I55=0),"-",ABS(Data!I55)/Data!I26),"-") | J73: =IFERROR(IF(OR(NOT(ISNUMBER(Data!J55)),NOT(ISNUMBER(Data!J26)),Data!J55=0),"-",ABS(Data!J55)/Data!J26),"-") | ... L73: =IFERROR(IF(OR(NOT(ISNUMBER(Data!L55)),NOT(ISNUMBER(Data!L26)),Data!L55=0),"-",ABS(Data!L55)/Data!L26),"-") | Q73: =IFERROR(IF(OR(NOT(ISNUMBER(Data!N55)),NOT(ISNUMBER(Data!O55)),NOT(ISNUMBER(Data!P55)),NOT(ISNUMBER(Data!Q55)),NOT(ISNUMBER(Data!N26)),NOT(ISNUMBER(Data!O26)),NOT(ISNUMBER(Data!P26)),NOT(ISNUMBER(Data!Q26)),(Data!N55+Data!O55+Data!P55+Data!Q55)=0),"-",ABS((Data!N55+Data!O55+Data!P55+Data!Q55))/(Data!N26+Data!O26+Data!P26+Data!Q26)),"-") | R73: =IFERROR(IF(OR(NOT(ISNUMBER(Data!O55)),NOT(ISNUMBER(Data!P55)),NOT(ISNUMBER(Data!Q55)),NOT(ISNUMBER(Data!R55)),NOT(ISNUMBER(Data!O26)),NOT(ISNUMBER(Data!P26)),NOT(ISNUMBER(Data!Q26)),NOT(ISNUMBER(Data!R26)),(Data!O55+Data!P55+Data!Q55+Data!R55)=0),"-",ABS((Data!O55+Data!P55+Data!Q55+Data!R55))/(Data!O26+Data!P26+Data!Q26+Data!R26)),"-") | S73: =IFERROR(IF(OR(NOT(ISNUMBER(Data!P55)),NOT(ISNUMBER(Data!Q55)),NOT(ISNUMBER(Data!R55)),NOT(ISNUMBER(Data!S55)),NOT(ISNUMBER(Data!P26)),NOT(ISNUMBER(Data!Q26)),NOT(ISNUMBER(Data!R26)),NOT(ISNUMBER(Data!S26)),(Data!P55+Data!Q55+Data!R55+Data!S55)=0),"-",ABS((Data!P55+Data!Q55+Data!R55+Data!S55))/(Data!P26+Data!Q26+Data!R26+Data!S26)),"-") | T73: =IFERROR(IF(OR(NOT(ISNUMBER(Data!Q55)),NOT(ISNUMBER(Data!R55)),NOT(ISNUMBER(Data!S55)),NOT(ISNUMBER(Data!T55)),NOT(ISNUMBER(Data!Q26)),NOT(ISNUMBER(Data!R26)),NOT(ISNUMBER(Data!S26)),NOT(ISNUMBER(Data!T26)),(Data!Q55+Data!R55+Data!S55+Data!T55)=0),"-",ABS((Data!Q55+Data!R55+Data!S55+Data!T55))/(Data!Q26+Data!R26+Data!S26+Data!T26)),"-") | U73: =IFERROR(IF(OR(NOT(ISNUMBER(Data!R55)),NOT(ISNUMBER(Data!S55)),NOT(ISNUMBER(Data!T55)),NOT(ISNUMBER(Data!U55)),NOT(ISNUMBER(Data!R26)),NOT(ISNUMBER(Data!S26)),NOT(ISNUMBER(Data!T26)),NOT(ISNUMBER(Data!U26)),(Data!R55+Data!S55+Data!T55+Data!U55)=0),"-",ABS((Data!R55+Data!S55+Data!T55+Data!U55))/(Data!R26+Data!S26+Data!T26+Data!U26)),"-") | V73: =IFERROR(IF(OR(NOT(ISNUMBER(Data!S55)),NOT(ISNUMBER(Data!T55)),NOT(ISNUMBER(Data!U55)),NOT(ISNUMBER(Data!V55)),NOT(ISNUMBER(Data!S26)),NOT(ISNUMBER(Data!T26)),NOT(ISNUMBER(Data!U26)),NOT(ISNUMBER(Data!V26)),(Data!S55+Data!T55+Data!U55+Data!V55)=0),"-",ABS((Data!S55+Data!T55+Data!U55+Data!V55))/(Data!S26+Data!T26+Data!U26+Data!V26)),"-") | W73: =IFERROR(IF(OR(NOT(ISNUMBER(Data!T55)),NOT(ISNUMBER(Data!U55)),NOT(ISNUMBER(Data!V55)),NOT(ISNUMBER(Data!W55)),NOT(ISNUMBER(Data!T26)),NOT(ISNUMBER(Data!U26)),NOT(ISNUMBER(Data!V26)),NOT(ISNUMBER(Data!W26)),(Data!T55+Data!U55+Data!V55+Data!W55)=0),"-",ABS((Data!T55+Data!U55+Data!V55+Data!W55))/(Data!T26+Data!U26+Data!V26+Data!W26)),"-") | X73: =IFERROR(IF(OR(NOT(ISNUMBER(Data!U55)),NOT(ISNUMBER(Data!V55)),NOT(ISNUMBER(Data!W55)),NOT(ISNUMBER(Data!X55)),NOT(ISNUMBER(Data!U26)),NOT(ISNUMBER(Data!V26)),NOT(ISNUMBER(Data!W26)),NOT(ISNUMBER(Data!X26)),(Data!U55+Data!V55+Data!W55+Data!X55)=0),"-",ABS((Data!U55+Data!V55+Data!W55+Data!X55))/(Data!U26+Data!V26+Data!W26+Data!X26)),"-") | Y73: =IFERROR(IF(OR(NOT(ISNUMBER(Data!V55)),NOT(ISNUMBER(Data!W55)),NOT(ISNUMBER(Data!X55)),NOT(ISNUMBER(Data!Y55)),NOT(ISNUMBER(Data!V26)),NOT(ISNUMBER(Data!W26)),NOT(ISNUMBER(Data!X26)),NOT(ISNUMBER(Data!Y26)),(Data!V55+Data!W55+Data!X55+Data!Y55)=0),"-",ABS((Data!V55+Data!W55+Data!X55+Data!Y55))/(Data!V26+Data!W26+Data!X26+Data!Y26)),"-")
A74: SBC / Revenue | B74: =IFERROR(Data!B54/Data!B14,"-") | C74: =IFERROR(Data!C54/Data!C14,"-") | D74: =IFERROR(Data!D54/Data!D14,"-") | E74: =IFERROR(Data!E54/Data!E14,"-") | F74: =IFERROR(Data!F54/Data!F14,"-") | G74: =IFERROR(Data!G54/Data!G14,"-") | H74: =IFERROR(Data!H54/Data!H14,"-") | I74: =IFERROR(Data!I54/Data!I14,"-") | ... L74: =IFERROR(Data!L54/Data!L14,"-")
A75: SBC / FCF | B75: =IFERROR(Data!B54/Data!B53,"-") | C75: =IFERROR(Data!C54/Data!C53,"-") | D75: =IFERROR(Data!D54/Data!D53,"-") | E75: =IFERROR(Data!E54/Data!E53,"-") | F75: =IFERROR(Data!F54/Data!F53,"-") | G75: =IFERROR(Data!G54/Data!G53,"-") | H75: =IFERROR(Data!H54/Data!H53,"-") | I75: =IFERROR(Data!I54/Data!I53,"-") | ... L75: =IFERROR(Data!L54/Data!L53,"-")
A76: FCF Conversion (FCF/NI) | C76: =IFERROR(IF(OR(NOT(ISNUMBER(Data!C53)),NOT(ISNUMBER(Data!C26))),"-",Data!C53/Data!C26),"-") | D76: =IFERROR(IF(OR(NOT(ISNUMBER(Data!D53)),NOT(ISNUMBER(Data!D26))),"-",Data!D53/Data!D26),"-") | E76: =IFERROR(IF(OR(NOT(ISNUMBER(Data!E53)),NOT(ISNUMBER(Data!E26))),"-",Data!E53/Data!E26),"-") | F76: =IFERROR(IF(OR(NOT(ISNUMBER(Data!F53)),NOT(ISNUMBER(Data!F26))),"-",Data!F53/Data!F26),"-") | G76: =IFERROR(IF(OR(NOT(ISNUMBER(Data!G53)),NOT(ISNUMBER(Data!G26))),"-",Data!G53/Data!G26),"-") | H76: =IFERROR(IF(OR(NOT(ISNUMBER(Data!H53)),NOT(ISNUMBER(Data!H26))),"-",Data!H53/Data!H26),"-") | I76: =IFERROR(IF(OR(NOT(ISNUMBER(Data!I53)),NOT(ISNUMBER(Data!I26))),"-",Data!I53/Data!I26),"-") | J76: =IFERROR(IF(OR(NOT(ISNUMBER(Data!J53)),NOT(ISNUMBER(Data!J26))),"-",Data!J53/Data!J26),"-") | ... L76: =IFERROR(IF(OR(NOT(ISNUMBER(Data!L53)),NOT(ISNUMBER(Data!L26))),"-",Data!L53/Data!L26),"-") | Q76: =IFERROR(IF(OR(NOT(ISNUMBER(Data!N53)),NOT(ISNUMBER(Data!O53)),NOT(ISNUMBER(Data!P53)),NOT(ISNUMBER(Data!Q53)),NOT(ISNUMBER(Data!N26)),NOT(ISNUMBER(Data!O26)),NOT(ISNUMBER(Data!P26)),NOT(ISNUMBER(Data!Q26))),"-",(Data!N53+Data!O53+Data!P53+Data!Q53)/(Data!N26+Data!O26+Data!P26+Data!Q26)),"-") | R76: =IFERROR(IF(OR(NOT(ISNUMBER(Data!O53)),NOT(ISNUMBER(Data!P53)),NOT(ISNUMBER(Data!Q53)),NOT(ISNUMBER(Data!R53)),NOT(ISNUMBER(Data!O26)),NOT(ISNUMBER(Data!P26)),NOT(ISNUMBER(Data!Q26)),NOT(ISNUMBER(Data!R26))),"-",(Data!O53+Data!P53+Data!Q53+Data!R53)/(Data!O26+Data!P26+Data!Q26+Data!R26)),"-") | S76: =IFERROR(IF(OR(NOT(ISNUMBER(Data!P53)),NOT(ISNUMBER(Data!Q53)),NOT(ISNUMBER(Data!R53)),NOT(ISNUMBER(Data!S53)),NOT(ISNUMBER(Data!P26)),NOT(ISNUMBER(Data!Q26)),NOT(ISNUMBER(Data!R26)),NOT(ISNUMBER(Data!S26))),"-",(Data!P53+Data!Q53+Data!R53+Data!S53)/(Data!P26+Data!Q26+Data!R26+Data!S26)),"-") | T76: =IFERROR(IF(OR(NOT(ISNUMBER(Data!Q53)),NOT(ISNUMBER(Data!R53)),NOT(ISNUMBER(Data!S53)),NOT(ISNUMBER(Data!T53)),NOT(ISNUMBER(Data!Q26)),NOT(ISNUMBER(Data!R26)),NOT(ISNUMBER(Data!S26)),NOT(ISNUMBER(Data!T26))),"-",(Data!Q53+Data!R53+Data!S53+Data!T53)/(Data!Q26+Data!R26+Data!S26+Data!T26)),"-") | U76: =IFERROR(IF(OR(NOT(ISNUMBER(Data!R53)),NOT(ISNUMBER(Data!S53)),NOT(ISNUMBER(Data!T53)),NOT(ISNUMBER(Data!U53)),NOT(ISNUMBER(Data!R26)),NOT(ISNUMBER(Data!S26)),NOT(ISNUMBER(Data!T26)),NOT(ISNUMBER(Data!U26))),"-",(Data!R53+Data!S53+Data!T53+Data!U53)/(Data!R26+Data!S26+Data!T26+Data!U26)),"-") | V76: =IFERROR(IF(OR(NOT(ISNUMBER(Data!S53)),NOT(ISNUMBER(Data!T53)),NOT(ISNUMBER(Data!U53)),NOT(ISNUMBER(Data!V53)),NOT(ISNUMBER(Data!S26)),NOT(ISNUMBER(Data!T26)),NOT(ISNUMBER(Data!U26)),NOT(ISNUMBER(Data!V26))),"-",(Data!S53+Data!T53+Data!U53+Data!V53)/(Data!S26+Data!T26+Data!U26+Data!V26)),"-") | W76: =IFERROR(IF(OR(NOT(ISNUMBER(Data!T53)),NOT(ISNUMBER(Data!U53)),NOT(ISNUMBER(Data!V53)),NOT(ISNUMBER(Data!W53)),NOT(ISNUMBER(Data!T26)),NOT(ISNUMBER(Data!U26)),NOT(ISNUMBER(Data!V26)),NOT(ISNUMBER(Data!W26))),"-",(Data!T53+Data!U53+Data!V53+Data!W53)/(Data!T26+Data!U26+Data!V26+Data!W26)),"-") | X76: =IFERROR(IF(OR(NOT(ISNUMBER(Data!U53)),NOT(ISNUMBER(Data!V53)),NOT(ISNUMBER(Data!W53)),NOT(ISNUMBER(Data!X53)),NOT(ISNUMBER(Data!U26)),NOT(ISNUMBER(Data!V26)),NOT(ISNUMBER(Data!W26)),NOT(ISNUMBER(Data!X26))),"-",(Data!U53+Data!V53+Data!W53+Data!X53)/(Data!U26+Data!V26+Data!W26+Data!X26)),"-") | Y76: =IFERROR(IF(OR(NOT(ISNUMBER(Data!V53)),NOT(ISNUMBER(Data!W53)),NOT(ISNUMBER(Data!X53)),NOT(ISNUMBER(Data!Y53)),NOT(ISNUMBER(Data!V26)),NOT(ISNUMBER(Data!W26)),NOT(ISNUMBER(Data!X26)),NOT(ISNUMBER(Data!Y26))),"-",(Data!V53+Data!W53+Data!X53+Data!Y53)/(Data!V26+Data!W26+Data!X26+Data!Y26)),"-")
A77: CapEx / Revenue | C77: =IFERROR(IF(OR(NOT(ISNUMBER(Data!C52)),NOT(ISNUMBER(Data!C14)),Data!C52=0),"-",ABS(Data!C52)/Data!C14),"-") | D77: =IFERROR(IF(OR(NOT(ISNUMBER(Data!D52)),NOT(ISNUMBER(Data!D14)),Data!D52=0),"-",ABS(Data!D52)/Data!D14),"-") | E77: =IFERROR(IF(OR(NOT(ISNUMBER(Data!E52)),NOT(ISNUMBER(Data!E14)),Data!E52=0),"-",ABS(Data!E52)/Data!E14),"-") | F77: =IFERROR(IF(OR(NOT(ISNUMBER(Data!F52)),NOT(ISNUMBER(Data!F14)),Data!F52=0),"-",ABS(Data!F52)/Data!F14),"-") | G77: =IFERROR(IF(OR(NOT(ISNUMBER(Data!G52)),NOT(ISNUMBER(Data!G14)),Data!G52=0),"-",ABS(Data!G52)/Data!G14),"-") | H77: =IFERROR(IF(OR(NOT(ISNUMBER(Data!H52)),NOT(ISNUMBER(Data!H14)),Data!H52=0),"-",ABS(Data!H52)/Data!H14),"-") | I77: =IFERROR(IF(OR(NOT(ISNUMBER(Data!I52)),NOT(ISNUMBER(Data!I14)),Data!I52=0),"-",ABS(Data!I52)/Data!I14),"-") | J77: =IFERROR(IF(OR(NOT(ISNUMBER(Data!J52)),NOT(ISNUMBER(Data!J14)),Data!J52=0),"-",ABS(Data!J52)/Data!J14),"-") | ... L77: =IFERROR(IF(OR(NOT(ISNUMBER(Data!L52)),NOT(ISNUMBER(Data!L14)),Data!L52=0),"-",ABS(Data!L52)/Data!L14),"-")
A78: CapEx / D&A | C78: =IFERROR(IF(OR(NOT(ISNUMBER(Data!C52)),NOT(ISNUMBER(Data!C21)),Data!C52=0),"-",ABS(Data!C52)/Data!C21),"-") | D78: =IFERROR(IF(OR(NOT(ISNUMBER(Data!D52)),NOT(ISNUMBER(Data!D21)),Data!D52=0),"-",ABS(Data!D52)/Data!D21),"-") | E78: =IFERROR(IF(OR(NOT(ISNUMBER(Data!E52)),NOT(ISNUMBER(Data!E21)),Data!E52=0),"-",ABS(Data!E52)/Data!E21),"-") | F78: =IFERROR(IF(OR(NOT(ISNUMBER(Data!F52)),NOT(ISNUMBER(Data!F21)),Data!F52=0),"-",ABS(Data!F52)/Data!F21),"-") | G78: =IFERROR(IF(OR(NOT(ISNUMBER(Data!G52)),NOT(ISNUMBER(Data!G21)),Data!G52=0),"-",ABS(Data!G52)/Data!G21),"-") | H78: =IFERROR(IF(OR(NOT(ISNUMBER(Data!H52)),NOT(ISNUMBER(Data!H21)),Data!H52=0),"-",ABS(Data!H52)/Data!H21),"-") | I78: =IFERROR(IF(OR(NOT(ISNUMBER(Data!I52)),NOT(ISNUMBER(Data!I21)),Data!I52=0),"-",ABS(Data!I52)/Data!I21),"-") | J78: =IFERROR(IF(OR(NOT(ISNUMBER(Data!J52)),NOT(ISNUMBER(Data!J21)),Data!J52=0),"-",ABS(Data!J52)/Data!J21),"-") | ... L78: =IFERROR(IF(OR(NOT(ISNUMBER(Data!L52)),NOT(ISNUMBER(Data!L21)),Data!L52=0),"-",ABS(Data!L52)/Data!L21),"-")
A79: Intangibles / Total Assets | B79: =IFERROR(Data!B43/Data!B39,"-") | C79: =IFERROR(Data!C43/Data!C39,"-") | D79: =IFERROR(Data!D43/Data!D39,"-") | E79: =IFERROR(Data!E43/Data!E39,"-") | F79: =IFERROR(Data!F43/Data!F39,"-") | G79: =IFERROR(Data!G43/Data!G39,"-") | H79: =IFERROR(Data!H43/Data!H39,"-") | I79: =IFERROR(Data!I43/Data!I39,"-") | ... L79: =IFERROR(Data!L43/Data!L39,"-")
A80: Net Debt / EBITDA | C80: =IFERROR(IF(OR(NOT(ISNUMBER(Data!C36)),NOT(ISNUMBER(Data!C20))),"-",Data!C36/Data!C20),"-") | D80: =IFERROR(IF(OR(NOT(ISNUMBER(Data!D36)),NOT(ISNUMBER(Data!D20))),"-",Data!D36/Data!D20),"-") | E80: =IFERROR(IF(OR(NOT(ISNUMBER(Data!E36)),NOT(ISNUMBER(Data!E20))),"-",Data!E36/Data!E20),"-") | F80: =IFERROR(IF(OR(NOT(ISNUMBER(Data!F36)),NOT(ISNUMBER(Data!F20))),"-",Data!F36/Data!F20),"-") | G80: =IFERROR(IF(OR(NOT(ISNUMBER(Data!G36)),NOT(ISNUMBER(Data!G20))),"-",Data!G36/Data!G20),"-") | H80: =IFERROR(IF(OR(NOT(ISNUMBER(Data!H36)),NOT(ISNUMBER(Data!H20))),"-",Data!H36/Data!H20),"-") | I80: =IFERROR(IF(OR(NOT(ISNUMBER(Data!I36)),NOT(ISNUMBER(Data!I20))),"-",Data!I36/Data!I20),"-") | J80: =IFERROR(IF(OR(NOT(ISNUMBER(Data!J36)),NOT(ISNUMBER(Data!J20))),"-",Data!J36/Data!J20),"-") | ... L80: =IFERROR(IF(OR(NOT(ISNUMBER(Data!L36)),NOT(ISNUMBER(Data!L20))),"-",Data!L36/Data!L20),"-") | Q80: =IFERROR(IF(OR(NOT(ISNUMBER(Data!Q36)),NOT(ISNUMBER(Data!N20)),NOT(ISNUMBER(Data!O20)),NOT(ISNUMBER(Data!P20)),NOT(ISNUMBER(Data!Q20))),"-",Data!Q36/(Data!N20+Data!O20+Data!P20+Data!Q20)),"-") | R80: =IFERROR(IF(OR(NOT(ISNUMBER(Data!R36)),NOT(ISNUMBER(Data!O20)),NOT(ISNUMBER(Data!P20)),NOT(ISNUMBER(Data!Q20)),NOT(ISNUMBER(Data!R20))),"-",Data!R36/(Data!O20+Data!P20+Data!Q20+Data!R20)),"-") | S80: =IFERROR(IF(OR(NOT(ISNUMBER(Data!S36)),NOT(ISNUMBER(Data!P20)),NOT(ISNUMBER(Data!Q20)),NOT(ISNUMBER(Data!R20)),NOT(ISNUMBER(Data!S20))),"-",Data!S36/(Data!P20+Data!Q20+Data!R20+Data!S20)),"-") | T80: =IFERROR(IF(OR(NOT(ISNUMBER(Data!T36)),NOT(ISNUMBER(Data!Q20)),NOT(ISNUMBER(Data!R20)),NOT(ISNUMBER(Data!S20)),NOT(ISNUMBER(Data!T20))),"-",Data!T36/(Data!Q20+Data!R20+Data!S20+Data!T20)),"-") | U80: =IFERROR(IF(OR(NOT(ISNUMBER(Data!U36)),NOT(ISNUMBER(Data!R20)),NOT(ISNUMBER(Data!S20)),NOT(ISNUMBER(Data!T20)),NOT(ISNUMBER(Data!U20))),"-",Data!U36/(Data!R20+Data!S20+Data!T20+Data!U20)),"-") | V80: =IFERROR(IF(OR(NOT(ISNUMBER(Data!V36)),NOT(ISNUMBER(Data!S20)),NOT(ISNUMBER(Data!T20)),NOT(ISNUMBER(Data!U20)),NOT(ISNUMBER(Data!V20))),"-",Data!V36/(Data!S20+Data!T20+Data!U20+Data!V20)),"-") | W80: =IFERROR(IF(OR(NOT(ISNUMBER(Data!W36)),NOT(ISNUMBER(Data!T20)),NOT(ISNUMBER(Data!U20)),NOT(ISNUMBER(Data!V20)),NOT(ISNUMBER(Data!W20))),"-",Data!W36/(Data!T20+Data!U20+Data!V20+Data!W20)),"-") | X80: =IFERROR(IF(OR(NOT(ISNUMBER(Data!X36)),NOT(ISNUMBER(Data!U20)),NOT(ISNUMBER(Data!V20)),NOT(ISNUMBER(Data!W20)),NOT(ISNUMBER(Data!X20))),"-",Data!X36/(Data!U20+Data!V20+Data!W20+Data!X20)),"-") | Y80: =IFERROR(IF(OR(NOT(ISNUMBER(Data!Y36)),NOT(ISNUMBER(Data!V20)),NOT(ISNUMBER(Data!W20)),NOT(ISNUMBER(Data!X20)),NOT(ISNUMBER(Data!Y20))),"-",Data!Y36/(Data!V20+Data!W20+Data!X20+Data!Y20)),"-")
A81: Effective Tax Rate | B81: =IFERROR(Data!B25/Data!B24,"-") | C81: =IFERROR(IF(OR(NOT(ISNUMBER(Data!C25)),NOT(ISNUMBER(Data!C24))),"-",Data!C25/Data!C24),"-") | D81: =IFERROR(IF(OR(NOT(ISNUMBER(Data!D25)),NOT(ISNUMBER(Data!D24))),"-",Data!D25/Data!D24),"-") | E81: =IFERROR(IF(OR(NOT(ISNUMBER(Data!E25)),NOT(ISNUMBER(Data!E24))),"-",Data!E25/Data!E24),"-") | F81: =IFERROR(IF(OR(NOT(ISNUMBER(Data!F25)),NOT(ISNUMBER(Data!F24))),"-",Data!F25/Data!F24),"-") | G81: =IFERROR(IF(OR(NOT(ISNUMBER(Data!G25)),NOT(ISNUMBER(Data!G24))),"-",Data!G25/Data!G24),"-") | H81: =IFERROR(IF(OR(NOT(ISNUMBER(Data!H25)),NOT(ISNUMBER(Data!H24))),"-",Data!H25/Data!H24),"-") | I81: =IFERROR(IF(OR(NOT(ISNUMBER(Data!I25)),NOT(ISNUMBER(Data!I24))),"-",Data!I25/Data!I24),"-") | J81: =IFERROR(IF(OR(NOT(ISNUMBER(Data!J25)),NOT(ISNUMBER(Data!J24))),"-",Data!J25/Data!J24),"-") | ... L81: =IFERROR(IF(OR(NOT(ISNUMBER(Data!L25)),NOT(ISNUMBER(Data!L24))),"-",Data!L25/Data!L24),"-") | Q81: =IFERROR(IF(OR(NOT(ISNUMBER(Data!N25)),NOT(ISNUMBER(Data!O25)),NOT(ISNUMBER(Data!P25)),NOT(ISNUMBER(Data!Q25)),NOT(ISNUMBER(Data!N24)),NOT(ISNUMBER(Data!O24)),NOT(ISNUMBER(Data!P24)),NOT(ISNUMBER(Data!Q24))),"-",(Data!N25+Data!O25+Data!P25+Data!Q25)/(Data!N24+Data!O24+Data!P24+Data!Q24)),"-") | R81: =IFERROR(IF(OR(NOT(ISNUMBER(Data!O25)),NOT(ISNUMBER(Data!P25)),NOT(ISNUMBER(Data!Q25)),NOT(ISNUMBER(Data!R25)),NOT(ISNUMBER(Data!O24)),NOT(ISNUMBER(Data!P24)),NOT(ISNUMBER(Data!Q24)),NOT(ISNUMBER(Data!R24))),"-",(Data!O25+Data!P25+Data!Q25+Data!R25)/(Data!O24+Data!P24+Data!Q24+Data!R24)),"-") | S81: =IFERROR(IF(OR(NOT(ISNUMBER(Data!P25)),NOT(ISNUMBER(Data!Q25)),NOT(ISNUMBER(Data!R25)),NOT(ISNUMBER(Data!S25)),NOT(ISNUMBER(Data!P24)),NOT(ISNUMBER(Data!Q24)),NOT(ISNUMBER(Data!R24)),NOT(ISNUMBER(Data!S24))),"-",(Data!P25+Data!Q25+Data!R25+Data!S25)/(Data!P24+Data!Q24+Data!R24+Data!S24)),"-") | T81: =IFERROR(IF(OR(NOT(ISNUMBER(Data!Q25)),NOT(ISNUMBER(Data!R25)),NOT(ISNUMBER(Data!S25)),NOT(ISNUMBER(Data!T25)),NOT(ISNUMBER(Data!Q24)),NOT(ISNUMBER(Data!R24)),NOT(ISNUMBER(Data!S24)),NOT(ISNUMBER(Data!T24))),"-",(Data!Q25+Data!R25+Data!S25+Data!T25)/(Data!Q24+Data!R24+Data!S24+Data!T24)),"-") | U81: =IFERROR(IF(OR(NOT(ISNUMBER(Data!R25)),NOT(ISNUMBER(Data!S25)),NOT(ISNUMBER(Data!T25)),NOT(ISNUMBER(Data!U25)),NOT(ISNUMBER(Data!R24)),NOT(ISNUMBER(Data!S24)),NOT(ISNUMBER(Data!T24)),NOT(ISNUMBER(Data!U24))),"-",(Data!R25+Data!S25+Data!T25+Data!U25)/(Data!R24+Data!S24+Data!T24+Data!U24)),"-") | V81: =IFERROR(IF(OR(NOT(ISNUMBER(Data!S25)),NOT(ISNUMBER(Data!T25)),NOT(ISNUMBER(Data!U25)),NOT(ISNUMBER(Data!V25)),NOT(ISNUMBER(Data!S24)),NOT(ISNUMBER(Data!T24)),NOT(ISNUMBER(Data!U24)),NOT(ISNUMBER(Data!V24))),"-",(Data!S25+Data!T25+Data!U25+Data!V25)/(Data!S24+Data!T24+Data!U24+Data!V24)),"-") | W81: =IFERROR(IF(OR(NOT(ISNUMBER(Data!T25)),NOT(ISNUMBER(Data!U25)),NOT(ISNUMBER(Data!V25)),NOT(ISNUMBER(Data!W25)),NOT(ISNUMBER(Data!T24)),NOT(ISNUMBER(Data!U24)),NOT(ISNUMBER(Data!V24)),NOT(ISNUMBER(Data!W24))),"-",(Data!T25+Data!U25+Data!V25+Data!W25)/(Data!T24+Data!U24+Data!V24+Data!W24)),"-") | X81: =IFERROR(IF(OR(NOT(ISNUMBER(Data!U25)),NOT(ISNUMBER(Data!V25)),NOT(ISNUMBER(Data!W25)),NOT(ISNUMBER(Data!X25)),NOT(ISNUMBER(Data!U24)),NOT(ISNUMBER(Data!V24)),NOT(ISNUMBER(Data!W24)),NOT(ISNUMBER(Data!X24))),"-",(Data!U25+Data!V25+Data!W25+Data!X25)/(Data!U24+Data!V24+Data!W24+Data!X24)),"-") | Y81: =IFERROR(IF(OR(NOT(ISNUMBER(Data!V25)),NOT(ISNUMBER(Data!W25)),NOT(ISNUMBER(Data!X25)),NOT(ISNUMBER(Data!Y25)),NOT(ISNUMBER(Data!V24)),NOT(ISNUMBER(Data!W24)),NOT(ISNUMBER(Data!X24)),NOT(ISNUMBER(Data!Y24))),"-",(Data!V25+Data!W25+Data!X25+Data!Y25)/(Data!V24+Data!W24+Data!X24+Data!Y24)),"-")
A84: SHAREHOLDER METRICS
A85: Period | B85: =Data!B13 | C85: =Data!C13 | D85: =Data!D13 | E85: =Data!E13 | F85: =Data!F13 | G85: =Data!G13 | H85: =Data!H13 | I85: =Data!I13 | ... L85: =Data!L13
A86: Dividend Per Share | C86: =IFERROR(IF(OR(NOT(ISNUMBER(Data!C55)),NOT(ISNUMBER(Data!C28)),Data!C55=0),"-",ABS(Data!C55)/Data!C28),"-") | D86: =IFERROR(IF(OR(NOT(ISNUMBER(Data!D55)),NOT(ISNUMBER(Data!D28)),Data!D55=0),"-",ABS(Data!D55)/(Data!D28*4)),"-") | E86: =IFERROR(IF(OR(NOT(ISNUMBER(Data!E55)),NOT(ISNUMBER(Data!E28)),Data!E55=0),"-",ABS(Data!E55)/(Data!E28*4)),"-") | F86: =IFERROR(IF(OR(NOT(ISNUMBER(Data!F55)),NOT(ISNUMBER(Data!F28)),Data!F55=0),"-",ABS(Data!F55)/(Data!F28*4)),"-") | G86: =IFERROR(IF(OR(NOT(ISNUMBER(Data!G55)),NOT(ISNUMBER(Data!G28)),Data!G55=0),"-",ABS(Data!G55)/(Data!G28*4)),"-") | H86: =IFERROR(IF(OR(NOT(ISNUMBER(Data!H55)),NOT(ISNUMBER(Data!H28)),Data!H55=0),"-",ABS(Data!H55)/(Data!H28*4)),"-") | I86: =IFERROR(IF(OR(NOT(ISNUMBER(Data!I55)),NOT(ISNUMBER(Data!I28)),Data!I55=0),"-",ABS(Data!I55)/(Data!I28*4)),"-") | J86: =IFERROR(IF(OR(NOT(ISNUMBER(Data!J55)),NOT(ISNUMBER(Data!J28)),Data!J55=0),"-",ABS(Data!J55)/(Data!J28*4)),"-") | K86: =IFERROR(IF(OR(NOT(ISNUMBER(Data!K55)),NOT(ISNUMBER(Data!K28)),Data!K55=0),"-",ABS(Data!K55)/(Data!K28*4)),"-") | L86: =IFERROR(IF(OR(NOT(ISNUMBER(Data!L55)),NOT(ISNUMBER(Data!L28)),Data!L55=0),"-",ABS(Data!L55)/(Data!L28*4)),"-")
A87: Dividend Yield (on current price) | B87: =IFERROR(ABS(Data!B55)/(Data!B8*Data!B28),"-") | C87: =IFERROR(IF(OR(NOT(ISNUMBER(Data!C55)),NOT(ISNUMBER(Data!C28)),NOT(ISNUMBER(Data!$B$8)),Data!C55=0),"-",ABS(Data!C55)/(Data!$B$8*Data!C28)),"-") | D87: =IFERROR(IF(OR(NOT(ISNUMBER(Data!D55)),Data!D55=0,OR(NOT(AND(ISNUMBER(Data!$B$8),Data!$B$8<>0)),AND(NOT(AND(ISNUMBER(Market!$B$11),Market!$B$11<>0)),NOT(AND(ISNUMBER(Data!D28),Data!D28<>0))))),"-",ABS(Data!D55)/(Data!$B$8*IF(AND(ISNUMBER(Market!$B$11),Market!$B$11<>0),Market!$B$11,Data!D28))),"-") | E87: =IFERROR(IF(OR(NOT(ISNUMBER(Data!E55)),Data!E55=0,OR(NOT(AND(ISNUMBER(Data!$B$8),Data!$B$8<>0)),AND(NOT(AND(ISNUMBER(Market!$B$11),Market!$B$11<>0)),NOT(AND(ISNUMBER(Data!E28),Data!E28<>0))))),"-",ABS(Data!E55)/(Data!$B$8*IF(AND(ISNUMBER(Market!$B$11),Market!$B$11<>0),Market!$B$11,Data!E28))),"-") | F87: =IFERROR(IF(OR(NOT(ISNUMBER(Data!F55)),Data!F55=0,OR(NOT(AND(ISNUMBER(Data!$B$8),Data!$B$8<>0)),AND(NOT(AND(ISNUMBER(Market!$B$11),Market!$B$11<>0)),NOT(AND(ISNUMBER(Data!F28),Data!F28<>0))))),"-",ABS(Data!F55)/(Data!$B$8*IF(AND(ISNUMBER(Market!$B$11),Market!$B$11<>0),Market!$B$11,Data!F28))),"-") | G87: =IFERROR(IF(OR(NOT(ISNUMBER(Data!G55)),Data!G55=0,OR(NOT(AND(ISNUMBER(Data!$B$8),Data!$B$8<>0)),AND(NOT(AND(ISNUMBER(Market!$B$11),Market!$B$11<>0)),NOT(AND(ISNUMBER(Data!G28),Data!G28<>0))))),"-",ABS(Data!G55)/(Data!$B$8*IF(AND(ISNUMBER(Market!$B$11),Market!$B$11<>0),Market!$B$11,Data!G28))),"-") | H87: =IFERROR(IF(OR(NOT(ISNUMBER(Data!H55)),Data!H55=0,OR(NOT(AND(ISNUMBER(Data!$B$8),Data!$B$8<>0)),AND(NOT(AND(ISNUMBER(Market!$B$11),Market!$B$11<>0)),NOT(AND(ISNUMBER(Data!H28),Data!H28<>0))))),"-",ABS(Data!H55)/(Data!$B$8*IF(AND(ISNUMBER(Market!$B$11),Market!$B$11<>0),Market!$B$11,Data!H28))),"-") | I87: =IFERROR(IF(OR(NOT(ISNUMBER(Data!I55)),Data!I55=0,OR(NOT(AND(ISNUMBER(Data!$B$8),Data!$B$8<>0)),AND(NOT(AND(ISNUMBER(Market!$B$11),Market!$B$11<>0)),NOT(AND(ISNUMBER(Data!I28),Data!I28<>0))))),"-",ABS(Data!I55)/(Data!$B$8*IF(AND(ISNUMBER(Market!$B$11),Market!$B$11<>0),Market!$B$11,Data!I28))),"-") | J87: =IFERROR(IF(OR(NOT(ISNUMBER(Data!J55)),Data!J55=0,OR(NOT(AND(ISNUMBER(Data!$B$8),Data!$B$8<>0)),AND(NOT(AND(ISNUMBER(Market!$B$11),Market!$B$11<>0)),NOT(AND(ISNUMBER(Data!J28),Data!J28<>0))))),"-",ABS(Data!J55)/(Data!$B$8*IF(AND(ISNUMBER(Market!$B$11),Market!$B$11<>0),Market!$B$11,Data!J28))),"-") | K87: =IFERROR(IF(OR(NOT(ISNUMBER(Data!K55)),Data!K55=0,OR(NOT(AND(ISNUMBER(Data!$B$8),Data!$B$8<>0)),AND(NOT(AND(ISNUMBER(Market!$B$11),Market!$B$11<>0)),NOT(AND(ISNUMBER(Data!K28),Data!K28<>0))))),"-",ABS(Data!K55)/(Data!$B$8*IF(AND(ISNUMBER(Market!$B$11),Market!$B$11<>0),Market!$B$11,Data!K28))),"-") | L87: =IFERROR(IF(OR(NOT(ISNUMBER(Data!L55)),Data!L55=0,OR(NOT(AND(ISNUMBER(Data!$B$8),Data!$B$8<>0)),AND(NOT(AND(ISNUMBER(Market!$B$11),Market!$B$11<>0)),NOT(AND(ISNUMBER(Data!L28),Data!L28<>0))))),"-",ABS(Data!L55)/(Data!$B$8*IF(AND(ISNUMBER(Market!$B$11),Market!$B$11<>0),Market!$B$11,Data!L28))),"-")
A88: SBC / Net Income | B88: =IFERROR(Data!B54/Data!B26,"-") | C88: =IFERROR(IF(OR(NOT(ISNUMBER(Data!C54)),NOT(ISNUMBER(Data!C26))),"-",Data!C54/Data!C26),"-") | D88: =IFERROR(IF(OR(NOT(ISNUMBER(Data!D54)),NOT(ISNUMBER(Data!D26))),"-",Data!D54/Data!D26),"-") | E88: =IFERROR(IF(OR(NOT(ISNUMBER(Data!E54)),NOT(ISNUMBER(Data!E26))),"-",Data!E54/Data!E26),"-") | F88: =IFERROR(IF(OR(NOT(ISNUMBER(Data!F54)),NOT(ISNUMBER(Data!F26))),"-",Data!F54/Data!F26),"-") | G88: =IFERROR(IF(OR(NOT(ISNUMBER(Data!G54)),NOT(ISNUMBER(Data!G26))),"-",Data!G54/Data!G26),"-") | H88: =IFERROR(IF(OR(NOT(ISNUMBER(Data!H54)),NOT(ISNUMBER(Data!H26))),"-",Data!H54/Data!H26),"-") | I88: =IFERROR(IF(OR(NOT(ISNUMBER(Data!I54)),NOT(ISNUMBER(Data!I26))),"-",Data!I54/Data!I26),"-") | J88: =IFERROR(IF(OR(NOT(ISNUMBER(Data!J54)),NOT(ISNUMBER(Data!J26))),"-",Data!J54/Data!J26),"-") | ... L88: =IFERROR(IF(OR(NOT(ISNUMBER(Data!L54)),NOT(ISNUMBER(Data!L26))),"-",Data!L54/Data!L26),"-")
A89: Buyback Yield | B89: =IFERROR(ABS(Data!B56)/(Data!B8*Data!B28),"-") | C89: =IFERROR(IF(OR(NOT(ISNUMBER(Data!C56)),NOT(ISNUMBER(Data!C28)),NOT(ISNUMBER(Data!$B$8)),Data!C56=0),"-",ABS(Data!C56)/(Data!$B$8*Data!C28)),"-") | D89: =IFERROR(IF(OR(NOT(ISNUMBER(Data!D56)),Data!D56=0,OR(NOT(AND(ISNUMBER(Data!$B$8),Data!$B$8<>0)),AND(NOT(AND(ISNUMBER(Market!$B$11),Market!$B$11<>0)),NOT(AND(ISNUMBER(Data!D28),Data!D28<>0))))),"-",ABS(Data!D56)/(Data!$B$8*IF(AND(ISNUMBER(Market!$B$11),Market!$B$11<>0),Market!$B$11,Data!D28))),"-") | E89: =IFERROR(IF(OR(NOT(ISNUMBER(Data!E56)),Data!E56=0,OR(NOT(AND(ISNUMBER(Data!$B$8),Data!$B$8<>0)),AND(NOT(AND(ISNUMBER(Market!$B$11),Market!$B$11<>0)),NOT(AND(ISNUMBER(Data!E28),Data!E28<>0))))),"-",ABS(Data!E56)/(Data!$B$8*IF(AND(ISNUMBER(Market!$B$11),Market!$B$11<>0),Market!$B$11,Data!E28))),"-") | F89: =IFERROR(IF(OR(NOT(ISNUMBER(Data!F56)),Data!F56=0,OR(NOT(AND(ISNUMBER(Data!$B$8),Data!$B$8<>0)),AND(NOT(AND(ISNUMBER(Market!$B$11),Market!$B$11<>0)),NOT(AND(ISNUMBER(Data!F28),Data!F28<>0))))),"-",ABS(Data!F56)/(Data!$B$8*IF(AND(ISNUMBER(Market!$B$11),Market!$B$11<>0),Market!$B$11,Data!F28))),"-") | G89: =IFERROR(IF(OR(NOT(ISNUMBER(Data!G56)),Data!G56=0,OR(NOT(AND(ISNUMBER(Data!$B$8),Data!$B$8<>0)),AND(NOT(AND(ISNUMBER(Market!$B$11),Market!$B$11<>0)),NOT(AND(ISNUMBER(Data!G28),Data!G28<>0))))),"-",ABS(Data!G56)/(Data!$B$8*IF(AND(ISNUMBER(Market!$B$11),Market!$B$11<>0),Market!$B$11,Data!G28))),"-") | H89: =IFERROR(IF(OR(NOT(ISNUMBER(Data!H56)),Data!H56=0,OR(NOT(AND(ISNUMBER(Data!$B$8),Data!$B$8<>0)),AND(NOT(AND(ISNUMBER(Market!$B$11),Market!$B$11<>0)),NOT(AND(ISNUMBER(Data!H28),Data!H28<>0))))),"-",ABS(Data!H56)/(Data!$B$8*IF(AND(ISNUMBER(Market!$B$11),Market!$B$11<>0),Market!$B$11,Data!H28))),"-") | I89: =IFERROR(IF(OR(NOT(ISNUMBER(Data!I56)),Data!I56=0,OR(NOT(AND(ISNUMBER(Data!$B$8),Data!$B$8<>0)),AND(NOT(AND(ISNUMBER(Market!$B$11),Market!$B$11<>0)),NOT(AND(ISNUMBER(Data!I28),Data!I28<>0))))),"-",ABS(Data!I56)/(Data!$B$8*IF(AND(ISNUMBER(Market!$B$11),Market!$B$11<>0),Market!$B$11,Data!I28))),"-") | J89: =IFERROR(IF(OR(NOT(ISNUMBER(Data!J56)),Data!J56=0,OR(NOT(AND(ISNUMBER(Data!$B$8),Data!$B$8<>0)),AND(NOT(AND(ISNUMBER(Market!$B$11),Market!$B$11<>0)),NOT(AND(ISNUMBER(Data!J28),Data!J28<>0))))),"-",ABS(Data!J56)/(Data!$B$8*IF(AND(ISNUMBER(Market!$B$11),Market!$B$11<>0),Market!$B$11,Data!J28))),"-") | K89: =IFERROR(IF(OR(NOT(ISNUMBER(Data!K56)),Data!K56=0,OR(NOT(AND(ISNUMBER(Data!$B$8),Data!$B$8<>0)),AND(NOT(AND(ISNUMBER(Market!$B$11),Market!$B$11<>0)),NOT(AND(ISNUMBER(Data!K28),Data!K28<>0))))),"-",ABS(Data!K56)/(Data!$B$8*IF(AND(ISNUMBER(Market!$B$11),Market!$B$11<>0),Market!$B$11,Data!K28))),"-") | L89: =IFERROR(IF(OR(NOT(ISNUMBER(Data!L56)),Data!L56=0,OR(NOT(AND(ISNUMBER(Data!$B$8),Data!$B$8<>0)),AND(NOT(AND(ISNUMBER(Market!$B$11),Market!$B$11<>0)),NOT(AND(ISNUMBER(Data!L28),Data!L28<>0))))),"-",ABS(Data!L56)/(Data!$B$8*IF(AND(ISNUMBER(Market!$B$11),Market!$B$11<>0),Market!$B$11,Data!L28))),"-")
A90: Total Shareholder Return Yield | B90: =IFERROR((ABS(Data!B55)+ABS(Data!B56))/(Data!B8*Data!B28),"-") | C90: =IFERROR(IF(OR(NOT(ISNUMBER(Data!C28)),NOT(ISNUMBER(Data!$B$8))),"-",(ABS(Data!C55)+ABS(Data!C56))/(Data!$B$8*Data!C28)),"-") | D90: =IFERROR(IF(OR(OR(NOT(AND(ISNUMBER(Data!$B$8),Data!$B$8<>0)),AND(NOT(AND(ISNUMBER(Market!$B$11),Market!$B$11<>0)),NOT(AND(ISNUMBER(Data!D28),Data!D28<>0))))),"-",(ABS(Data!D55)+ABS(Data!D56))/(Data!$B$8*IF(AND(ISNUMBER(Market!$B$11),Market!$B$11<>0),Market!$B$11,Data!D28))),"-") | E90: =IFERROR(IF(OR(OR(NOT(AND(ISNUMBER(Data!$B$8),Data!$B$8<>0)),AND(NOT(AND(ISNUMBER(Market!$B$11),Market!$B$11<>0)),NOT(AND(ISNUMBER(Data!E28),Data!E28<>0))))),"-",(ABS(Data!E55)+ABS(Data!E56))/(Data!$B$8*IF(AND(ISNUMBER(Market!$B$11),Market!$B$11<>0),Market!$B$11,Data!E28))),"-") | F90: =IFERROR(IF(OR(OR(NOT(AND(ISNUMBER(Data!$B$8),Data!$B$8<>0)),AND(NOT(AND(ISNUMBER(Market!$B$11),Market!$B$11<>0)),NOT(AND(ISNUMBER(Data!F28),Data!F28<>0))))),"-",(ABS(Data!F55)+ABS(Data!F56))/(Data!$B$8*IF(AND(ISNUMBER(Market!$B$11),Market!$B$11<>0),Market!$B$11,Data!F28))),"-") | G90: =IFERROR(IF(OR(OR(NOT(AND(ISNUMBER(Data!$B$8),Data!$B$8<>0)),AND(NOT(AND(ISNUMBER(Market!$B$11),Market!$B$11<>0)),NOT(AND(ISNUMBER(Data!G28),Data!G28<>0))))),"-",(ABS(Data!G55)+ABS(Data!G56))/(Data!$B$8*IF(AND(ISNUMBER(Market!$B$11),Market!$B$11<>0),Market!$B$11,Data!G28))),"-") | H90: =IFERROR(IF(OR(OR(NOT(AND(ISNUMBER(Data!$B$8),Data!$B$8<>0)),AND(NOT(AND(ISNUMBER(Market!$B$11),Market!$B$11<>0)),NOT(AND(ISNUMBER(Data!H28),Data!H28<>0))))),"-",(ABS(Data!H55)+ABS(Data!H56))/(Data!$B$8*IF(AND(ISNUMBER(Market!$B$11),Market!$B$11<>0),Market!$B$11,Data!H28))),"-") | I90: =IFERROR(IF(OR(OR(NOT(AND(ISNUMBER(Data!$B$8),Data!$B$8<>0)),AND(NOT(AND(ISNUMBER(Market!$B$11),Market!$B$11<>0)),NOT(AND(ISNUMBER(Data!I28),Data!I28<>0))))),"-",(ABS(Data!I55)+ABS(Data!I56))/(Data!$B$8*IF(AND(ISNUMBER(Market!$B$11),Market!$B$11<>0),Market!$B$11,Data!I28))),"-") | J90: =IFERROR(IF(OR(OR(NOT(AND(ISNUMBER(Data!$B$8),Data!$B$8<>0)),AND(NOT(AND(ISNUMBER(Market!$B$11),Market!$B$11<>0)),NOT(AND(ISNUMBER(Data!J28),Data!J28<>0))))),"-",(ABS(Data!J55)+ABS(Data!J56))/(Data!$B$8*IF(AND(ISNUMBER(Market!$B$11),Market!$B$11<>0),Market!$B$11,Data!J28))),"-") | K90: =IFERROR(IF(OR(OR(NOT(AND(ISNUMBER(Data!$B$8),Data!$B$8<>0)),AND(NOT(AND(ISNUMBER(Market!$B$11),Market!$B$11<>0)),NOT(AND(ISNUMBER(Data!K28),Data!K28<>0))))),"-",(ABS(Data!K55)+ABS(Data!K56))/(Data!$B$8*IF(AND(ISNUMBER(Market!$B$11),Market!$B$11<>0),Market!$B$11,Data!K28))),"-") | L90: =IFERROR(IF(OR(OR(NOT(AND(ISNUMBER(Data!$B$8),Data!$B$8<>0)),AND(NOT(AND(ISNUMBER(Market!$B$11),Market!$B$11<>0)),NOT(AND(ISNUMBER(Data!L28),Data!L28<>0))))),"-",(ABS(Data!L55)+ABS(Data!L56))/(Data!$B$8*IF(AND(ISNUMBER(Market!$B$11),Market!$B$11<>0),Market!$B$11,Data!L28))),"-")
A91: Price / Tangible Book | B91: =IFERROR(Data!B8/((Data!B41-Data!B43)/Data!B28),"-") | C91: =IFERROR(Data!B8/((Data!C41-Data!C43)/Data!C28),"-") | D91: =IFERROR(IF(OR(NOT(ISNUMBER(Data!$B$8)),NOT(ISNUMBER(Metrics!D71))),"-",Data!$B$8/Metrics!D71),"-") | E91: =IFERROR(IF(OR(NOT(ISNUMBER(Data!$B$8)),NOT(ISNUMBER(Metrics!E71))),"-",Data!$B$8/Metrics!E71),"-") | F91: =IFERROR(IF(OR(NOT(ISNUMBER(Data!$B$8)),NOT(ISNUMBER(Metrics!F71))),"-",Data!$B$8/Metrics!F71),"-") | G91: =IFERROR(IF(OR(NOT(ISNUMBER(Data!$B$8)),NOT(ISNUMBER(Metrics!G71))),"-",Data!$B$8/Metrics!G71),"-") | H91: =IFERROR(IF(OR(NOT(ISNUMBER(Data!$B$8)),NOT(ISNUMBER(Metrics!H71))),"-",Data!$B$8/Metrics!H71),"-") | I91: =IFERROR(IF(OR(NOT(ISNUMBER(Data!$B$8)),NOT(ISNUMBER(Metrics!I71))),"-",Data!$B$8/Metrics!I71),"-") | J91: =IFERROR(IF(OR(NOT(ISNUMBER(Data!$B$8)),NOT(ISNUMBER(Metrics!J71))),"-",Data!$B$8/Metrics!J71),"-") | K91: =IFERROR(IF(OR(NOT(ISNUMBER(Data!$B$8)),NOT(ISNUMBER(Metrics!K71))),"-",Data!$B$8/Metrics!K71),"-") | L91: =IFERROR(IF(OR(NOT(ISNUMBER(Data!$B$8)),NOT(ISNUMBER(Metrics!L71))),"-",Data!$B$8/Metrics!L71),"-")
A93: VALUATION MULTIPLES (at current price)
A94: Period | B94: =Data!B13 | C94: =Data!C13 | D94: =Data!D13 | E94: =Data!E13 | F94: =Data!F13 | G94: =Data!G13 | H94: =Data!H13 | I94: =Data!I13 | ... L94: =Data!L13 | N94: Year -2 Q1 | O94: Year -2 Q2 | P94: Year -2 Q3 | Q94: Year -2 Q4 | R94: Year -1 Q1 | S94: Year -1 Q2 | T94: Year -1 Q3 | U94: Year -1 Q4 | V94: Current Year Q1 | W94: Current Year Q2 | X94: Current Year Q3 | Y94: Current Year Q4
A95: P/E | B95: =IFERROR(Data!B8/Data!B27,"-") | C95: =IFERROR(IF(OR(NOT(ISNUMBER(Data!$B$8)),NOT(ISNUMBER(Data!C27))),"-",Data!$B$8/Data!C27),"-") | D95: =IFERROR(IF(OR(NOT(ISNUMBER(Data!$B$8)),NOT(ISNUMBER(Data!D27))),"-",Data!$B$8/(Data!D27/4)),"-") | E95: =IFERROR(IF(OR(NOT(ISNUMBER(Data!$B$8)),NOT(ISNUMBER(Data!E27))),"-",Data!$B$8/(Data!E27/4)),"-") | F95: =IFERROR(IF(OR(NOT(ISNUMBER(Data!$B$8)),NOT(ISNUMBER(Data!F27))),"-",Data!$B$8/(Data!F27/4)),"-") | G95: =IFERROR(IF(OR(NOT(ISNUMBER(Data!$B$8)),NOT(ISNUMBER(Data!G27))),"-",Data!$B$8/(Data!G27/4)),"-") | H95: =IFERROR(IF(OR(NOT(ISNUMBER(Data!$B$8)),NOT(ISNUMBER(Data!H27))),"-",Data!$B$8/(Data!H27/4)),"-") | I95: =IFERROR(IF(OR(NOT(ISNUMBER(Data!$B$8)),NOT(ISNUMBER(Data!I27))),"-",Data!$B$8/(Data!I27/4)),"-") | J95: =IFERROR(IF(OR(NOT(ISNUMBER(Data!$B$8)),NOT(ISNUMBER(Data!J27))),"-",Data!$B$8/(Data!J27/4)),"-") | K95: =IFERROR(IF(OR(NOT(ISNUMBER(Data!$B$8)),NOT(ISNUMBER(Data!K27))),"-",Data!$B$8/(Data!K27/4)),"-") | L95: =IFERROR(IF(OR(NOT(ISNUMBER(Data!$B$8)),NOT(ISNUMBER(Data!L27))),"-",Data!$B$8/(Data!L27/4)),"-") | Q95: =IFERROR(IF(OR(NOT(ISNUMBER(Data!$B$8)),NOT(ISNUMBER(Data!N27)),NOT(ISNUMBER(Data!O27)),NOT(ISNUMBER(Data!P27)),NOT(ISNUMBER(Data!Q27))),"-",Data!$B$8/(Data!N27+Data!O27+Data!P27+Data!Q27)),"-") | R95: =IFERROR(IF(OR(NOT(ISNUMBER(Data!$B$8)),NOT(ISNUMBER(Data!O27)),NOT(ISNUMBER(Data!P27)),NOT(ISNUMBER(Data!Q27)),NOT(ISNUMBER(Data!R27))),"-",Data!$B$8/(Data!O27+Data!P27+Data!Q27+Data!R27)),"-") | S95: =IFERROR(IF(OR(NOT(ISNUMBER(Data!$B$8)),NOT(ISNUMBER(Data!P27)),NOT(ISNUMBER(Data!Q27)),NOT(ISNUMBER(Data!R27)),NOT(ISNUMBER(Data!S27))),"-",Data!$B$8/(Data!P27+Data!Q27+Data!R27+Data!S27)),"-") | T95: =IFERROR(IF(OR(NOT(ISNUMBER(Data!$B$8)),NOT(ISNUMBER(Data!Q27)),NOT(ISNUMBER(Data!R27)),NOT(ISNUMBER(Data!S27)),NOT(ISNUMBER(Data!T27))),"-",Data!$B$8/(Data!Q27+Data!R27+Data!S27+Data!T27)),"-") | U95: =IFERROR(IF(OR(NOT(ISNUMBER(Data!$B$8)),NOT(ISNUMBER(Data!R27)),NOT(ISNUMBER(Data!S27)),NOT(ISNUMBER(Data!T27)),NOT(ISNUMBER(Data!U27))),"-",Data!$B$8/(Data!R27+Data!S27+Data!T27+Data!U27)),"-") | V95: =IFERROR(IF(OR(NOT(ISNUMBER(Data!$B$8)),NOT(ISNUMBER(Data!S27)),NOT(ISNUMBER(Data!T27)),NOT(ISNUMBER(Data!U27)),NOT(ISNUMBER(Data!V27))),"-",Data!$B$8/(Data!S27+Data!T27+Data!U27+Data!V27)),"-") | W95: =IFERROR(IF(OR(NOT(ISNUMBER(Data!$B$8)),NOT(ISNUMBER(Data!T27)),NOT(ISNUMBER(Data!U27)),NOT(ISNUMBER(Data!V27)),NOT(ISNUMBER(Data!W27))),"-",Data!$B$8/(Data!T27+Data!U27+Data!V27+Data!W27)),"-") | X95: =IFERROR(IF(OR(NOT(ISNUMBER(Data!$B$8)),NOT(ISNUMBER(Data!U27)),NOT(ISNUMBER(Data!V27)),NOT(ISNUMBER(Data!W27)),NOT(ISNUMBER(Data!X27))),"-",Data!$B$8/(Data!U27+Data!V27+Data!W27+Data!X27)),"-") | Y95: =IFERROR(IF(OR(NOT(ISNUMBER(Data!$B$8)),NOT(ISNUMBER(Data!V27)),NOT(ISNUMBER(Data!W27)),NOT(ISNUMBER(Data!X27)),NOT(ISNUMBER(Data!Y27))),"-",Data!$B$8/(Data!V27+Data!W27+Data!X27+Data!Y27)),"-")
A96: P/S | B96: =IFERROR(Data!B8/(Data!B14/Data!B28),"-") | C96: =IFERROR(IF(OR(NOT(ISNUMBER(Data!$B$8)),NOT(ISNUMBER(Data!C28)),NOT(ISNUMBER(Data!C14))),"-",(Data!$B$8*Data!C28)/Data!C14),"-") | D96: =IFERROR(IF(OR(NOT(ISNUMBER(Data!D14)),OR(NOT(AND(ISNUMBER(Data!$B$8),Data!$B$8<>0)),AND(NOT(AND(ISNUMBER(Market!$B$11),Market!$B$11<>0)),NOT(AND(ISNUMBER(Data!D28),Data!D28<>0))))),"-",(Data!$B$8*IF(AND(ISNUMBER(Market!$B$11),Market!$B$11<>0),Market!$B$11,Data!D28))/Data!D14),"-") | E96: =IFERROR(IF(OR(NOT(ISNUMBER(Data!E14)),OR(NOT(AND(ISNUMBER(Data!$B$8),Data!$B$8<>0)),AND(NOT(AND(ISNUMBER(Market!$B$11),Market!$B$11<>0)),NOT(AND(ISNUMBER(Data!E28),Data!E28<>0))))),"-",(Data!$B$8*IF(AND(ISNUMBER(Market!$B$11),Market!$B$11<>0),Market!$B$11,Data!E28))/Data!E14),"-") | F96: =IFERROR(IF(OR(NOT(ISNUMBER(Data!F14)),OR(NOT(AND(ISNUMBER(Data!$B$8),Data!$B$8<>0)),AND(NOT(AND(ISNUMBER(Market!$B$11),Market!$B$11<>0)),NOT(AND(ISNUMBER(Data!F28),Data!F28<>0))))),"-",(Data!$B$8*IF(AND(ISNUMBER(Market!$B$11),Market!$B$11<>0),Market!$B$11,Data!F28))/Data!F14),"-") | G96: =IFERROR(IF(OR(NOT(ISNUMBER(Data!G14)),OR(NOT(AND(ISNUMBER(Data!$B$8),Data!$B$8<>0)),AND(NOT(AND(ISNUMBER(Market!$B$11),Market!$B$11<>0)),NOT(AND(ISNUMBER(Data!G28),Data!G28<>0))))),"-",(Data!$B$8*IF(AND(ISNUMBER(Market!$B$11),Market!$B$11<>0),Market!$B$11,Data!G28))/Data!G14),"-") | H96: =IFERROR(IF(OR(NOT(ISNUMBER(Data!H14)),OR(NOT(AND(ISNUMBER(Data!$B$8),Data!$B$8<>0)),AND(NOT(AND(ISNUMBER(Market!$B$11),Market!$B$11<>0)),NOT(AND(ISNUMBER(Data!H28),Data!H28<>0))))),"-",(Data!$B$8*IF(AND(ISNUMBER(Market!$B$11),Market!$B$11<>0),Market!$B$11,Data!H28))/Data!H14),"-") | I96: =IFERROR(IF(OR(NOT(ISNUMBER(Data!I14)),OR(NOT(AND(ISNUMBER(Data!$B$8),Data!$B$8<>0)),AND(NOT(AND(ISNUMBER(Market!$B$11),Market!$B$11<>0)),NOT(AND(ISNUMBER(Data!I28),Data!I28<>0))))),"-",(Data!$B$8*IF(AND(ISNUMBER(Market!$B$11),Market!$B$11<>0),Market!$B$11,Data!I28))/Data!I14),"-") | J96: =IFERROR(IF(OR(NOT(ISNUMBER(Data!J14)),OR(NOT(AND(ISNUMBER(Data!$B$8),Data!$B$8<>0)),AND(NOT(AND(ISNUMBER(Market!$B$11),Market!$B$11<>0)),NOT(AND(ISNUMBER(Data!J28),Data!J28<>0))))),"-",(Data!$B$8*IF(AND(ISNUMBER(Market!$B$11),Market!$B$11<>0),Market!$B$11,Data!J28))/Data!J14),"-") | K96: =IFERROR(IF(OR(NOT(ISNUMBER(Data!K14)),OR(NOT(AND(ISNUMBER(Data!$B$8),Data!$B$8<>0)),AND(NOT(AND(ISNUMBER(Market!$B$11),Market!$B$11<>0)),NOT(AND(ISNUMBER(Data!K28),Data!K28<>0))))),"-",(Data!$B$8*IF(AND(ISNUMBER(Market!$B$11),Market!$B$11<>0),Market!$B$11,Data!K28))/Data!K14),"-") | L96: =IFERROR(IF(OR(NOT(ISNUMBER(Data!L14)),OR(NOT(AND(ISNUMBER(Data!$B$8),Data!$B$8<>0)),AND(NOT(AND(ISNUMBER(Market!$B$11),Market!$B$11<>0)),NOT(AND(ISNUMBER(Data!L28),Data!L28<>0))))),"-",(Data!$B$8*IF(AND(ISNUMBER(Market!$B$11),Market!$B$11<>0),Market!$B$11,Data!L28))/Data!L14),"-") | Q96: =IFERROR(IF(OR(NOT(ISNUMBER(Data!$B$8)),NOT(ISNUMBER(Data!Q28)),NOT(ISNUMBER(Data!N14)),NOT(ISNUMBER(Data!O14)),NOT(ISNUMBER(Data!P14)),NOT(ISNUMBER(Data!Q14))),"-",(Data!$B$8*Data!Q28)/(Data!N14+Data!O14+Data!P14+Data!Q14)),"-") | R96: =IFERROR(IF(OR(NOT(ISNUMBER(Data!$B$8)),NOT(ISNUMBER(Data!R28)),NOT(ISNUMBER(Data!O14)),NOT(ISNUMBER(Data!P14)),NOT(ISNUMBER(Data!Q14)),NOT(ISNUMBER(Data!R14))),"-",(Data!$B$8*Data!R28)/(Data!O14+Data!P14+Data!Q14+Data!R14)),"-") | S96: =IFERROR(IF(OR(NOT(ISNUMBER(Data!$B$8)),NOT(ISNUMBER(Data!S28)),NOT(ISNUMBER(Data!P14)),NOT(ISNUMBER(Data!Q14)),NOT(ISNUMBER(Data!R14)),NOT(ISNUMBER(Data!S14))),"-",(Data!$B$8*Data!S28)/(Data!P14+Data!Q14+Data!R14+Data!S14)),"-") | T96: =IFERROR(IF(OR(NOT(ISNUMBER(Data!$B$8)),NOT(ISNUMBER(Data!T28)),NOT(ISNUMBER(Data!Q14)),NOT(ISNUMBER(Data!R14)),NOT(ISNUMBER(Data!S14)),NOT(ISNUMBER(Data!T14))),"-",(Data!$B$8*Data!T28)/(Data!Q14+Data!R14+Data!S14+Data!T14)),"-") | U96: =IFERROR(IF(OR(NOT(ISNUMBER(Data!$B$8)),NOT(ISNUMBER(Data!U28)),NOT(ISNUMBER(Data!R14)),NOT(ISNUMBER(Data!S14)),NOT(ISNUMBER(Data!T14)),NOT(ISNUMBER(Data!U14))),"-",(Data!$B$8*Data!U28)/(Data!R14+Data!S14+Data!T14+Data!U14)),"-") | V96: =IFERROR(IF(OR(NOT(ISNUMBER(Data!$B$8)),NOT(ISNUMBER(Data!V28)),NOT(ISNUMBER(Data!S14)),NOT(ISNUMBER(Data!T14)),NOT(ISNUMBER(Data!U14)),NOT(ISNUMBER(Data!V14))),"-",(Data!$B$8*Data!V28)/(Data!S14+Data!T14+Data!U14+Data!V14)),"-") | W96: =IFERROR(IF(OR(NOT(ISNUMBER(Data!$B$8)),NOT(ISNUMBER(Data!W28)),NOT(ISNUMBER(Data!T14)),NOT(ISNUMBER(Data!U14)),NOT(ISNUMBER(Data!V14)),NOT(ISNUMBER(Data!W14))),"-",(Data!$B$8*Data!W28)/(Data!T14+Data!U14+Data!V14+Data!W14)),"-") | X96: =IFERROR(IF(OR(NOT(ISNUMBER(Data!$B$8)),NOT(ISNUMBER(Data!X28)),NOT(ISNUMBER(Data!U14)),NOT(ISNUMBER(Data!V14)),NOT(ISNUMBER(Data!W14)),NOT(ISNUMBER(Data!X14))),"-",(Data!$B$8*Data!X28)/(Data!U14+Data!V14+Data!W14+Data!X14)),"-") | Y96: =IFERROR(IF(OR(NOT(ISNUMBER(Data!$B$8)),NOT(ISNUMBER(Data!Y28)),NOT(ISNUMBER(Data!V14)),NOT(ISNUMBER(Data!W14)),NOT(ISNUMBER(Data!X14)),NOT(ISNUMBER(Data!Y14))),"-",(Data!$B$8*Data!Y28)/(Data!V14+Data!W14+Data!X14+Data!Y14)),"-")
A97: P/B | B97: =IFERROR(Data!B8/(Data!B41/Data!B28),"-") | C97: =IFERROR(IF(OR(NOT(ISNUMBER(Data!$B$8)),NOT(ISNUMBER(Metrics!C30))),"-",Data!$B$8/Metrics!C30),"-") | D97: =IFERROR(IF(OR(NOT(ISNUMBER(Data!$B$8)),NOT(ISNUMBER(Metrics!D30))),"-",Data!$B$8/Metrics!D30),"-") | E97: =IFERROR(IF(OR(NOT(ISNUMBER(Data!$B$8)),NOT(ISNUMBER(Metrics!E30))),"-",Data!$B$8/Metrics!E30),"-") | F97: =IFERROR(IF(OR(NOT(ISNUMBER(Data!$B$8)),NOT(ISNUMBER(Metrics!F30))),"-",Data!$B$8/Metrics!F30),"-") | G97: =IFERROR(IF(OR(NOT(ISNUMBER(Data!$B$8)),NOT(ISNUMBER(Metrics!G30))),"-",Data!$B$8/Metrics!G30),"-") | H97: =IFERROR(IF(OR(NOT(ISNUMBER(Data!$B$8)),NOT(ISNUMBER(Metrics!H30))),"-",Data!$B$8/Metrics!H30),"-") | I97: =IFERROR(IF(OR(NOT(ISNUMBER(Data!$B$8)),NOT(ISNUMBER(Metrics!I30))),"-",Data!$B$8/Metrics!I30),"-") | J97: =IFERROR(IF(OR(NOT(ISNUMBER(Data!$B$8)),NOT(ISNUMBER(Metrics!J30))),"-",Data!$B$8/Metrics!J30),"-") | ... L97: =IFERROR(IF(OR(NOT(ISNUMBER(Data!$B$8)),NOT(ISNUMBER(Metrics!L30))),"-",Data!$B$8/Metrics!L30),"-") | Q97: =IFERROR(IF(OR(NOT(ISNUMBER(Data!$B$8)),NOT(ISNUMBER(Data!Q41)),NOT(ISNUMBER(Data!Q28))),"-",Data!$B$8/(Data!Q41/Data!Q28)),"-") | R97: =IFERROR(IF(OR(NOT(ISNUMBER(Data!$B$8)),NOT(ISNUMBER(Data!R41)),NOT(ISNUMBER(Data!R28))),"-",Data!$B$8/(Data!R41/Data!R28)),"-") | S97: =IFERROR(IF(OR(NOT(ISNUMBER(Data!$B$8)),NOT(ISNUMBER(Data!S41)),NOT(ISNUMBER(Data!S28))),"-",Data!$B$8/(Data!S41/Data!S28)),"-") | T97: =IFERROR(IF(OR(NOT(ISNUMBER(Data!$B$8)),NOT(ISNUMBER(Data!T41)),NOT(ISNUMBER(Data!T28))),"-",Data!$B$8/(Data!T41/Data!T28)),"-") | U97: =IFERROR(IF(OR(NOT(ISNUMBER(Data!$B$8)),NOT(ISNUMBER(Data!U41)),NOT(ISNUMBER(Data!U28))),"-",Data!$B$8/(Data!U41/Data!U28)),"-") | V97: =IFERROR(IF(OR(NOT(ISNUMBER(Data!$B$8)),NOT(ISNUMBER(Data!V41)),NOT(ISNUMBER(Data!V28))),"-",Data!$B$8/(Data!V41/Data!V28)),"-") | W97: =IFERROR(IF(OR(NOT(ISNUMBER(Data!$B$8)),NOT(ISNUMBER(Data!W41)),NOT(ISNUMBER(Data!W28))),"-",Data!$B$8/(Data!W41/Data!W28)),"-") | X97: =IFERROR(IF(OR(NOT(ISNUMBER(Data!$B$8)),NOT(ISNUMBER(Data!X41)),NOT(ISNUMBER(Data!X28))),"-",Data!$B$8/(Data!X41/Data!X28)),"-") | Y97: =IFERROR(IF(OR(NOT(ISNUMBER(Data!$B$8)),NOT(ISNUMBER(Data!Y41)),NOT(ISNUMBER(Data!Y28))),"-",Data!$B$8/(Data!Y41/Data!Y28)),"-")
A98: P/FCF | B98: =IFERROR(Data!B8/(Data!B53/Data!B28),"-") | C98: =IFERROR(IF(OR(NOT(ISNUMBER(Data!$B$8)),NOT(ISNUMBER(Metrics!C31))),"-",Data!$B$8/Metrics!C31),"-") | D98: =IFERROR(IF(OR(NOT(ISNUMBER(Data!D53)),OR(NOT(AND(ISNUMBER(Data!$B$8),Data!$B$8<>0)),AND(NOT(AND(ISNUMBER(Market!$B$11),Market!$B$11<>0)),NOT(AND(ISNUMBER(Data!D28),Data!D28<>0))))),"-",(Data!$B$8*IF(AND(ISNUMBER(Market!$B$11),Market!$B$11<>0),Market!$B$11,Data!D28))/Data!D53),"-") | E98: =IFERROR(IF(OR(NOT(ISNUMBER(Data!E53)),OR(NOT(AND(ISNUMBER(Data!$B$8),Data!$B$8<>0)),AND(NOT(AND(ISNUMBER(Market!$B$11),Market!$B$11<>0)),NOT(AND(ISNUMBER(Data!E28),Data!E28<>0))))),"-",(Data!$B$8*IF(AND(ISNUMBER(Market!$B$11),Market!$B$11<>0),Market!$B$11,Data!E28))/Data!E53),"-") | F98: =IFERROR(IF(OR(NOT(ISNUMBER(Data!F53)),OR(NOT(AND(ISNUMBER(Data!$B$8),Data!$B$8<>0)),AND(NOT(AND(ISNUMBER(Market!$B$11),Market!$B$11<>0)),NOT(AND(ISNUMBER(Data!F28),Data!F28<>0))))),"-",(Data!$B$8*IF(AND(ISNUMBER(Market!$B$11),Market!$B$11<>0),Market!$B$11,Data!F28))/Data!F53),"-") | G98: =IFERROR(IF(OR(NOT(ISNUMBER(Data!G53)),OR(NOT(AND(ISNUMBER(Data!$B$8),Data!$B$8<>0)),AND(NOT(AND(ISNUMBER(Market!$B$11),Market!$B$11<>0)),NOT(AND(ISNUMBER(Data!G28),Data!G28<>0))))),"-",(Data!$B$8*IF(AND(ISNUMBER(Market!$B$11),Market!$B$11<>0),Market!$B$11,Data!G28))/Data!G53),"-") | H98: =IFERROR(IF(OR(NOT(ISNUMBER(Data!H53)),OR(NOT(AND(ISNUMBER(Data!$B$8),Data!$B$8<>0)),AND(NOT(AND(ISNUMBER(Market!$B$11),Market!$B$11<>0)),NOT(AND(ISNUMBER(Data!H28),Data!H28<>0))))),"-",(Data!$B$8*IF(AND(ISNUMBER(Market!$B$11),Market!$B$11<>0),Market!$B$11,Data!H28))/Data!H53),"-") | I98: =IFERROR(IF(OR(NOT(ISNUMBER(Data!I53)),OR(NOT(AND(ISNUMBER(Data!$B$8),Data!$B$8<>0)),AND(NOT(AND(ISNUMBER(Market!$B$11),Market!$B$11<>0)),NOT(AND(ISNUMBER(Data!I28),Data!I28<>0))))),"-",(Data!$B$8*IF(AND(ISNUMBER(Market!$B$11),Market!$B$11<>0),Market!$B$11,Data!I28))/Data!I53),"-") | J98: =IFERROR(IF(OR(NOT(ISNUMBER(Data!J53)),OR(NOT(AND(ISNUMBER(Data!$B$8),Data!$B$8<>0)),AND(NOT(AND(ISNUMBER(Market!$B$11),Market!$B$11<>0)),NOT(AND(ISNUMBER(Data!J28),Data!J28<>0))))),"-",(Data!$B$8*IF(AND(ISNUMBER(Market!$B$11),Market!$B$11<>0),Market!$B$11,Data!J28))/Data!J53),"-") | K98: =IFERROR(IF(OR(NOT(ISNUMBER(Data!K53)),OR(NOT(AND(ISNUMBER(Data!$B$8),Data!$B$8<>0)),AND(NOT(AND(ISNUMBER(Market!$B$11),Market!$B$11<>0)),NOT(AND(ISNUMBER(Data!K28),Data!K28<>0))))),"-",(Data!$B$8*IF(AND(ISNUMBER(Market!$B$11),Market!$B$11<>0),Market!$B$11,Data!K28))/Data!K53),"-") | L98: =IFERROR(IF(OR(NOT(ISNUMBER(Data!L53)),OR(NOT(AND(ISNUMBER(Data!$B$8),Data!$B$8<>0)),AND(NOT(AND(ISNUMBER(Market!$B$11),Market!$B$11<>0)),NOT(AND(ISNUMBER(Data!L28),Data!L28<>0))))),"-",(Data!$B$8*IF(AND(ISNUMBER(Market!$B$11),Market!$B$11<>0),Market!$B$11,Data!L28))/Data!L53),"-") | Q98: =IFERROR(IF(OR(NOT(ISNUMBER(Data!$B$8)),NOT(ISNUMBER(Data!Q28)),NOT(ISNUMBER(Data!N53)),NOT(ISNUMBER(Data!O53)),NOT(ISNUMBER(Data!P53)),NOT(ISNUMBER(Data!Q53))),"-",Data!$B$8/((Data!N53+Data!O53+Data!P53+Data!Q53)/Data!Q28)),"-") | R98: =IFERROR(IF(OR(NOT(ISNUMBER(Data!$B$8)),NOT(ISNUMBER(Data!R28)),NOT(ISNUMBER(Data!O53)),NOT(ISNUMBER(Data!P53)),NOT(ISNUMBER(Data!Q53)),NOT(ISNUMBER(Data!R53))),"-",Data!$B$8/((Data!O53+Data!P53+Data!Q53+Data!R53)/Data!R28)),"-") | S98: =IFERROR(IF(OR(NOT(ISNUMBER(Data!$B$8)),NOT(ISNUMBER(Data!S28)),NOT(ISNUMBER(Data!P53)),NOT(ISNUMBER(Data!Q53)),NOT(ISNUMBER(Data!R53)),NOT(ISNUMBER(Data!S53))),"-",Data!$B$8/((Data!P53+Data!Q53+Data!R53+Data!S53)/Data!S28)),"-") | T98: =IFERROR(IF(OR(NOT(ISNUMBER(Data!$B$8)),NOT(ISNUMBER(Data!T28)),NOT(ISNUMBER(Data!Q53)),NOT(ISNUMBER(Data!R53)),NOT(ISNUMBER(Data!S53)),NOT(ISNUMBER(Data!T53))),"-",Data!$B$8/((Data!Q53+Data!R53+Data!S53+Data!T53)/Data!T28)),"-") | U98: =IFERROR(IF(OR(NOT(ISNUMBER(Data!$B$8)),NOT(ISNUMBER(Data!U28)),NOT(ISNUMBER(Data!R53)),NOT(ISNUMBER(Data!S53)),NOT(ISNUMBER(Data!T53)),NOT(ISNUMBER(Data!U53))),"-",Data!$B$8/((Data!R53+Data!S53+Data!T53+Data!U53)/Data!U28)),"-") | V98: =IFERROR(IF(OR(NOT(ISNUMBER(Data!$B$8)),NOT(ISNUMBER(Data!V28)),NOT(ISNUMBER(Data!S53)),NOT(ISNUMBER(Data!T53)),NOT(ISNUMBER(Data!U53)),NOT(ISNUMBER(Data!V53))),"-",Data!$B$8/((Data!S53+Data!T53+Data!U53+Data!V53)/Data!V28)),"-") | W98: =IFERROR(IF(OR(NOT(ISNUMBER(Data!$B$8)),NOT(ISNUMBER(Data!W28)),NOT(ISNUMBER(Data!T53)),NOT(ISNUMBER(Data!U53)),NOT(ISNUMBER(Data!V53)),NOT(ISNUMBER(Data!W53))),"-",Data!$B$8/((Data!T53+Data!U53+Data!V53+Data!W53)/Data!W28)),"-") | X98: =IFERROR(IF(OR(NOT(ISNUMBER(Data!$B$8)),NOT(ISNUMBER(Data!X28)),NOT(ISNUMBER(Data!U53)),NOT(ISNUMBER(Data!V53)),NOT(ISNUMBER(Data!W53)),NOT(ISNUMBER(Data!X53))),"-",Data!$B$8/((Data!U53+Data!V53+Data!W53+Data!X53)/Data!X28)),"-") | Y98: =IFERROR(IF(OR(NOT(ISNUMBER(Data!$B$8)),NOT(ISNUMBER(Data!Y28)),NOT(ISNUMBER(Data!V53)),NOT(ISNUMBER(Data!W53)),NOT(ISNUMBER(Data!X53)),NOT(ISNUMBER(Data!Y53))),"-",Data!$B$8/((Data!V53+Data!W53+Data!X53+Data!Y53)/Data!Y28)),"-")
A99: EV/EBITDA | B99: =IFERROR((Data!B8*Data!B28+Data!B36+Data!B42)/Data!B20,"-") | C99: =IFERROR(IF(OR(NOT(ISNUMBER(Data!$B$8)),NOT(ISNUMBER(Data!C28)),NOT(ISNUMBER(Data!C20))),"-",(Data!$B$8*Data!C28+Data!C36+Data!C42)/Data!C20),"-") | D99: =IFERROR(IF(OR(NOT(ISNUMBER(Data!D20)),OR(NOT(AND(ISNUMBER(Data!$B$8),Data!$B$8<>0)),AND(NOT(AND(ISNUMBER(Market!$B$11),Market!$B$11<>0)),NOT(AND(ISNUMBER(Data!D28),Data!D28<>0))))),"-",((Data!$B$8*IF(AND(ISNUMBER(Market!$B$11),Market!$B$11<>0),Market!$B$11,Data!D28))+Data!D36+Data!D42)/Data!D20),"-") | E99: =IFERROR(IF(OR(NOT(ISNUMBER(Data!E20)),OR(NOT(AND(ISNUMBER(Data!$B$8),Data!$B$8<>0)),AND(NOT(AND(ISNUMBER(Market!$B$11),Market!$B$11<>0)),NOT(AND(ISNUMBER(Data!E28),Data!E28<>0))))),"-",((Data!$B$8*IF(AND(ISNUMBER(Market!$B$11),Market!$B$11<>0),Market!$B$11,Data!E28))+Data!E36+Data!E42)/Data!E20),"-") | F99: =IFERROR(IF(OR(NOT(ISNUMBER(Data!F20)),OR(NOT(AND(ISNUMBER(Data!$B$8),Data!$B$8<>0)),AND(NOT(AND(ISNUMBER(Market!$B$11),Market!$B$11<>0)),NOT(AND(ISNUMBER(Data!F28),Data!F28<>0))))),"-",((Data!$B$8*IF(AND(ISNUMBER(Market!$B$11),Market!$B$11<>0),Market!$B$11,Data!F28))+Data!F36+Data!F42)/Data!F20),"-") | G99: =IFERROR(IF(OR(NOT(ISNUMBER(Data!G20)),OR(NOT(AND(ISNUMBER(Data!$B$8),Data!$B$8<>0)),AND(NOT(AND(ISNUMBER(Market!$B$11),Market!$B$11<>0)),NOT(AND(ISNUMBER(Data!G28),Data!G28<>0))))),"-",((Data!$B$8*IF(AND(ISNUMBER(Market!$B$11),Market!$B$11<>0),Market!$B$11,Data!G28))+Data!G36+Data!G42)/Data!G20),"-") | H99: =IFERROR(IF(OR(NOT(ISNUMBER(Data!H20)),OR(NOT(AND(ISNUMBER(Data!$B$8),Data!$B$8<>0)),AND(NOT(AND(ISNUMBER(Market!$B$11),Market!$B$11<>0)),NOT(AND(ISNUMBER(Data!H28),Data!H28<>0))))),"-",((Data!$B$8*IF(AND(ISNUMBER(Market!$B$11),Market!$B$11<>0),Market!$B$11,Data!H28))+Data!H36+Data!H42)/Data!H20),"-") | I99: =IFERROR(IF(OR(NOT(ISNUMBER(Data!I20)),OR(NOT(AND(ISNUMBER(Data!$B$8),Data!$B$8<>0)),AND(NOT(AND(ISNUMBER(Market!$B$11),Market!$B$11<>0)),NOT(AND(ISNUMBER(Data!I28),Data!I28<>0))))),"-",((Data!$B$8*IF(AND(ISNUMBER(Market!$B$11),Market!$B$11<>0),Market!$B$11,Data!I28))+Data!I36+Data!I42)/Data!I20),"-") | J99: =IFERROR(IF(OR(NOT(ISNUMBER(Data!J20)),OR(NOT(AND(ISNUMBER(Data!$B$8),Data!$B$8<>0)),AND(NOT(AND(ISNUMBER(Market!$B$11),Market!$B$11<>0)),NOT(AND(ISNUMBER(Data!J28),Data!J28<>0))))),"-",((Data!$B$8*IF(AND(ISNUMBER(Market!$B$11),Market!$B$11<>0),Market!$B$11,Data!J28))+Data!J36+Data!J42)/Data!J20),"-") | K99: =IFERROR(IF(OR(NOT(ISNUMBER(Data!K20)),OR(NOT(AND(ISNUMBER(Data!$B$8),Data!$B$8<>0)),AND(NOT(AND(ISNUMBER(Market!$B$11),Market!$B$11<>0)),NOT(AND(ISNUMBER(Data!K28),Data!K28<>0))))),"-",((Data!$B$8*IF(AND(ISNUMBER(Market!$B$11),Market!$B$11<>0),Market!$B$11,Data!K28))+Data!K36+Data!K42)/Data!K20),"-") | L99: =IFERROR(IF(OR(NOT(ISNUMBER(Data!L20)),OR(NOT(AND(ISNUMBER(Data!$B$8),Data!$B$8<>0)),AND(NOT(AND(ISNUMBER(Market!$B$11),Market!$B$11<>0)),NOT(AND(ISNUMBER(Data!L28),Data!L28<>0))))),"-",((Data!$B$8*IF(AND(ISNUMBER(Market!$B$11),Market!$B$11<>0),Market!$B$11,Data!L28))+Data!L36+Data!L42)/Data!L20),"-") | Q99: =IFERROR(IF(OR(NOT(ISNUMBER(Data!$B$8)),NOT(ISNUMBER(Data!Q28)),NOT(ISNUMBER(Data!N20)),NOT(ISNUMBER(Data!O20)),NOT(ISNUMBER(Data!P20)),NOT(ISNUMBER(Data!Q20))),"-",(Data!$B$8*Data!Q28+Data!Q36+Data!Q42)/(Data!N20+Data!O20+Data!P20+Data!Q20)),"-") | R99: =IFERROR(IF(OR(NOT(ISNUMBER(Data!$B$8)),NOT(ISNUMBER(Data!R28)),NOT(ISNUMBER(Data!O20)),NOT(ISNUMBER(Data!P20)),NOT(ISNUMBER(Data!Q20)),NOT(ISNUMBER(Data!R20))),"-",(Data!$B$8*Data!R28+Data!R36+Data!R42)/(Data!O20+Data!P20+Data!Q20+Data!R20)),"-") | S99: =IFERROR(IF(OR(NOT(ISNUMBER(Data!$B$8)),NOT(ISNUMBER(Data!S28)),NOT(ISNUMBER(Data!P20)),NOT(ISNUMBER(Data!Q20)),NOT(ISNUMBER(Data!R20)),NOT(ISNUMBER(Data!S20))),"-",(Data!$B$8*Data!S28+Data!S36+Data!S42)/(Data!P20+Data!Q20+Data!R20+Data!S20)),"-") | T99: =IFERROR(IF(OR(NOT(ISNUMBER(Data!$B$8)),NOT(ISNUMBER(Data!T28)),NOT(ISNUMBER(Data!Q20)),NOT(ISNUMBER(Data!R20)),NOT(ISNUMBER(Data!S20)),NOT(ISNUMBER(Data!T20))),"-",(Data!$B$8*Data!T28+Data!T36+Data!T42)/(Data!Q20+Data!R20+Data!S20+Data!T20)),"-") | U99: =IFERROR(IF(OR(NOT(ISNUMBER(Data!$B$8)),NOT(ISNUMBER(Data!U28)),NOT(ISNUMBER(Data!R20)),NOT(ISNUMBER(Data!S20)),NOT(ISNUMBER(Data!T20)),NOT(ISNUMBER(Data!U20))),"-",(Data!$B$8*Data!U28+Data!U36+Data!U42)/(Data!R20+Data!S20+Data!T20+Data!U20)),"-") | V99: =IFERROR(IF(OR(NOT(ISNUMBER(Data!$B$8)),NOT(ISNUMBER(Data!V28)),NOT(ISNUMBER(Data!S20)),NOT(ISNUMBER(Data!T20)),NOT(ISNUMBER(Data!U20)),NOT(ISNUMBER(Data!V20))),"-",(Data!$B$8*Data!V28+Data!V36+Data!V42)/(Data!S20+Data!T20+Data!U20+Data!V20)),"-") | W99: =IFERROR(IF(OR(NOT(ISNUMBER(Data!$B$8)),NOT(ISNUMBER(Data!W28)),NOT(ISNUMBER(Data!T20)),NOT(ISNUMBER(Data!U20)),NOT(ISNUMBER(Data!V20)),NOT(ISNUMBER(Data!W20))),"-",(Data!$B$8*Data!W28+Data!W36+Data!W42)/(Data!T20+Data!U20+Data!V20+Data!W20)),"-") | X99: =IFERROR(IF(OR(NOT(ISNUMBER(Data!$B$8)),NOT(ISNUMBER(Data!X28)),NOT(ISNUMBER(Data!U20)),NOT(ISNUMBER(Data!V20)),NOT(ISNUMBER(Data!W20)),NOT(ISNUMBER(Data!X20))),"-",(Data!$B$8*Data!X28+Data!X36+Data!X42)/(Data!U20+Data!V20+Data!W20+Data!X20)),"-") | Y99: =IFERROR(IF(OR(NOT(ISNUMBER(Data!$B$8)),NOT(ISNUMBER(Data!Y28)),NOT(ISNUMBER(Data!V20)),NOT(ISNUMBER(Data!W20)),NOT(ISNUMBER(Data!X20)),NOT(ISNUMBER(Data!Y20))),"-",(Data!$B$8*Data!Y28+Data!Y36+Data!Y42)/(Data!V20+Data!W20+Data!X20+Data!Y20)),"-")
A100: EV/EBIT | B100: =IFERROR((Data!B8*Data!B28+Data!B36+Data!B42)/Data!B22,"-") | C100: =IFERROR(IF(OR(NOT(ISNUMBER(Data!$B$8)),NOT(ISNUMBER(Data!C28)),NOT(ISNUMBER(Data!C22))),"-",(Data!$B$8*Data!C28+Data!C36+Data!C42)/Data!C22),"-") | D100: =IFERROR(IF(OR(NOT(ISNUMBER(Data!D22)),OR(NOT(AND(ISNUMBER(Data!$B$8),Data!$B$8<>0)),AND(NOT(AND(ISNUMBER(Market!$B$11),Market!$B$11<>0)),NOT(AND(ISNUMBER(Data!D28),Data!D28<>0))))),"-",((Data!$B$8*IF(AND(ISNUMBER(Market!$B$11),Market!$B$11<>0),Market!$B$11,Data!D28))+Data!D36+Data!D42)/Data!D22),"-") | E100: =IFERROR(IF(OR(NOT(ISNUMBER(Data!E22)),OR(NOT(AND(ISNUMBER(Data!$B$8),Data!$B$8<>0)),AND(NOT(AND(ISNUMBER(Market!$B$11),Market!$B$11<>0)),NOT(AND(ISNUMBER(Data!E28),Data!E28<>0))))),"-",((Data!$B$8*IF(AND(ISNUMBER(Market!$B$11),Market!$B$11<>0),Market!$B$11,Data!E28))+Data!E36+Data!E42)/Data!E22),"-") | F100: =IFERROR(IF(OR(NOT(ISNUMBER(Data!F22)),OR(NOT(AND(ISNUMBER(Data!$B$8),Data!$B$8<>0)),AND(NOT(AND(ISNUMBER(Market!$B$11),Market!$B$11<>0)),NOT(AND(ISNUMBER(Data!F28),Data!F28<>0))))),"-",((Data!$B$8*IF(AND(ISNUMBER(Market!$B$11),Market!$B$11<>0),Market!$B$11,Data!F28))+Data!F36+Data!F42)/Data!F22),"-") | G100: =IFERROR(IF(OR(NOT(ISNUMBER(Data!G22)),OR(NOT(AND(ISNUMBER(Data!$B$8),Data!$B$8<>0)),AND(NOT(AND(ISNUMBER(Market!$B$11),Market!$B$11<>0)),NOT(AND(ISNUMBER(Data!G28),Data!G28<>0))))),"-",((Data!$B$8*IF(AND(ISNUMBER(Market!$B$11),Market!$B$11<>0),Market!$B$11,Data!G28))+Data!G36+Data!G42)/Data!G22),"-") | H100: =IFERROR(IF(OR(NOT(ISNUMBER(Data!H22)),OR(NOT(AND(ISNUMBER(Data!$B$8),Data!$B$8<>0)),AND(NOT(AND(ISNUMBER(Market!$B$11),Market!$B$11<>0)),NOT(AND(ISNUMBER(Data!H28),Data!H28<>0))))),"-",((Data!$B$8*IF(AND(ISNUMBER(Market!$B$11),Market!$B$11<>0),Market!$B$11,Data!H28))+Data!H36+Data!H42)/Data!H22),"-") | I100: =IFERROR(IF(OR(NOT(ISNUMBER(Data!I22)),OR(NOT(AND(ISNUMBER(Data!$B$8),Data!$B$8<>0)),AND(NOT(AND(ISNUMBER(Market!$B$11),Market!$B$11<>0)),NOT(AND(ISNUMBER(Data!I28),Data!I28<>0))))),"-",((Data!$B$8*IF(AND(ISNUMBER(Market!$B$11),Market!$B$11<>0),Market!$B$11,Data!I28))+Data!I36+Data!I42)/Data!I22),"-") | J100: =IFERROR(IF(OR(NOT(ISNUMBER(Data!J22)),OR(NOT(AND(ISNUMBER(Data!$B$8),Data!$B$8<>0)),AND(NOT(AND(ISNUMBER(Market!$B$11),Market!$B$11<>0)),NOT(AND(ISNUMBER(Data!J28),Data!J28<>0))))),"-",((Data!$B$8*IF(AND(ISNUMBER(Market!$B$11),Market!$B$11<>0),Market!$B$11,Data!J28))+Data!J36+Data!J42)/Data!J22),"-") | K100: =IFERROR(IF(OR(NOT(ISNUMBER(Data!K22)),OR(NOT(AND(ISNUMBER(Data!$B$8),Data!$B$8<>0)),AND(NOT(AND(ISNUMBER(Market!$B$11),Market!$B$11<>0)),NOT(AND(ISNUMBER(Data!K28),Data!K28<>0))))),"-",((Data!$B$8*IF(AND(ISNUMBER(Market!$B$11),Market!$B$11<>0),Market!$B$11,Data!K28))+Data!K36+Data!K42)/Data!K22),"-") | L100: =IFERROR(IF(OR(NOT(ISNUMBER(Data!L22)),OR(NOT(AND(ISNUMBER(Data!$B$8),Data!$B$8<>0)),AND(NOT(AND(ISNUMBER(Market!$B$11),Market!$B$11<>0)),NOT(AND(ISNUMBER(Data!L28),Data!L28<>0))))),"-",((Data!$B$8*IF(AND(ISNUMBER(Market!$B$11),Market!$B$11<>0),Market!$B$11,Data!L28))+Data!L36+Data!L42)/Data!L22),"-") | Q100: =IFERROR(IF(OR(NOT(ISNUMBER(Data!$B$8)),NOT(ISNUMBER(Data!Q28)),NOT(ISNUMBER(Data!N22)),NOT(ISNUMBER(Data!O22)),NOT(ISNUMBER(Data!P22)),NOT(ISNUMBER(Data!Q22))),"-",(Data!$B$8*Data!Q28+Data!Q36+Data!Q42)/(Data!N22+Data!O22+Data!P22+Data!Q22)),"-") | R100: =IFERROR(IF(OR(NOT(ISNUMBER(Data!$B$8)),NOT(ISNUMBER(Data!R28)),NOT(ISNUMBER(Data!O22)),NOT(ISNUMBER(Data!P22)),NOT(ISNUMBER(Data!Q22)),NOT(ISNUMBER(Data!R22))),"-",(Data!$B$8*Data!R28+Data!R36+Data!R42)/(Data!O22+Data!P22+Data!Q22+Data!R22)),"-") | S100: =IFERROR(IF(OR(NOT(ISNUMBER(Data!$B$8)),NOT(ISNUMBER(Data!S28)),NOT(ISNUMBER(Data!P22)),NOT(ISNUMBER(Data!Q22)),NOT(ISNUMBER(Data!R22)),NOT(ISNUMBER(Data!S22))),"-",(Data!$B$8*Data!S28+Data!S36+Data!S42)/(Data!P22+Data!Q22+Data!R22+Data!S22)),"-") | T100: =IFERROR(IF(OR(NOT(ISNUMBER(Data!$B$8)),NOT(ISNUMBER(Data!T28)),NOT(ISNUMBER(Data!Q22)),NOT(ISNUMBER(Data!R22)),NOT(ISNUMBER(Data!S22)),NOT(ISNUMBER(Data!T22))),"-",(Data!$B$8*Data!T28+Data!T36+Data!T42)/(Data!Q22+Data!R22+Data!S22+Data!T22)),"-") | U100: =IFERROR(IF(OR(NOT(ISNUMBER(Data!$B$8)),NOT(ISNUMBER(Data!U28)),NOT(ISNUMBER(Data!R22)),NOT(ISNUMBER(Data!S22)),NOT(ISNUMBER(Data!T22)),NOT(ISNUMBER(Data!U22))),"-",(Data!$B$8*Data!U28+Data!U36+Data!U42)/(Data!R22+Data!S22+Data!T22+Data!U22)),"-") | V100: =IFERROR(IF(OR(NOT(ISNUMBER(Data!$B$8)),NOT(ISNUMBER(Data!V28)),NOT(ISNUMBER(Data!S22)),NOT(ISNUMBER(Data!T22)),NOT(ISNUMBER(Data!U22)),NOT(ISNUMBER(Data!V22))),"-",(Data!$B$8*Data!V28+Data!V36+Data!V42)/(Data!S22+Data!T22+Data!U22+Data!V22)),"-") | W100: =IFERROR(IF(OR(NOT(ISNUMBER(Data!$B$8)),NOT(ISNUMBER(Data!W28)),NOT(ISNUMBER(Data!T22)),NOT(ISNUMBER(Data!U22)),NOT(ISNUMBER(Data!V22)),NOT(ISNUMBER(Data!W22))),"-",(Data!$B$8*Data!W28+Data!W36+Data!W42)/(Data!T22+Data!U22+Data!V22+Data!W22)),"-") | X100: =IFERROR(IF(OR(NOT(ISNUMBER(Data!$B$8)),NOT(ISNUMBER(Data!X28)),NOT(ISNUMBER(Data!U22)),NOT(ISNUMBER(Data!V22)),NOT(ISNUMBER(Data!W22)),NOT(ISNUMBER(Data!X22))),"-",(Data!$B$8*Data!X28+Data!X36+Data!X42)/(Data!U22+Data!V22+Data!W22+Data!X22)),"-") | Y100: =IFERROR(IF(OR(NOT(ISNUMBER(Data!$B$8)),NOT(ISNUMBER(Data!Y28)),NOT(ISNUMBER(Data!V22)),NOT(ISNUMBER(Data!W22)),NOT(ISNUMBER(Data!X22)),NOT(ISNUMBER(Data!Y22))),"-",(Data!$B$8*Data!Y28+Data!Y36+Data!Y42)/(Data!V22+Data!W22+Data!X22+Data!Y22)),"-")
A101: FCF Yield | B101: =IFERROR(Data!B53/(Data!B8*Data!B28),"-") | C101: =IFERROR(IF(OR(NOT(ISNUMBER(Metrics!C31)),NOT(ISNUMBER(Data!$B$8))),"-",Metrics!C31/Data!$B$8),"-") | D101: =IFERROR(IF(OR(NOT(ISNUMBER(Data!D53)),OR(NOT(AND(ISNUMBER(Data!$B$8),Data!$B$8<>0)),AND(NOT(AND(ISNUMBER(Market!$B$11),Market!$B$11<>0)),NOT(AND(ISNUMBER(Data!D28),Data!D28<>0))))),"-",Data!D53/(Data!$B$8*IF(AND(ISNUMBER(Market!$B$11),Market!$B$11<>0),Market!$B$11,Data!D28))),"-") | E101: =IFERROR(IF(OR(NOT(ISNUMBER(Data!E53)),OR(NOT(AND(ISNUMBER(Data!$B$8),Data!$B$8<>0)),AND(NOT(AND(ISNUMBER(Market!$B$11),Market!$B$11<>0)),NOT(AND(ISNUMBER(Data!E28),Data!E28<>0))))),"-",Data!E53/(Data!$B$8*IF(AND(ISNUMBER(Market!$B$11),Market!$B$11<>0),Market!$B$11,Data!E28))),"-") | F101: =IFERROR(IF(OR(NOT(ISNUMBER(Data!F53)),OR(NOT(AND(ISNUMBER(Data!$B$8),Data!$B$8<>0)),AND(NOT(AND(ISNUMBER(Market!$B$11),Market!$B$11<>0)),NOT(AND(ISNUMBER(Data!F28),Data!F28<>0))))),"-",Data!F53/(Data!$B$8*IF(AND(ISNUMBER(Market!$B$11),Market!$B$11<>0),Market!$B$11,Data!F28))),"-") | G101: =IFERROR(IF(OR(NOT(ISNUMBER(Data!G53)),OR(NOT(AND(ISNUMBER(Data!$B$8),Data!$B$8<>0)),AND(NOT(AND(ISNUMBER(Market!$B$11),Market!$B$11<>0)),NOT(AND(ISNUMBER(Data!G28),Data!G28<>0))))),"-",Data!G53/(Data!$B$8*IF(AND(ISNUMBER(Market!$B$11),Market!$B$11<>0),Market!$B$11,Data!G28))),"-") | H101: =IFERROR(IF(OR(NOT(ISNUMBER(Data!H53)),OR(NOT(AND(ISNUMBER(Data!$B$8),Data!$B$8<>0)),AND(NOT(AND(ISNUMBER(Market!$B$11),Market!$B$11<>0)),NOT(AND(ISNUMBER(Data!H28),Data!H28<>0))))),"-",Data!H53/(Data!$B$8*IF(AND(ISNUMBER(Market!$B$11),Market!$B$11<>0),Market!$B$11,Data!H28))),"-") | I101: =IFERROR(IF(OR(NOT(ISNUMBER(Data!I53)),OR(NOT(AND(ISNUMBER(Data!$B$8),Data!$B$8<>0)),AND(NOT(AND(ISNUMBER(Market!$B$11),Market!$B$11<>0)),NOT(AND(ISNUMBER(Data!I28),Data!I28<>0))))),"-",Data!I53/(Data!$B$8*IF(AND(ISNUMBER(Market!$B$11),Market!$B$11<>0),Market!$B$11,Data!I28))),"-") | J101: =IFERROR(IF(OR(NOT(ISNUMBER(Data!J53)),OR(NOT(AND(ISNUMBER(Data!$B$8),Data!$B$8<>0)),AND(NOT(AND(ISNUMBER(Market!$B$11),Market!$B$11<>0)),NOT(AND(ISNUMBER(Data!J28),Data!J28<>0))))),"-",Data!J53/(Data!$B$8*IF(AND(ISNUMBER(Market!$B$11),Market!$B$11<>0),Market!$B$11,Data!J28))),"-") | K101: =IFERROR(IF(OR(NOT(ISNUMBER(Data!K53)),OR(NOT(AND(ISNUMBER(Data!$B$8),Data!$B$8<>0)),AND(NOT(AND(ISNUMBER(Market!$B$11),Market!$B$11<>0)),NOT(AND(ISNUMBER(Data!K28),Data!K28<>0))))),"-",Data!K53/(Data!$B$8*IF(AND(ISNUMBER(Market!$B$11),Market!$B$11<>0),Market!$B$11,Data!K28))),"-") | L101: =IFERROR(IF(OR(NOT(ISNUMBER(Data!L53)),OR(NOT(AND(ISNUMBER(Data!$B$8),Data!$B$8<>0)),AND(NOT(AND(ISNUMBER(Market!$B$11),Market!$B$11<>0)),NOT(AND(ISNUMBER(Data!L28),Data!L28<>0))))),"-",Data!L53/(Data!$B$8*IF(AND(ISNUMBER(Market!$B$11),Market!$B$11<>0),Market!$B$11,Data!L28))),"-") | Q101: =IFERROR(IF(OR(NOT(ISNUMBER(Data!N53)),NOT(ISNUMBER(Data!O53)),NOT(ISNUMBER(Data!P53)),NOT(ISNUMBER(Data!Q53)),NOT(ISNUMBER(Data!Q28)),NOT(ISNUMBER(Data!$B$8))),"-",((Data!N53+Data!O53+Data!P53+Data!Q53)/Data!Q28)/Data!$B$8),"-") | R101: =IFERROR(IF(OR(NOT(ISNUMBER(Data!O53)),NOT(ISNUMBER(Data!P53)),NOT(ISNUMBER(Data!Q53)),NOT(ISNUMBER(Data!R53)),NOT(ISNUMBER(Data!R28)),NOT(ISNUMBER(Data!$B$8))),"-",((Data!O53+Data!P53+Data!Q53+Data!R53)/Data!R28)/Data!$B$8),"-") | S101: =IFERROR(IF(OR(NOT(ISNUMBER(Data!P53)),NOT(ISNUMBER(Data!Q53)),NOT(ISNUMBER(Data!R53)),NOT(ISNUMBER(Data!S53)),NOT(ISNUMBER(Data!S28)),NOT(ISNUMBER(Data!$B$8))),"-",((Data!P53+Data!Q53+Data!R53+Data!S53)/Data!S28)/Data!$B$8),"-") | T101: =IFERROR(IF(OR(NOT(ISNUMBER(Data!Q53)),NOT(ISNUMBER(Data!R53)),NOT(ISNUMBER(Data!S53)),NOT(ISNUMBER(Data!T53)),NOT(ISNUMBER(Data!T28)),NOT(ISNUMBER(Data!$B$8))),"-",((Data!Q53+Data!R53+Data!S53+Data!T53)/Data!T28)/Data!$B$8),"-") | U101: =IFERROR(IF(OR(NOT(ISNUMBER(Data!R53)),NOT(ISNUMBER(Data!S53)),NOT(ISNUMBER(Data!T53)),NOT(ISNUMBER(Data!U53)),NOT(ISNUMBER(Data!U28)),NOT(ISNUMBER(Data!$B$8))),"-",((Data!R53+Data!S53+Data!T53+Data!U53)/Data!U28)/Data!$B$8),"-") | V101: =IFERROR(IF(OR(NOT(ISNUMBER(Data!S53)),NOT(ISNUMBER(Data!T53)),NOT(ISNUMBER(Data!U53)),NOT(ISNUMBER(Data!V53)),NOT(ISNUMBER(Data!V28)),NOT(ISNUMBER(Data!$B$8))),"-",((Data!S53+Data!T53+Data!U53+Data!V53)/Data!V28)/Data!$B$8),"-") | W101: =IFERROR(IF(OR(NOT(ISNUMBER(Data!T53)),NOT(ISNUMBER(Data!U53)),NOT(ISNUMBER(Data!V53)),NOT(ISNUMBER(Data!W53)),NOT(ISNUMBER(Data!W28)),NOT(ISNUMBER(Data!$B$8))),"-",((Data!T53+Data!U53+Data!V53+Data!W53)/Data!W28)/Data!$B$8),"-") | X101: =IFERROR(IF(OR(NOT(ISNUMBER(Data!U53)),NOT(ISNUMBER(Data!V53)),NOT(ISNUMBER(Data!W53)),NOT(ISNUMBER(Data!X53)),NOT(ISNUMBER(Data!X28)),NOT(ISNUMBER(Data!$B$8))),"-",((Data!U53+Data!V53+Data!W53+Data!X53)/Data!X28)/Data!$B$8),"-") | Y101: =IFERROR(IF(OR(NOT(ISNUMBER(Data!V53)),NOT(ISNUMBER(Data!W53)),NOT(ISNUMBER(Data!X53)),NOT(ISNUMBER(Data!Y53)),NOT(ISNUMBER(Data!Y28)),NOT(ISNUMBER(Data!$B$8))),"-",((Data!V53+Data!W53+Data!X53+Data!Y53)/Data!Y28)/Data!$B$8),"-")
A102: Earnings Yield | B102: =IFERROR(Data!B26/(Data!B8*Data!B28),"-") | C102: =IFERROR(IF(OR(NOT(ISNUMBER(Data!C27)),NOT(ISNUMBER(Data!$B$8))),"-",Data!C27/Data!$B$8),"-") | D102: =IFERROR(IF(OR(NOT(ISNUMBER(Data!D27)),NOT(ISNUMBER(Data!$B$8))),"-",(Data!D27/4)/Data!$B$8),"-") | E102: =IFERROR(IF(OR(NOT(ISNUMBER(Data!E27)),NOT(ISNUMBER(Data!$B$8))),"-",(Data!E27/4)/Data!$B$8),"-") | F102: =IFERROR(IF(OR(NOT(ISNUMBER(Data!F27)),NOT(ISNUMBER(Data!$B$8))),"-",(Data!F27/4)/Data!$B$8),"-") | G102: =IFERROR(IF(OR(NOT(ISNUMBER(Data!G27)),NOT(ISNUMBER(Data!$B$8))),"-",(Data!G27/4)/Data!$B$8),"-") | H102: =IFERROR(IF(OR(NOT(ISNUMBER(Data!H27)),NOT(ISNUMBER(Data!$B$8))),"-",(Data!H27/4)/Data!$B$8),"-") | I102: =IFERROR(IF(OR(NOT(ISNUMBER(Data!I27)),NOT(ISNUMBER(Data!$B$8))),"-",(Data!I27/4)/Data!$B$8),"-") | J102: =IFERROR(IF(OR(NOT(ISNUMBER(Data!J27)),NOT(ISNUMBER(Data!$B$8))),"-",(Data!J27/4)/Data!$B$8),"-") | K102: =IFERROR(IF(OR(NOT(ISNUMBER(Data!K27)),NOT(ISNUMBER(Data!$B$8))),"-",(Data!K27/4)/Data!$B$8),"-") | L102: =IFERROR(IF(OR(NOT(ISNUMBER(Data!L27)),NOT(ISNUMBER(Data!$B$8))),"-",(Data!L27/4)/Data!$B$8),"-") | Q102: =IFERROR(IF(OR(NOT(ISNUMBER(Data!N27)),NOT(ISNUMBER(Data!O27)),NOT(ISNUMBER(Data!P27)),NOT(ISNUMBER(Data!Q27)),NOT(ISNUMBER(Data!$B$8))),"-",(Data!N27+Data!O27+Data!P27+Data!Q27)/Data!$B$8),"-") | R102: =IFERROR(IF(OR(NOT(ISNUMBER(Data!O27)),NOT(ISNUMBER(Data!P27)),NOT(ISNUMBER(Data!Q27)),NOT(ISNUMBER(Data!R27)),NOT(ISNUMBER(Data!$B$8))),"-",(Data!O27+Data!P27+Data!Q27+Data!R27)/Data!$B$8),"-") | S102: =IFERROR(IF(OR(NOT(ISNUMBER(Data!P27)),NOT(ISNUMBER(Data!Q27)),NOT(ISNUMBER(Data!R27)),NOT(ISNUMBER(Data!S27)),NOT(ISNUMBER(Data!$B$8))),"-",(Data!P27+Data!Q27+Data!R27+Data!S27)/Data!$B$8),"-") | T102: =IFERROR(IF(OR(NOT(ISNUMBER(Data!Q27)),NOT(ISNUMBER(Data!R27)),NOT(ISNUMBER(Data!S27)),NOT(ISNUMBER(Data!T27)),NOT(ISNUMBER(Data!$B$8))),"-",(Data!Q27+Data!R27+Data!S27+Data!T27)/Data!$B$8),"-") | U102: =IFERROR(IF(OR(NOT(ISNUMBER(Data!R27)),NOT(ISNUMBER(Data!S27)),NOT(ISNUMBER(Data!T27)),NOT(ISNUMBER(Data!U27)),NOT(ISNUMBER(Data!$B$8))),"-",(Data!R27+Data!S27+Data!T27+Data!U27)/Data!$B$8),"-") | V102: =IFERROR(IF(OR(NOT(ISNUMBER(Data!S27)),NOT(ISNUMBER(Data!T27)),NOT(ISNUMBER(Data!U27)),NOT(ISNUMBER(Data!V27)),NOT(ISNUMBER(Data!$B$8))),"-",(Data!S27+Data!T27+Data!U27+Data!V27)/Data!$B$8),"-") | W102: =IFERROR(IF(OR(NOT(ISNUMBER(Data!T27)),NOT(ISNUMBER(Data!U27)),NOT(ISNUMBER(Data!V27)),NOT(ISNUMBER(Data!W27)),NOT(ISNUMBER(Data!$B$8))),"-",(Data!T27+Data!U27+Data!V27+Data!W27)/Data!$B$8),"-") | X102: =IFERROR(IF(OR(NOT(ISNUMBER(Data!U27)),NOT(ISNUMBER(Data!V27)),NOT(ISNUMBER(Data!W27)),NOT(ISNUMBER(Data!X27)),NOT(ISNUMBER(Data!$B$8))),"-",(Data!U27+Data!V27+Data!W27+Data!X27)/Data!$B$8),"-") | Y102: =IFERROR(IF(OR(NOT(ISNUMBER(Data!V27)),NOT(ISNUMBER(Data!W27)),NOT(ISNUMBER(Data!X27)),NOT(ISNUMBER(Data!Y27)),NOT(ISNUMBER(Data!$B$8))),"-",(Data!V27+Data!W27+Data!X27+Data!Y27)/Data!$B$8),"-")
A103: PEG Ratio (3Y / 5Y / 10Y EPS CAGR) | B103: =IFERROR(L95/(B156*100),"-") | C103: =IFERROR(L95/(C156*100),"-") | D103: =IFERROR(L95/(D156*100),"-")
A105: ALTMAN Z-SCORE
A106: Period | B106: =Data!B13 | C106: =Data!C13 | D106: =Data!D13 | E106: =Data!E13 | F106: =Data!F13 | G106: =Data!G13 | H106: =Data!H13 | I106: =Data!I13 | ... L106: =Data!L13 | N106: Year -2 Q1 | O106: Year -2 Q2 | P106: Year -2 Q3 | Q106: Year -2 Q4 | R106: Year -1 Q1 | S106: Year -1 Q2 | T106: Year -1 Q3 | U106: Year -1 Q4 | V106: Current Year Q1 | W106: Current Year Q2 | X106: Current Year Q3 | Y106: Current Year Q4
A107: X1: Working Capital / TA | C107: =IFERROR(IF(OR(NOT(ISNUMBER(Data!C37)),NOT(ISNUMBER(Data!C38)),NOT(ISNUMBER(Data!C39))),"-",(Data!C37-Data!C38)/Data!C39),"-") | D107: =IFERROR(IF(OR(NOT(ISNUMBER(Data!D37)),NOT(ISNUMBER(Data!D38)),NOT(ISNUMBER(Data!D39))),"-",(Data!D37-Data!D38)/Data!D39),"-") | E107: =IFERROR(IF(OR(NOT(ISNUMBER(Data!E37)),NOT(ISNUMBER(Data!E38)),NOT(ISNUMBER(Data!E39))),"-",(Data!E37-Data!E38)/Data!E39),"-") | F107: =IFERROR(IF(OR(NOT(ISNUMBER(Data!F37)),NOT(ISNUMBER(Data!F38)),NOT(ISNUMBER(Data!F39))),"-",(Data!F37-Data!F38)/Data!F39),"-") | G107: =IFERROR(IF(OR(NOT(ISNUMBER(Data!G37)),NOT(ISNUMBER(Data!G38)),NOT(ISNUMBER(Data!G39))),"-",(Data!G37-Data!G38)/Data!G39),"-") | H107: =IFERROR(IF(OR(NOT(ISNUMBER(Data!H37)),NOT(ISNUMBER(Data!H38)),NOT(ISNUMBER(Data!H39))),"-",(Data!H37-Data!H38)/Data!H39),"-") | I107: =IFERROR(IF(OR(NOT(ISNUMBER(Data!I37)),NOT(ISNUMBER(Data!I38)),NOT(ISNUMBER(Data!I39))),"-",(Data!I37-Data!I38)/Data!I39),"-") | J107: =IFERROR(IF(OR(NOT(ISNUMBER(Data!J37)),NOT(ISNUMBER(Data!J38)),NOT(ISNUMBER(Data!J39))),"-",(Data!J37-Data!J38)/Data!J39),"-") | ... L107: =IFERROR(IF(OR(NOT(ISNUMBER(Data!L37)),NOT(ISNUMBER(Data!L38)),NOT(ISNUMBER(Data!L39))),"-",(Data!L37-Data!L38)/Data!L39),"-") | Q107: =IFERROR(IF(OR(NOT(ISNUMBER(Data!Q37)),NOT(ISNUMBER(Data!Q38)),NOT(ISNUMBER(Data!Q39))),"-",(Data!Q37-Data!Q38)/Data!Q39),"-") | R107: =IFERROR(IF(OR(NOT(ISNUMBER(Data!R37)),NOT(ISNUMBER(Data!R38)),NOT(ISNUMBER(Data!R39))),"-",(Data!R37-Data!R38)/Data!R39),"-") | S107: =IFERROR(IF(OR(NOT(ISNUMBER(Data!S37)),NOT(ISNUMBER(Data!S38)),NOT(ISNUMBER(Data!S39))),"-",(Data!S37-Data!S38)/Data!S39),"-") | T107: =IFERROR(IF(OR(NOT(ISNUMBER(Data!T37)),NOT(ISNUMBER(Data!T38)),NOT(ISNUMBER(Data!T39))),"-",(Data!T37-Data!T38)/Data!T39),"-") | U107: =IFERROR(IF(OR(NOT(ISNUMBER(Data!U37)),NOT(ISNUMBER(Data!U38)),NOT(ISNUMBER(Data!U39))),"-",(Data!U37-Data!U38)/Data!U39),"-") | V107: =IFERROR(IF(OR(NOT(ISNUMBER(Data!V37)),NOT(ISNUMBER(Data!V38)),NOT(ISNUMBER(Data!V39))),"-",(Data!V37-Data!V38)/Data!V39),"-") | W107: =IFERROR(IF(OR(NOT(ISNUMBER(Data!W37)),NOT(ISNUMBER(Data!W38)),NOT(ISNUMBER(Data!W39))),"-",(Data!W37-Data!W38)/Data!W39),"-") | X107: =IFERROR(IF(OR(NOT(ISNUMBER(Data!X37)),NOT(ISNUMBER(Data!X38)),NOT(ISNUMBER(Data!X39))),"-",(Data!X37-Data!X38)/Data!X39),"-") | Y107: =IFERROR(IF(OR(NOT(ISNUMBER(Data!Y37)),NOT(ISNUMBER(Data!Y38)),NOT(ISNUMBER(Data!Y39))),"-",(Data!Y37-Data!Y38)/Data!Y39),"-")
A108: X2: Retained Earnings / TA | C108: =IFERROR(IF(OR(NOT(ISNUMBER(Data!C48)),NOT(ISNUMBER(Data!C39))),"-",Data!C48/Data!C39),"-") | D108: =IFERROR(IF(OR(NOT(ISNUMBER(Data!D48)),NOT(ISNUMBER(Data!D39))),"-",Data!D48/Data!D39),"-") | E108: =IFERROR(IF(OR(NOT(ISNUMBER(Data!E48)),NOT(ISNUMBER(Data!E39))),"-",Data!E48/Data!E39),"-") | F108: =IFERROR(IF(OR(NOT(ISNUMBER(Data!F48)),NOT(ISNUMBER(Data!F39))),"-",Data!F48/Data!F39),"-") | G108: =IFERROR(IF(OR(NOT(ISNUMBER(Data!G48)),NOT(ISNUMBER(Data!G39))),"-",Data!G48/Data!G39),"-") | H108: =IFERROR(IF(OR(NOT(ISNUMBER(Data!H48)),NOT(ISNUMBER(Data!H39))),"-",Data!H48/Data!H39),"-") | I108: =IFERROR(IF(OR(NOT(ISNUMBER(Data!I48)),NOT(ISNUMBER(Data!I39))),"-",Data!I48/Data!I39),"-") | J108: =IFERROR(IF(OR(NOT(ISNUMBER(Data!J48)),NOT(ISNUMBER(Data!J39))),"-",Data!J48/Data!J39),"-") | ... L108: =IFERROR(IF(OR(NOT(ISNUMBER(Data!L48)),NOT(ISNUMBER(Data!L39))),"-",Data!L48/Data!L39),"-") | Q108: =IFERROR(IF(OR(NOT(ISNUMBER(Data!Q48)),NOT(ISNUMBER(Data!Q39))),"-",Data!Q48/Data!Q39),"-") | R108: =IFERROR(IF(OR(NOT(ISNUMBER(Data!R48)),NOT(ISNUMBER(Data!R39))),"-",Data!R48/Data!R39),"-") | S108: =IFERROR(IF(OR(NOT(ISNUMBER(Data!S48)),NOT(ISNUMBER(Data!S39))),"-",Data!S48/Data!S39),"-") | T108: =IFERROR(IF(OR(NOT(ISNUMBER(Data!T48)),NOT(ISNUMBER(Data!T39))),"-",Data!T48/Data!T39),"-") | U108: =IFERROR(IF(OR(NOT(ISNUMBER(Data!U48)),NOT(ISNUMBER(Data!U39))),"-",Data!U48/Data!U39),"-") | V108: =IFERROR(IF(OR(NOT(ISNUMBER(Data!V48)),NOT(ISNUMBER(Data!V39))),"-",Data!V48/Data!V39),"-") | W108: =IFERROR(IF(OR(NOT(ISNUMBER(Data!W48)),NOT(ISNUMBER(Data!W39))),"-",Data!W48/Data!W39),"-") | X108: =IFERROR(IF(OR(NOT(ISNUMBER(Data!X48)),NOT(ISNUMBER(Data!X39))),"-",Data!X48/Data!X39),"-") | Y108: =IFERROR(IF(OR(NOT(ISNUMBER(Data!Y48)),NOT(ISNUMBER(Data!Y39))),"-",Data!Y48/Data!Y39),"-")
A109: X3: EBIT / TA (GAAP) | C109: =IFERROR(IF(OR(NOT(ISNUMBER(Data!C22)),NOT(ISNUMBER(Data!C39))),"-",Data!C22/Data!C39),"-") | D109: =IFERROR(IF(OR(NOT(ISNUMBER(Data!D22)),NOT(ISNUMBER(Data!D39))),"-",Data!D22/Data!D39),"-") | E109: =IFERROR(IF(OR(NOT(ISNUMBER(Data!E22)),NOT(ISNUMBER(Data!E39))),"-",Data!E22/Data!E39),"-") | F109: =IFERROR(IF(OR(NOT(ISNUMBER(Data!F22)),NOT(ISNUMBER(Data!F39))),"-",Data!F22/Data!F39),"-") | G109: =IFERROR(IF(OR(NOT(ISNUMBER(Data!G22)),NOT(ISNUMBER(Data!G39))),"-",Data!G22/Data!G39),"-") | H109: =IFERROR(IF(OR(NOT(ISNUMBER(Data!H22)),NOT(ISNUMBER(Data!H39))),"-",Data!H22/Data!H39),"-") | I109: =IFERROR(IF(OR(NOT(ISNUMBER(Data!I22)),NOT(ISNUMBER(Data!I39))),"-",Data!I22/Data!I39),"-") | J109: =IFERROR(IF(OR(NOT(ISNUMBER(Data!J22)),NOT(ISNUMBER(Data!J39))),"-",Data!J22/Data!J39),"-") | ... L109: =IFERROR(IF(OR(NOT(ISNUMBER(Data!L22)),NOT(ISNUMBER(Data!L39))),"-",Data!L22/Data!L39),"-") | Q109: =IFERROR(IF(OR(NOT(ISNUMBER(Data!N22)),NOT(ISNUMBER(Data!O22)),NOT(ISNUMBER(Data!P22)),NOT(ISNUMBER(Data!Q22)),NOT(ISNUMBER(Data!Q39))),"-",(Data!N22+Data!O22+Data!P22+Data!Q22)/Data!Q39),"-") | R109: =IFERROR(IF(OR(NOT(ISNUMBER(Data!O22)),NOT(ISNUMBER(Data!P22)),NOT(ISNUMBER(Data!Q22)),NOT(ISNUMBER(Data!R22)),NOT(ISNUMBER(Data!R39))),"-",(Data!O22+Data!P22+Data!Q22+Data!R22)/Data!R39),"-") | S109: =IFERROR(IF(OR(NOT(ISNUMBER(Data!P22)),NOT(ISNUMBER(Data!Q22)),NOT(ISNUMBER(Data!R22)),NOT(ISNUMBER(Data!S22)),NOT(ISNUMBER(Data!S39))),"-",(Data!P22+Data!Q22+Data!R22+Data!S22)/Data!S39),"-") | T109: =IFERROR(IF(OR(NOT(ISNUMBER(Data!Q22)),NOT(ISNUMBER(Data!R22)),NOT(ISNUMBER(Data!S22)),NOT(ISNUMBER(Data!T22)),NOT(ISNUMBER(Data!T39))),"-",(Data!Q22+Data!R22+Data!S22+Data!T22)/Data!T39),"-") | U109: =IFERROR(IF(OR(NOT(ISNUMBER(Data!R22)),NOT(ISNUMBER(Data!S22)),NOT(ISNUMBER(Data!T22)),NOT(ISNUMBER(Data!U22)),NOT(ISNUMBER(Data!U39))),"-",(Data!R22+Data!S22+Data!T22+Data!U22)/Data!U39),"-") | V109: =IFERROR(IF(OR(NOT(ISNUMBER(Data!S22)),NOT(ISNUMBER(Data!T22)),NOT(ISNUMBER(Data!U22)),NOT(ISNUMBER(Data!V22)),NOT(ISNUMBER(Data!V39))),"-",(Data!S22+Data!T22+Data!U22+Data!V22)/Data!V39),"-") | W109: =IFERROR(IF(OR(NOT(ISNUMBER(Data!T22)),NOT(ISNUMBER(Data!U22)),NOT(ISNUMBER(Data!V22)),NOT(ISNUMBER(Data!W22)),NOT(ISNUMBER(Data!W39))),"-",(Data!T22+Data!U22+Data!V22+Data!W22)/Data!W39),"-") | X109: =IFERROR(IF(OR(NOT(ISNUMBER(Data!U22)),NOT(ISNUMBER(Data!V22)),NOT(ISNUMBER(Data!W22)),NOT(ISNUMBER(Data!X22)),NOT(ISNUMBER(Data!X39))),"-",(Data!U22+Data!V22+Data!W22+Data!X22)/Data!X39),"-") | Y109: =IFERROR(IF(OR(NOT(ISNUMBER(Data!V22)),NOT(ISNUMBER(Data!W22)),NOT(ISNUMBER(Data!X22)),NOT(ISNUMBER(Data!Y22)),NOT(ISNUMBER(Data!Y39))),"-",(Data!V22+Data!W22+Data!X22+Data!Y22)/Data!Y39),"-")
A110: X4: Equity / TL (book proxy) | C110: =IFERROR(IF(OR(NOT(ISNUMBER(Data!C41)),NOT(ISNUMBER(Data!C40))),"-",Data!C41/Data!C40),"-") | D110: =IFERROR(IF(OR(NOT(ISNUMBER(Data!D41)),NOT(ISNUMBER(Data!D40))),"-",Data!D41/Data!D40),"-") | E110: =IFERROR(IF(OR(NOT(ISNUMBER(Data!E41)),NOT(ISNUMBER(Data!E40))),"-",Data!E41/Data!E40),"-") | F110: =IFERROR(IF(OR(NOT(ISNUMBER(Data!F41)),NOT(ISNUMBER(Data!F40))),"-",Data!F41/Data!F40),"-") | G110: =IFERROR(IF(OR(NOT(ISNUMBER(Data!G41)),NOT(ISNUMBER(Data!G40))),"-",Data!G41/Data!G40),"-") | H110: =IFERROR(IF(OR(NOT(ISNUMBER(Data!H41)),NOT(ISNUMBER(Data!H40))),"-",Data!H41/Data!H40),"-") | I110: =IFERROR(IF(OR(NOT(ISNUMBER(Data!I41)),NOT(ISNUMBER(Data!I40))),"-",Data!I41/Data!I40),"-") | J110: =IFERROR(IF(OR(NOT(ISNUMBER(Data!J41)),NOT(ISNUMBER(Data!J40))),"-",Data!J41/Data!J40),"-") | ... L110: =IFERROR(IF(OR(NOT(ISNUMBER(Data!L41)),NOT(ISNUMBER(Data!L40))),"-",Data!L41/Data!L40),"-") | Q110: =IFERROR(IF(OR(NOT(ISNUMBER(Data!Q41)),NOT(ISNUMBER(Data!Q40))),"-",Data!Q41/Data!Q40),"-") | R110: =IFERROR(IF(OR(NOT(ISNUMBER(Data!R41)),NOT(ISNUMBER(Data!R40))),"-",Data!R41/Data!R40),"-") | S110: =IFERROR(IF(OR(NOT(ISNUMBER(Data!S41)),NOT(ISNUMBER(Data!S40))),"-",Data!S41/Data!S40),"-") | T110: =IFERROR(IF(OR(NOT(ISNUMBER(Data!T41)),NOT(ISNUMBER(Data!T40))),"-",Data!T41/Data!T40),"-") | U110: =IFERROR(IF(OR(NOT(ISNUMBER(Data!U41)),NOT(ISNUMBER(Data!U40))),"-",Data!U41/Data!U40),"-") | V110: =IFERROR(IF(OR(NOT(ISNUMBER(Data!V41)),NOT(ISNUMBER(Data!V40))),"-",Data!V41/Data!V40),"-") | W110: =IFERROR(IF(OR(NOT(ISNUMBER(Data!W41)),NOT(ISNUMBER(Data!W40))),"-",Data!W41/Data!W40),"-") | X110: =IFERROR(IF(OR(NOT(ISNUMBER(Data!X41)),NOT(ISNUMBER(Data!X40))),"-",Data!X41/Data!X40),"-") | Y110: =IFERROR(IF(OR(NOT(ISNUMBER(Data!Y41)),NOT(ISNUMBER(Data!Y40))),"-",Data!Y41/Data!Y40),"-")
...

Sheet Peers
A2: Company | B2: Palo Alto Networks, Inc. | C2: SentinelOne, Inc. | D2: Zscaler, Inc. | E2: Fortinet, Inc. | M2: market-researcher | peer-researcher | as-of:
A3: Ticker | B3: PANW | C3: S | D3: ZS | E3: FTNT | M3: market-researcher | peer-researcher | as-of:
A4: Accounting Std. | B4: US GAAP | C4: US GAAP | D4: US GAAP | E4: US GAAP | M4: market-researcher | peer-researcher | as-of:
A5: Fiscal Year End | B5: July | C5: January | D5: July | E5: December | M5: market-researcher | peer-researcher | as-of:
A6: Filing Type | B6: 10-K | C6: 10-K | D6: 10-K | E6: 10-K | M6: market-researcher | peer-researcher | as-of:
A7: Period | B7: FY2025 (Jul) | C7: FY2026 (Jan) | D7: FY2025 (Jul) | E7: FY2025 (Dec) | M7: market-researcher | peer-researcher | as-of:
A8: P&L METRICS
A10: Revenue ($M) | B10: 9221.5 | C10: 1001.3 | D10: 2673.1 | E10: 6799.6 | M10: market-researcher | peer-researcher | as-of:
A11: EBIT Margin | B11: 13.5 | C11: -32.1 | D11: -4.8 | E11: 30.7 | M11: market-researcher | peer-researcher | as-of:
A12: EBITDA Margin | B12: 17.2 | C12: -26.6 | D12: -0.3 | E12: 32.9 | M12: market-researcher | peer-researcher | as-of:
A13: Net Margin | B13: 12.3 | C13: -45 | D13: -1.6 | E13: 27.3 | M13: market-researcher | peer-researcher | as-of:
A14: Gross Margin | B14: 73.4 | C14: 74.1 | D14: 76.9 | E14: 80.5 | M14: market-researcher | peer-researcher | as-of:
A15: FCF Margin | B15: 37.6 | C15: 5.2 | D15: 27.2 | E15: 32.7 | M15: market-researcher | peer-researcher | as-of:
A16: RETURNS & EFFICIENCY
A17: ROIC | B17: 12.5 | C17: -17.7 | D17: -2.9 | E17: 73.7 | M17: market-researcher | peer-researcher | as-of:
A18: ROE | B18: 17.5 | C18: -29 | D18: -2.7 | E18: 135.7 | M18: market-researcher | peer-researcher | as-of:
A19: ROA | B19: 5.2 | C19: -18.6 | D19: -0.7 | E19: 18.4 | M19: market-researcher | peer-researcher | as-of:
A20: Asset Turnover | B20: 0.42 | C20: 0.41 | D20: 0.48 | E20: 0.67 | M20: market-researcher | peer-researcher | as-of:
A21: LEVERAGE
A22: Net Debt / EBITDA | B22: -1.4 | E22: -0.7 | M22: market-researcher | peer-researcher | as-of:
A23: Debt / Equity | B23: 0 | C23: 0 | D23: 0.95 | E23: 0.81 | M23: market-researcher | peer-researcher | as-of:
A24: Interest Coverage | B24: 414.3 | E24: 103.7 | M24: market-researcher | peer-researcher | as-of:
A25: Current Ratio | B25: 0.94 | C25: 1.39 | D25: 2.01 | E25: 1.17 | M25: market-researcher | peer-researcher | as-of:
A26: VALUATION MULTIPLES
A27: EV / EBITDA
A28: P / E
A29: FCF Yield
A30: WORKING CAPITAL
A31: Days Sales Outstanding | B31: 117.4 | C31: 105.4 | D31: 135.5 | E31: 90.8 | M31: market-researcher | peer-researcher | as-of:
A32: Days Inventory Outstanding | E32: 109.7 | M32: market-researcher | peer-researcher | as-of:
A33: Days Payables Outstanding | B33: 34.6 | C33: 14.5 | D33: 27.7 | E33: 63.4 | M33: market-researcher | peer-researcher | as-of:
A34: Cash Conversion Cycle | B34: 82.8 | C34: 90.9 | D34: 107.8 | E34: 137.1 | M34: market-researcher | peer-researcher | as-of:
A35: CapEx / Revenue | B35: 2.7 | C35: 2.5 | D35: 9.2 | E35: 5.4 | M35: market-researcher | peer-researcher | as-of:
A49: DATA QUALITY FLAGS
A50: Revenue | B50: PERIOD_LAG_6M | C50: OK_ALIGNED | D50: PERIOD_LAG_6M | E50: PERIOD_LAG_1M | M50: market-researcher | peer-researcher | as-of:
A51: EBIT Margin | B51: OK | C51: OK | D51: OK | E51: OK | M51: market-researcher | peer-researcher | as-of:
A52: EBITDA Margin | B52: COMPUTED | C52: COMPUTED | D52: COMPUTED | E52: COMPUTED | M52: market-researcher | peer-researcher | as-of:
A53: Net Margin
A54: Gross Margin
A55: FCF Margin
A56: ROIC | B56: COMPUTED | C56: COMPUTED | D56: COMPUTED | E56: COMPUTED_GENUINE_EXTREME | M56: market-researcher | peer-researcher | as-of:
A57: ROE
A58: ROA
A59: Asset Turnover
A60: Net Debt / EBITDA | B60: OK | C60: NM_NEGATIVE_EBITDA | D60: NM_NEGATIVE_EBITDA | E60: OK | M60: market-researcher | peer-researcher | as-of:
A61: EV / EBITDA | B61: MARKET_SOURCED_UNAVAILABLE | C61: MARKET_SOURCED_UNAVAILABLE | D61: MARKET_SOURCED_UNAVAILABLE | E61: MARKET_SOURCED_UNAVAILABLE | M61: market-researcher | peer-researcher | as-of:
A62: P / E

Sheet PriceHistory
A2: Month | B2: CRWD adjClose | C2: SPY adjClose (market proxy)
A3: 2020-08 | B3: 31.4325 | C3: 321.58602
A4: 2020-09 | B4: 34.33 | C4: 309.55925
A5: 2020-10 | B5: 30.96 | C5: 301.84083
A6: 2020-11 | B6: 38.32 | C6: 334.67413
A7: 2020-12 | B7: 52.955 | C7: 347.07916
A8: 2021-01 | B8: 53.95 | C8: 343.54228
A9: 2021-02 | B9: 54 | C9: 353.09466
A10: 2021-03 | B10: 45.6275 | C10: 369.12694
A11: 2021-04 | B11: 52.1275 | C11: 388.65761
A12: 2021-05 | B12: 55.5375 | C12: 391.20954
A13: 2021-06 | B13: 62.8275 | C13: 400.00109
A14: 2021-07 | B14: 63.4025 | C14: 409.7661
... A75: 2026-08 | B75: 214.42 | C75: 773.26

Sheet ChartData
D3: =AVERAGE(Metrics!$D$6:$L$6) | E3: =AVERAGE(Metrics!$D$6:$L$6) | F3: =AVERAGE(Metrics!$D$6:$L$6) | G3: =AVERAGE(Metrics!$D$6:$L$6) | H3: =AVERAGE(Metrics!$D$6:$L$6) | I3: =AVERAGE(Metrics!$D$6:$L$6) | J3: =AVERAGE(Metrics!$D$6:$L$6) | K3: =AVERAGE(Metrics!$D$6:$L$6) | L3: =AVERAGE(Metrics!$D$6:$L$6)
